Workbook
Name cg_codBarras: [1]Configurações!#REF!
Name cg_codBarras: #REF!
Name cg_corBarras: #REF!
Name cg_corMiolo: #REF!
Name g360_codBarras: [1]Configurações!#REF!
Name g360_codBarras: #REF!
Name Print_Area: ' Qualidade (Notas)'!$A$1:$G$103
Name Print_Area: Analise!$A$3:$Y$159
Name Print_Area: 'Qualidade (Item)'!$A$1:$G$103

Sheet Respostas
D1: Questões do Conscienciograma
F3: Esta Coluna é livre para Anotações Pessoais
C4: Seção e FA | D4: Questão | E4: Notas | G4: Trafores | H4: Trafares | I4: Trafais
C5: SOMA - FA 01 INTRASSOMATICIDADE (Conscin e Soma) | D5: 01. Uma conscin doente, suicida lenta, sem atenuantes cosmoéticas nem justificações (Nota: zero absoluto neste Item e, provavelmente, em toda esta FA de Avaliação). | E5: Selecione a Nota aqui.
C6: SOMA - FA 01 INTRASSOMATICIDADE (Conscin e Soma) | D6: 02. Qual a análise que você faz do seu biótipo? Qual a sua constituição física, a sua personalidade, o seu ser holossomático? | E6: Selecione a Nota aqui.
C7: SOMA - FA 01 INTRASSOMATICIDADE (Conscin e Soma) | D7: 03. Quais as suas identificações com o novo soma? Você é destro, canhoto ou ambidestro? Como está a sua saúde? Em que nível e de que natureza são as suas doenças ou deficiências? | E7: Selecione a Nota aqui.
C8: SOMA - FA 01 INTRASSOMATICIDADE (Conscin e Soma) | D8: 04. Na condição de Homo humanus, como considera o seu soma: um mecanismo de átomos ou prótese da consciência? | E8: Selecione a Nota aqui.
C9: SOMA - FA 01 INTRASSOMATICIDADE (Conscin e Soma) | D9: 05. Quais as suas aplicações do soma, sadias ou doentias? Já passou por cirurgias úteis, inevitáveis, ou cirurgias dispensáveis? | E9: Selecione a Nota aqui.
C10: SOMA - FA 01 INTRASSOMATICIDADE (Conscin e Soma) | D10: 06. Quais são as suas reações às três higienes, física, mental e consciencial, à indiferença, às autoflagelações, aos narcisismos e às deficiências físicas? | E10: Selecione a Nota aqui.
C11: SOMA - FA 01 INTRASSOMATICIDADE (Conscin e Soma) | D11: 07. Que visual você mantém habitualmente: simples, comedido, austero, displicente, enfeitado, requintado ou exagerado? | E11: Selecione a Nota aqui.
C12: SOMA - FA 01 INTRASSOMATICIDADE (Conscin e Soma) | D12: 08. Quais os seus cuidados com o soma? São eles normais ou excessivos, com ou sem abusos conscientes ou inconscientes? | E12: Selecione a Nota aqui.
C13: SOMA - FA 01 INTRASSOMATICIDADE (Conscin e Soma) | D13: 09. Você mantém a integridade autoconsciente do soma? Já abusou de mutilações, tóxicos, tatuagens, pinturas tóxicas, malhações, anabolizantes, dietas irracionais, bulimia ou excessos? | E13: Selecione a Nota aqui.
C14: SOMA - FA 01 INTRASSOMATICIDADE (Conscin e Soma) | D14: 10. Quais as suas corrupções físicas perante os vícios, o tabagismo, as drogas, a gula, o sexo e os esportes radicais? | E14: Selecione a Nota aqui.
C15: SOMA - FA 01 INTRASSOMATICIDADE (Conscin e Soma) | D15: 11. Como vive você com o seu organismo, os seus instintos, as suas autodefesas, as falhas mecânicas e os desvios humanos? | E15: Selecione a Nota aqui.
C16: SOMA - FA 01 INTRASSOMATICIDADE (Conscin e Soma) | D16: 12. Qual a sua posição perante os conceitos de normalidade? Você se julga com superioridade ou com inferioridade física? | E16: Selecione a Nota aqui.
... C2004: UNIVERSALIDADE - FA 100 HOLOCARMALIDADE (Carma Integral) | D2004: 2000. Uma conscin com largo saldo positivo no balanço holocármico (Nota: vinte com louvor neste Item). | E2004: Selecione a Nota aqui.
A2006: Selecione a Nota aqui.
A2007: 0
A2008: 0.05 | C2008: Planilha Recin I
A2009: 0.1 | C2009: Planilha Recin II
A2010: 0.15 | C2010: Para desbloquear a planilha
A2011: 0.2
A2012: 0.25
A2013: 0.3
A2014: 0.35
A2015: 0.4
A2016: 0.45
A2017: 0.5
A2018: 0.55
A2019: 0.6
A2020: 0.65
A2021: 0.7
A2022: 0.75
... A2027: 1
A2028: na
A2029: -1

Sheet Analise
U1: AVALIAÇÃO VALORATIVA DA CONSCIÊNCIA
V9: MEGATRAFOR - MEGATRAFAR | X9: ESCALA EVOLUTIVA DAS CONSCIÊNCIAS
T11: 1 | U11: =INDEX($XFB$11:$XFB$20,MATCH(LARGE($XFC$11:$XFC$20,T11),$XFC$11:$XFC$20,0)) -> 0 | V11: =INDEX($XFA$11:$XFA$20,MATCH(LARGE($XFC$11:$XFC$20,T11),$XFC$11:$XFC$20,0)) -> SOMA | Y11: 0.1 | Z11: CONSRÉU TRANSMIGRADA | AG11: =$Y$41 -> 0 | AH11: =$V$41 -> SOMA | AI11: =COUNTIF($AG$11:$AG$20,">"&AG11)+COUNTIF($AG$11:AG11,AG11) -> 1 | XFA11: =$V$41 -> SOMA | XFB11: =$Y$41 -> 0 | XFC11: =XFB11+(11-ROW())/1000000 -> 0
T12: 2 | U12: =INDEX($XFB$11:$XFB$20,MATCH(LARGE($XFC$11:$XFC$20,T12),$XFC$11:$XFC$20,0)) -> 0 | V12: =INDEX($XFA$11:$XFA$20,MATCH(LARGE($XFC$11:$XFC$20,T12),$XFC$11:$XFC$20,0)) -> BIOENERGÉTICA | Y12: 0.2 | Z12: CONSRÉU RESSOMADA | AG12: =$Y$53 -> 0 | AH12: =$V$53 -> BIOENERGÉTICA | AI12: =COUNTIF($AG$11:$AG$20,">"&AG12)+COUNTIF($AG$11:AG12,AG12) -> 2 | XFA12: =$V$53 -> BIOENERGÉTICA | XFB12: =$Y$53 -> 0 | XFC12: =XFB12+(11-ROW())/1000000 -> -1e-06
T13: 3 | U13: =INDEX($XFB$11:$XFB$20,MATCH(LARGE($XFC$11:$XFC$20,T13),$XFC$11:$XFC$20,0)) -> 0 | V13: =INDEX($XFA$11:$XFA$20,MATCH(LARGE($XFC$11:$XFC$20,T13),$XFC$11:$XFC$20,0)) -> ANTIEMOCIONALIDADE | Y13: 0.25 | Z13: PRÉ-SERENÃO VULGAR | AG13: =$Y$65 -> 0 | AH13: =$V$77 -> RACIONALIDADE | AI13: =COUNTIF($AG$11:$AG$20,">"&AG13)+COUNTIF($AG$11:AG13,AG13) -> 3 | XFA13: =$V$65 -> ANTIEMOCIONALIDADE | XFB13: =$Y$65 -> 0 | XFC13: =XFB13+(11-ROW())/1000000 -> -2e-06
T14: 4 | U14: =INDEX($XFB$11:$XFB$20,MATCH(LARGE($XFC$11:$XFC$20,T14),$XFC$11:$XFC$20,0)) -> 0 | V14: =INDEX($XFA$11:$XFA$20,MATCH(LARGE($XFC$11:$XFC$20,T14),$XFC$11:$XFC$20,0)) -> RACIONALIDADE | Y14: 0.25 | Z14: ISCA INCONSCIENTE | AG14: =$Y$77 -> 0 | AH14: =$V$89 -> LIDERANÇA | AI14: =COUNTIF($AG$11:$AG$20,">"&AG14)+COUNTIF($AG$11:AG14,AG14) -> 4 | XFA14: =$V$77 -> RACIONALIDADE | XFB14: =$Y$77 -> 0 | XFC14: =XFB14+(11-ROW())/1000000 -> -3e-06
T15: 5 | U15: =INDEX($XFB$11:$XFB$20,MATCH(LARGE($XFC$11:$XFC$20,T15),$XFC$11:$XFC$20,0)) -> 0 | V15: =INDEX($XFA$11:$XFA$20,MATCH(LARGE($XFC$11:$XFC$20,T15),$XFC$11:$XFC$20,0)) -> LIDERANÇA | Y15: 0.25 | Z15: TENEPESSISTA | AG15: =$Y$89 -> 0 | AH15: =$V$101 -> COMUNICABILIDADE | AI15: =COUNTIF($AG$11:$AG$20,">"&AG15)+COUNTIF($AG$11:AG15,AG15) -> 5 | XFA15: =$V$89 -> LIDERANÇA | XFB15: =$Y$89 -> 0 | XFC15: =XFB15+(11-ROW())/1000000 -> -4e-06
T16: 6 | U16: =INDEX($XFB$11:$XFB$20,MATCH(LARGE($XFC$11:$XFC$20,T16),$XFC$11:$XFC$20,0)) -> 0 | V16: =INDEX($XFA$11:$XFA$20,MATCH(LARGE($XFC$11:$XFC$20,T16),$XFC$11:$XFC$20,0)) -> COMUNICABILIDADE | Y16: 0.3 | Z16: PROJETO CONSCIENTE | AG16: =$Y$101 -> 0 | AH16: =$V$113 -> PRIORIZAÇÃO | AI16: =COUNTIF($AG$11:$AG$20,">"&AG16)+COUNTIF($AG$11:AG16,AG16) -> 6 | XFA16: =$V$101 -> COMUNICABILIDADE | XFB16: =$Y$101 -> 0 | XFC16: =XFB16+(11-ROW())/1000000 -> -5e-06
T17: 7 | U17: =INDEX($XFB$11:$XFB$20,MATCH(LARGE($XFC$11:$XFC$20,T17),$XFC$11:$XFC$20,0)) -> 0 | V17: =INDEX($XFA$11:$XFA$20,MATCH(LARGE($XFC$11:$XFC$20,T17),$XFC$11:$XFC$20,0)) -> PRIORIZAÇÃO | Y17: 0.35 | Z17: EPICON LÚCIDO | AG17: =$Y$113 -> 0 | AH17: =$V$125 -> COERÊNCIA | AI17: =COUNTIF($AG$11:$AG$20,">"&AG17)+COUNTIF($AG$11:AG17,AG17) -> 7 | XFA17: =$V$113 -> PRIORIZAÇÃO | XFB17: =$Y$113 -> 0 | XFC17: =XFB17+(11-ROW())/1000000 -> -6e-06
T18: 8 | U18: =INDEX($XFB$11:$XFB$20,MATCH(LARGE($XFC$11:$XFC$20,T18),$XFC$11:$XFC$20,0)) -> 0 | V18: =INDEX($XFA$11:$XFA$20,MATCH(LARGE($XFC$11:$XFC$20,T18),$XFC$11:$XFC$20,0)) -> COERÊNCIA | Y18: 0.4 | Z18: CONSCIENCIÓLOGO | AG18: =$Y$125 -> 0 | AH18: =$V$137 -> CONSCIENCIALIDADE | AI18: =COUNTIF($AG$11:$AG$20,">"&AG18)+COUNTIF($AG$11:AG18,AG18) -> 8 | XFA18: =$V$125 -> COERÊNCIA | XFB18: =$Y$125 -> 0 | XFC18: =XFB18+(11-ROW())/1000000 -> -7e-06
T19: 9 | U19: =INDEX($XFB$11:$XFB$20,MATCH(LARGE($XFC$11:$XFC$20,T19),$XFC$11:$XFC$20,0)) -> 0 | V19: =INDEX($XFA$11:$XFA$20,MATCH(LARGE($XFC$11:$XFC$20,T19),$XFC$11:$XFC$20,0)) -> CONSCIENCIALIDADE | Y19: 0.5 | Z19: DESPERTO | AG19: =$Y$137 -> 0 | AH19: =$V$149 -> UNIVERSALIDADE | AI19: =COUNTIF($AG$11:$AG$20,">"&AG19)+COUNTIF($AG$11:AG19,AG19) -> 9 | XFA19: =$V$137 -> CONSCIENCIALIDADE | XFB19: =$Y$137 -> 0 | XFC19: =XFB19+(11-ROW())/1000000 -> -8e-06
T20: 10 | U20: =INDEX($XFB$11:$XFB$20,MATCH(LARGE($XFC$11:$XFC$20,T20),$XFC$11:$XFC$20,0)) -> 0 | V20: =INDEX($XFA$11:$XFA$20,MATCH(LARGE($XFC$11:$XFC$20,T20),$XFC$11:$XFC$20,0)) -> UNIVERSALIDADE | Y20: 0.6 | Z20: SEMICONSCIEX | AG20: =$Y$149 -> 0 | AH20: =$V$149 -> UNIVERSALIDADE | AI20: =COUNTIF($AG$11:$AG$20,">"&AG20)+COUNTIF($AG$11:AG20,AG20) -> 10 | XFA20: =$V$149 -> UNIVERSALIDADE | XFB20: =$Y$149 -> 0 | XFC20: =XFB20+(11-ROW())/1000000 -> -9e-06
Y21: 0.65 | Z21: TELEGUIADO AUTOCRÍTICO
Y22: 0.75 | Z22: EVOLUCIÓLOGO
Y23: 1 | Z23: SERENÃO
Y24: INFINITO | Z24: CONSCIÊNCIA LIVRE
V29: Nota Total do Conscienciograma | W29: =SUM(W42:W159)/(2000-COUNTIF(Respostas!E5:E2004,"na")) -> 0
V30: Folha de Avaliação Megatrafar: | W30: =W29-W34 -> -0.005 | Y30: variação abaixo da média
V31: Megatrafor: | W31: =W29+W34 -> 0.005 | Y31: variação acima da média
V32: Pergunta Megatrafar: | W32: 0.25 | Y32: abaixo
V33: Megatrafor: | W33: 0.4 | Y33: acima
V34: Variação em torno da média de : | W34: 0.005 | Y34: erro nas respostas
B35: MAPA DE AVALIAÇÃO GLOBAL DA CONSCIÊNCIA | X35: NA - Não Aplicado
AA40: 10
B41: 1 | C41: 2 | D41: 3 | E41: 4 | F41: 5 | G41: 6 | H41: 7 | I41: 8 | J41: 9 | K41: 10 | L41: 11 | M41: 12 | N41: 13 | O41: 14 | P41: 15 | Q41: 16 | R41: 17 | S41: 18 | T41: 19 | U41: 20 | V41: SOMA | W41: ST | X41: T | Y41: =SUM(W42:W51)/(IF(COUNTIF(X42:X51,">0")>0,COUNTIF(X42:X51,">0"),1)*20*1) -> 0
A42: 1 | B42: =IF(OR(Respostas!$E5="",Respostas!$E5="Selecione a Nota aqui."),0,Respostas!$E5) -> 0 | C42: =IF(OR(Respostas!$E6="",Respostas!$E6="Selecione a Nota aqui."),0,Respostas!$E6) -> 0 | D42: =IF(OR(Respostas!$E7="",Respostas!$E7="Selecione a Nota aqui."),0,Respostas!$E7) -> 0 | E42: =IF(OR(Respostas!$E8="",Respostas!$E8="Selecione a Nota aqui."),0,Respostas!$E8) -> 0 | F42: =IF(OR(Respostas!$E9="",Respostas!$E9="Selecione a Nota aqui."),0,Respostas!$E9) -> 0 | G42: =IF(OR(Respostas!$E10="",Respostas!$E10="Selecione a Nota aqui."),0,Respostas!$E10) -> 0 | H42: =IF(OR(Respostas!$E11="",Respostas!$E11="Selecione a Nota aqui."),0,Respostas!$E11) -> 0 | I42: =IF(OR(Respostas!$E12="",Respostas!$E12="Selecione a Nota aqui."),0,Respostas!$E12) -> 0 | J42: =IF(OR(Respostas!$E13="",Respostas!$E13="Selecione a Nota aqui."),0,Respostas!$E13) -> 0 | K42: =IF(OR(Respostas!$E14="",Respostas!$E14="Selecione a Nota aqui."),0,Respostas!$E14) -> 0 | L42: =IF(OR(Respostas!$E15="",Respostas!$E15="Selecione a Nota aqui."),0,Respostas!$E15) -> 0 | M42: =IF(OR(Respostas!$E16="",Respostas!$E16="Selecione a Nota aqui."),0,Respostas!$E16) -> 0 | N42: =IF(OR(Respostas!$E17="",Respostas!$E17="Selecione a Nota aqui."),0,Respostas!$E17) -> 0 | O42: =IF(OR(Respostas!$E18="",Respostas!$E18="Selecione a Nota aqui."),0,Respostas!$E18) -> 0 | P42: =IF(OR(Respostas!$E19="",Respostas!$E19="Selecione a Nota aqui."),0,Respostas!$E19) -> 0 | Q42: =IF(OR(Respostas!$E20="",Respostas!$E20="Selecione a Nota aqui."),0,Respostas!$E20) -> 0 | R42: =IF(OR(Respostas!$E21="",Respostas!$E21="Selecione a Nota aqui."),0,Respostas!$E21) -> 0 | S42: =IF(OR(Respostas!$E22="",Respostas!$E22="Selecione a Nota aqui."),0,Respostas!$E22) -> 0 | T42: =IF(OR(Respostas!$E23="",Respostas!$E23="Selecione a Nota aqui."),0,Respostas!$E23) -> 0 | U42: =IF(OR(Respostas!$E24="",Respostas!$E24="Selecione a Nota aqui."),0,Respostas!$E24) -> 0 | V42: Intrassomaticidade (Conscin e Soma) | W42: =IF(COUNTIF(B42:U42,"na")=20,"na",SUM(B42:U42)) -> 0 | X42: =IF(W42="na",0,W42/((20-COUNTIF(B42:U42,"na"))*1)) -> 0 | AD42: =AE42*100 -> 0 | AE42: =X42 -> 0
A43: 2 | B43: =IF(OR(Respostas!$E25="",Respostas!$E25="Selecione a Nota aqui."),0,Respostas!$E25) -> 0 | C43: =IF(OR(Respostas!$E26="",Respostas!$E26="Selecione a Nota aqui."),0,Respostas!$E26) -> 0 | D43: =IF(OR(Respostas!$E27="",Respostas!$E27="Selecione a Nota aqui."),0,Respostas!$E27) -> 0 | E43: =IF(OR(Respostas!$E28="",Respostas!$E28="Selecione a Nota aqui."),0,Respostas!$E28) -> 0 | F43: =IF(OR(Respostas!$E29="",Respostas!$E29="Selecione a Nota aqui."),0,Respostas!$E29) -> 0 | G43: =IF(OR(Respostas!$E30="",Respostas!$E30="Selecione a Nota aqui."),0,Respostas!$E30) -> 0 | H43: =IF(OR(Respostas!$E31="",Respostas!$E31="Selecione a Nota aqui."),0,Respostas!$E31) -> 0 | I43: =IF(OR(Respostas!$E32="",Respostas!$E32="Selecione a Nota aqui."),0,Respostas!$E32) -> 0 | J43: =IF(OR(Respostas!$E33="",Respostas!$E33="Selecione a Nota aqui."),0,Respostas!$E33) -> 0 | K43: =IF(OR(Respostas!$E34="",Respostas!$E34="Selecione a Nota aqui."),0,Respostas!$E34) -> 0 | L43: =IF(OR(Respostas!$E35="",Respostas!$E35="Selecione a Nota aqui."),0,Respostas!$E35) -> 0 | M43: =IF(OR(Respostas!$E36="",Respostas!$E36="Selecione a Nota aqui."),0,Respostas!$E36) -> 0 | N43: =IF(OR(Respostas!$E37="",Respostas!$E37="Selecione a Nota aqui."),0,Respostas!$E37) -> 0 | O43: =IF(OR(Respostas!$E38="",Respostas!$E38="Selecione a Nota aqui."),0,Respostas!$E38) -> 0 | P43: =IF(OR(Respostas!$E39="",Respostas!$E39="Selecione a Nota aqui."),0,Respostas!$E39) -> 0 | Q43: =IF(OR(Respostas!$E40="",Respostas!$E40="Selecione a Nota aqui."),0,Respostas!$E40) -> 0 | R43: =IF(OR(Respostas!$E41="",Respostas!$E41="Selecione a Nota aqui."),0,Respostas!$E41) -> 0 | S43: =IF(OR(Respostas!$E42="",Respostas!$E42="Selecione a Nota aqui."),0,Respostas!$E42) -> 0 | T43: =IF(OR(Respostas!$E43="",Respostas!$E43="Selecione a Nota aqui."),0,Respostas!$E43) -> 0 | U43: =IF(OR(Respostas!$E44="",Respostas!$E44="Selecione a Nota aqui."),0,Respostas!$E44) -> 0 | V43: Hereditariedade (Paragenética e Genética) | W43: =IF(COUNTIF(B43:U43,"na")=20,"na",SUM(B43:U43)) -> 0 | X43: =IF(W43="na",0,W43/((20-COUNTIF(B43:U43,"na"))*1)) -> 0 | AD43: =AE43*100 -> 0
A44: 3 | B44: =IF(OR(Respostas!$E45="",Respostas!$E45="Selecione a Nota aqui."),0,Respostas!$E45) -> 0 | C44: =IF(OR(Respostas!$E46="",Respostas!$E46="Selecione a Nota aqui."),0,Respostas!$E46) -> 0 | D44: =IF(OR(Respostas!$E47="",Respostas!$E47="Selecione a Nota aqui."),0,Respostas!$E47) -> 0 | E44: =IF(OR(Respostas!$E48="",Respostas!$E48="Selecione a Nota aqui."),0,Respostas!$E48) -> 0 | F44: =IF(OR(Respostas!$E49="",Respostas!$E49="Selecione a Nota aqui."),0,Respostas!$E49) -> 0 | G44: =IF(OR(Respostas!$E50="",Respostas!$E50="Selecione a Nota aqui."),0,Respostas!$E50) -> 0 | H44: =IF(OR(Respostas!$E51="",Respostas!$E51="Selecione a Nota aqui."),0,Respostas!$E51) -> 0 | I44: =IF(OR(Respostas!$E52="",Respostas!$E52="Selecione a Nota aqui."),0,Respostas!$E52) -> 0 | J44: =IF(OR(Respostas!$E53="",Respostas!$E53="Selecione a Nota aqui."),0,Respostas!$E53) -> 0 | K44: =IF(OR(Respostas!$E54="",Respostas!$E54="Selecione a Nota aqui."),0,Respostas!$E54) -> 0 | L44: =IF(OR(Respostas!$E55="",Respostas!$E55="Selecione a Nota aqui."),0,Respostas!$E55) -> 0 | M44: =IF(OR(Respostas!$E56="",Respostas!$E56="Selecione a Nota aqui."),0,Respostas!$E56) -> 0 | N44: =IF(OR(Respostas!$E57="",Respostas!$E57="Selecione a Nota aqui."),0,Respostas!$E57) -> 0 | O44: =IF(OR(Respostas!$E58="",Respostas!$E58="Selecione a Nota aqui."),0,Respostas!$E58) -> 0 | P44: =IF(OR(Respostas!$E59="",Respostas!$E59="Selecione a Nota aqui."),0,Respostas!$E59) -> 0 | Q44: =IF(OR(Respostas!$E60="",Respostas!$E60="Selecione a Nota aqui."),0,Respostas!$E60) -> 0 | R44: =IF(OR(Respostas!$E61="",Respostas!$E61="Selecione a Nota aqui."),0,Respostas!$E61) -> 0 | S44: =IF(OR(Respostas!$E62="",Respostas!$E62="Selecione a Nota aqui."),0,Respostas!$E62) -> 0 | T44: =IF(OR(Respostas!$E63="",Respostas!$E63="Selecione a Nota aqui."),0,Respostas!$E63) -> 0 | U44: =IF(OR(Respostas!$E64="",Respostas!$E64="Selecione a Nota aqui."),0,Respostas!$E64) -> 0 | V44: Menoridade (Conscin-criança) | W44: =IF(COUNTIF(B44:U44,"na")=20,"na",SUM(B44:U44)) -> 0 | X44: =IF(W44="na",0,W44/((20-COUNTIF(B44:U44,"na"))*1)) -> 0 | AD44: =AE44*100 -> 0 | AE44: =X43 -> 0
A45: 4 | B45: =IF(OR(Respostas!$E65="",Respostas!$E65="Selecione a Nota aqui."),0,Respostas!$E65) -> 0 | C45: =IF(OR(Respostas!$E66="",Respostas!$E66="Selecione a Nota aqui."),0,Respostas!$E66) -> 0 | D45: =IF(OR(Respostas!$E67="",Respostas!$E67="Selecione a Nota aqui."),0,Respostas!$E67) -> 0 | E45: =IF(OR(Respostas!$E68="",Respostas!$E68="Selecione a Nota aqui."),0,Respostas!$E68) -> 0 | F45: =IF(OR(Respostas!$E69="",Respostas!$E69="Selecione a Nota aqui."),0,Respostas!$E69) -> 0 | G45: =IF(OR(Respostas!$E70="",Respostas!$E70="Selecione a Nota aqui."),0,Respostas!$E70) -> 0 | H45: =IF(OR(Respostas!$E71="",Respostas!$E71="Selecione a Nota aqui."),0,Respostas!$E71) -> 0 | I45: =IF(OR(Respostas!$E72="",Respostas!$E72="Selecione a Nota aqui."),0,Respostas!$E72) -> 0 | J45: =IF(OR(Respostas!$E73="",Respostas!$E73="Selecione a Nota aqui."),0,Respostas!$E73) -> 0 | K45: =IF(OR(Respostas!$E74="",Respostas!$E74="Selecione a Nota aqui."),0,Respostas!$E74) -> 0 | L45: =IF(OR(Respostas!$E75="",Respostas!$E75="Selecione a Nota aqui."),0,Respostas!$E75) -> 0 | M45: =IF(OR(Respostas!$E76="",Respostas!$E76="Selecione a Nota aqui."),0,Respostas!$E76) -> 0 | N45: =IF(OR(Respostas!$E77="",Respostas!$E77="Selecione a Nota aqui."),0,Respostas!$E77) -> 0 | O45: =IF(OR(Respostas!$E78="",Respostas!$E78="Selecione a Nota aqui."),0,Respostas!$E78) -> 0 | P45: =IF(OR(Respostas!$E79="",Respostas!$E79="Selecione a Nota aqui."),0,Respostas!$E79) -> 0 | Q45: =IF(OR(Respostas!$E80="",Respostas!$E80="Selecione a Nota aqui."),0,Respostas!$E80) -> 0 | R45: =IF(OR(Respostas!$E81="",Respostas!$E81="Selecione a Nota aqui."),0,Respostas!$E81) -> 0 | S45: =IF(OR(Respostas!$E82="",Respostas!$E82="Selecione a Nota aqui."),0,Respostas!$E82) -> 0 | T45: =IF(OR(Respostas!$E83="",Respostas!$E83="Selecione a Nota aqui."),0,Respostas!$E83) -> 0 | U45: =IF(OR(Respostas!$E84="",Respostas!$E84="Selecione a Nota aqui."),0,Respostas!$E84) -> 0 | V45: Sexualidade (Conscin-soma e sexo) | W45: =IF(COUNTIF(B45:U45,"na")=20,"na",SUM(B45:U45)) -> 0 | X45: =IF(W45="na",0,W45/((20-COUNTIF(B45:U45,"na"))*1)) -> 0 | AD45: =AE45*100 -> 0
A46: 5 | B46: =IF(OR(Respostas!$E85="",Respostas!$E85="Selecione a Nota aqui."),0,Respostas!$E85) -> 0 | C46: =IF(OR(Respostas!$E86="",Respostas!$E86="Selecione a Nota aqui."),0,Respostas!$E86) -> 0 | D46: =IF(OR(Respostas!$E87="",Respostas!$E87="Selecione a Nota aqui."),0,Respostas!$E87) -> 0 | E46: =IF(OR(Respostas!$E88="",Respostas!$E88="Selecione a Nota aqui."),0,Respostas!$E88) -> 0 | F46: =IF(OR(Respostas!$E89="",Respostas!$E89="Selecione a Nota aqui."),0,Respostas!$E89) -> 0 | G46: =IF(OR(Respostas!$E90="",Respostas!$E90="Selecione a Nota aqui."),0,Respostas!$E90) -> 0 | H46: =IF(OR(Respostas!$E91="",Respostas!$E91="Selecione a Nota aqui."),0,Respostas!$E91) -> 0 | I46: =IF(OR(Respostas!$E92="",Respostas!$E92="Selecione a Nota aqui."),0,Respostas!$E92) -> 0 | J46: =IF(OR(Respostas!$E93="",Respostas!$E93="Selecione a Nota aqui."),0,Respostas!$E93) -> 0 | K46: =IF(OR(Respostas!$E94="",Respostas!$E94="Selecione a Nota aqui."),0,Respostas!$E94) -> 0 | L46: =IF(OR(Respostas!$E95="",Respostas!$E95="Selecione a Nota aqui."),0,Respostas!$E95) -> 0 | M46: =IF(OR(Respostas!$E96="",Respostas!$E96="Selecione a Nota aqui."),0,Respostas!$E96) -> 0 | N46: =IF(OR(Respostas!$E97="",Respostas!$E97="Selecione a Nota aqui."),0,Respostas!$E97) -> 0 | O46: =IF(OR(Respostas!$E98="",Respostas!$E98="Selecione a Nota aqui."),0,Respostas!$E98) -> 0 | P46: =IF(OR(Respostas!$E99="",Respostas!$E99="Selecione a Nota aqui."),0,Respostas!$E99) -> 0 | Q46: =IF(OR(Respostas!$E100="",Respostas!$E100="Selecione a Nota aqui."),0,Respostas!$E100) -> 0 | R46: =IF(OR(Respostas!$E101="",Respostas!$E101="Selecione a Nota aqui."),0,Respostas!$E101) -> 0 | S46: =IF(OR(Respostas!$E102="",Respostas!$E102="Selecione a Nota aqui."),0,Respostas!$E102) -> 0 | T46: =IF(OR(Respostas!$E103="",Respostas!$E103="Selecione a Nota aqui."),0,Respostas!$E103) -> 0 | U46: =IF(OR(Respostas!$E104="",Respostas!$E104="Selecione a Nota aqui."),0,Respostas!$E104) -> 0 | V46: Mocidade (Conscin-jovem) | W46: =IF(COUNTIF(B46:U46,"na")=20,"na",SUM(B46:U46)) -> 0 | X46: =IF(W46="na",0,W46/((20-COUNTIF(B46:U46,"na"))*1)) -> 0 | AD46: =AE46*100 -> 0 | AE46: =X44 -> 0
A47: 6 | B47: =IF(OR(Respostas!$E105="",Respostas!$E105="Selecione a Nota aqui."),0,Respostas!$E105) -> 0 | C47: =IF(OR(Respostas!$E106="",Respostas!$E106="Selecione a Nota aqui."),0,Respostas!$E106) -> 0 | D47: =IF(OR(Respostas!$E107="",Respostas!$E107="Selecione a Nota aqui."),0,Respostas!$E107) -> 0 | E47: =IF(OR(Respostas!$E108="",Respostas!$E108="Selecione a Nota aqui."),0,Respostas!$E108) -> 0 | F47: =IF(OR(Respostas!$E109="",Respostas!$E109="Selecione a Nota aqui."),0,Respostas!$E109) -> 0 | G47: =IF(OR(Respostas!$E110="",Respostas!$E110="Selecione a Nota aqui."),0,Respostas!$E110) -> 0 | H47: =IF(OR(Respostas!$E111="",Respostas!$E111="Selecione a Nota aqui."),0,Respostas!$E111) -> 0 | I47: =IF(OR(Respostas!$E112="",Respostas!$E112="Selecione a Nota aqui."),0,Respostas!$E112) -> 0 | J47: =IF(OR(Respostas!$E113="",Respostas!$E113="Selecione a Nota aqui."),0,Respostas!$E113) -> 0 | K47: =IF(OR(Respostas!$E114="",Respostas!$E114="Selecione a Nota aqui."),0,Respostas!$E114) -> 0 | L47: =IF(OR(Respostas!$E115="",Respostas!$E115="Selecione a Nota aqui."),0,Respostas!$E115) -> 0 | M47: =IF(OR(Respostas!$E116="",Respostas!$E116="Selecione a Nota aqui."),0,Respostas!$E116) -> 0 | N47: =IF(OR(Respostas!$E117="",Respostas!$E117="Selecione a Nota aqui."),0,Respostas!$E117) -> 0 | O47: =IF(OR(Respostas!$E118="",Respostas!$E118="Selecione a Nota aqui."),0,Respostas!$E118) -> 0 | P47: =IF(OR(Respostas!$E119="",Respostas!$E119="Selecione a Nota aqui."),0,Respostas!$E119) -> 0 | Q47: =IF(OR(Respostas!$E120="",Respostas!$E120="Selecione a Nota aqui."),0,Respostas!$E120) -> 0 | R47: =IF(OR(Respostas!$E121="",Respostas!$E121="Selecione a Nota aqui."),0,Respostas!$E121) -> 0 | S47: =IF(OR(Respostas!$E122="",Respostas!$E122="Selecione a Nota aqui."),0,Respostas!$E122) -> 0 | T47: =IF(OR(Respostas!$E123="",Respostas!$E123="Selecione a Nota aqui."),0,Respostas!$E123) -> 0 | U47: =IF(OR(Respostas!$E124="",Respostas!$E124="Selecione a Nota aqui."),0,Respostas!$E124) -> 0 | V47: Psicomotricidade (Neurônios e massa muscular) | W47: =IF(COUNTIF(B47:U47,"na")=20,"na",SUM(B47:U47)) -> 0 | X47: =IF(W47="na",0,W47/((20-COUNTIF(B47:U47,"na"))*1)) -> 0 | AD47: =AE47*100 -> 0
A48: 7 | B48: =IF(OR(Respostas!$E125="",Respostas!$E125="Selecione a Nota aqui."),0,Respostas!$E125) -> 0 | C48: =IF(OR(Respostas!$E126="",Respostas!$E126="Selecione a Nota aqui."),0,Respostas!$E126) -> 0 | D48: =IF(OR(Respostas!$E127="",Respostas!$E127="Selecione a Nota aqui."),0,Respostas!$E127) -> 0 | E48: =IF(OR(Respostas!$E128="",Respostas!$E128="Selecione a Nota aqui."),0,Respostas!$E128) -> 0 | F48: =IF(OR(Respostas!$E129="",Respostas!$E129="Selecione a Nota aqui."),0,Respostas!$E129) -> 0 | G48: =IF(OR(Respostas!$E130="",Respostas!$E130="Selecione a Nota aqui."),0,Respostas!$E130) -> 0 | H48: =IF(OR(Respostas!$E131="",Respostas!$E131="Selecione a Nota aqui."),0,Respostas!$E131) -> 0 | I48: =IF(OR(Respostas!$E132="",Respostas!$E132="Selecione a Nota aqui."),0,Respostas!$E132) -> 0 | J48: =IF(OR(Respostas!$E133="",Respostas!$E133="Selecione a Nota aqui."),0,Respostas!$E133) -> 0 | K48: =IF(OR(Respostas!$E134="",Respostas!$E134="Selecione a Nota aqui."),0,Respostas!$E134) -> 0 | L48: =IF(OR(Respostas!$E135="",Respostas!$E135="Selecione a Nota aqui."),0,Respostas!$E135) -> 0 | M48: =IF(OR(Respostas!$E136="",Respostas!$E136="Selecione a Nota aqui."),0,Respostas!$E136) -> 0 | N48: =IF(OR(Respostas!$E137="",Respostas!$E137="Selecione a Nota aqui."),0,Respostas!$E137) -> 0 | O48: =IF(OR(Respostas!$E138="",Respostas!$E138="Selecione a Nota aqui."),0,Respostas!$E138) -> 0 | P48: =IF(OR(Respostas!$E139="",Respostas!$E139="Selecione a Nota aqui."),0,Respostas!$E139) -> 0 | Q48: =IF(OR(Respostas!$E140="",Respostas!$E140="Selecione a Nota aqui."),0,Respostas!$E140) -> 0 | R48: =IF(OR(Respostas!$E141="",Respostas!$E141="Selecione a Nota aqui."),0,Respostas!$E141) -> 0 | S48: =IF(OR(Respostas!$E142="",Respostas!$E142="Selecione a Nota aqui."),0,Respostas!$E142) -> 0 | T48: =IF(OR(Respostas!$E143="",Respostas!$E143="Selecione a Nota aqui."),0,Respostas!$E143) -> 0 | U48: =IF(OR(Respostas!$E144="",Respostas!$E144="Selecione a Nota aqui."),0,Respostas!$E144) -> 0 | V48: Escolaridade (Curriculo pessoal) | W48: =IF(COUNTIF(B48:U48,"na")=20,"na",SUM(B48:U48)) -> 0 | X48: =IF(W48="na",0,W48/((20-COUNTIF(B48:U48,"na"))*1)) -> 0 | AD48: =AE48*100 -> 0 | AE48: =X45 -> 0
A49: 8 | B49: =IF(OR(Respostas!$E145="",Respostas!$E145="Selecione a Nota aqui."),0,Respostas!$E145) -> 0 | C49: =IF(OR(Respostas!$E146="",Respostas!$E146="Selecione a Nota aqui."),0,Respostas!$E146) -> 0 | D49: =IF(OR(Respostas!$E147="",Respostas!$E147="Selecione a Nota aqui."),0,Respostas!$E147) -> 0 | E49: =IF(OR(Respostas!$E148="",Respostas!$E148="Selecione a Nota aqui."),0,Respostas!$E148) -> 0 | F49: =IF(OR(Respostas!$E149="",Respostas!$E149="Selecione a Nota aqui."),0,Respostas!$E149) -> 0 | G49: =IF(OR(Respostas!$E150="",Respostas!$E150="Selecione a Nota aqui."),0,Respostas!$E150) -> 0 | H49: =IF(OR(Respostas!$E151="",Respostas!$E151="Selecione a Nota aqui."),0,Respostas!$E151) -> 0 | I49: =IF(OR(Respostas!$E152="",Respostas!$E152="Selecione a Nota aqui."),0,Respostas!$E152) -> 0 | J49: =IF(OR(Respostas!$E153="",Respostas!$E153="Selecione a Nota aqui."),0,Respostas!$E153) -> 0 | K49: =IF(OR(Respostas!$E154="",Respostas!$E154="Selecione a Nota aqui."),0,Respostas!$E154) -> 0 | L49: =IF(OR(Respostas!$E155="",Respostas!$E155="Selecione a Nota aqui."),0,Respostas!$E155) -> 0 | M49: =IF(OR(Respostas!$E156="",Respostas!$E156="Selecione a Nota aqui."),0,Respostas!$E156) -> 0 | N49: =IF(OR(Respostas!$E157="",Respostas!$E157="Selecione a Nota aqui."),0,Respostas!$E157) -> 0 | O49: =IF(OR(Respostas!$E158="",Respostas!$E158="Selecione a Nota aqui."),0,Respostas!$E158) -> 0 | P49: =IF(OR(Respostas!$E159="",Respostas!$E159="Selecione a Nota aqui."),0,Respostas!$E159) -> 0 | Q49: =IF(OR(Respostas!$E160="",Respostas!$E160="Selecione a Nota aqui."),0,Respostas!$E160) -> 0 | R49: =IF(OR(Respostas!$E161="",Respostas!$E161="Selecione a Nota aqui."),0,Respostas!$E161) -> 0 | S49: =IF(OR(Respostas!$E162="",Respostas!$E162="Selecione a Nota aqui."),0,Respostas!$E162) -> 0 | T49: =IF(OR(Respostas!$E163="",Respostas!$E163="Selecione a Nota aqui."),0,Respostas!$E163) -> 0 | U49: =IF(OR(Respostas!$E164="",Respostas!$E164="Selecione a Nota aqui."),0,Respostas!$E164) -> 0 | V49: Compaternidade (Conscin e Família) | W49: =IF(COUNTIF(B49:U49,"na")=20,"na",SUM(B49:U49)) -> 0 | X49: =IF(W49="na",0,W49/((20-COUNTIF(B49:U49,"na"))*1)) -> 0 | AD49: =AE49*100 -> 0
A50: 9 | B50: =IF(OR(Respostas!$E165="",Respostas!$E165="Selecione a Nota aqui."),0,Respostas!$E165) -> 0 | C50: =IF(OR(Respostas!$E166="",Respostas!$E166="Selecione a Nota aqui."),0,Respostas!$E166) -> 0 | D50: =IF(OR(Respostas!$E167="",Respostas!$E167="Selecione a Nota aqui."),0,Respostas!$E167) -> 0 | E50: =IF(OR(Respostas!$E168="",Respostas!$E168="Selecione a Nota aqui."),0,Respostas!$E168) -> 0 | F50: =IF(OR(Respostas!$E169="",Respostas!$E169="Selecione a Nota aqui."),0,Respostas!$E169) -> 0 | G50: =IF(OR(Respostas!$E170="",Respostas!$E170="Selecione a Nota aqui."),0,Respostas!$E170) -> 0 | H50: =IF(OR(Respostas!$E171="",Respostas!$E171="Selecione a Nota aqui."),0,Respostas!$E171) -> 0 | I50: =IF(OR(Respostas!$E172="",Respostas!$E172="Selecione a Nota aqui."),0,Respostas!$E172) -> 0 | J50: =IF(OR(Respostas!$E173="",Respostas!$E173="Selecione a Nota aqui."),0,Respostas!$E173) -> 0 | K50: =IF(OR(Respostas!$E174="",Respostas!$E174="Selecione a Nota aqui."),0,Respostas!$E174) -> 0 | L50: =IF(OR(Respostas!$E175="",Respostas!$E175="Selecione a Nota aqui."),0,Respostas!$E175) -> 0 | M50: =IF(OR(Respostas!$E176="",Respostas!$E176="Selecione a Nota aqui."),0,Respostas!$E176) -> 0 | N50: =IF(OR(Respostas!$E177="",Respostas!$E177="Selecione a Nota aqui."),0,Respostas!$E177) -> 0 | O50: =IF(OR(Respostas!$E178="",Respostas!$E178="Selecione a Nota aqui."),0,Respostas!$E178) -> 0 | P50: =IF(OR(Respostas!$E179="",Respostas!$E179="Selecione a Nota aqui."),0,Respostas!$E179) -> 0 | Q50: =IF(OR(Respostas!$E180="",Respostas!$E180="Selecione a Nota aqui."),0,Respostas!$E180) -> 0 | R50: =IF(OR(Respostas!$E181="",Respostas!$E181="Selecione a Nota aqui."),0,Respostas!$E181) -> 0 | S50: =IF(OR(Respostas!$E182="",Respostas!$E182="Selecione a Nota aqui."),0,Respostas!$E182) -> 0 | T50: =IF(OR(Respostas!$E183="",Respostas!$E183="Selecione a Nota aqui."),0,Respostas!$E183) -> 0 | U50: =IF(OR(Respostas!$E184="",Respostas!$E184="Selecione a Nota aqui."),0,Respostas!$E184) -> 0 | V50: Convivialidade (Ligações cosmoéticas) | W50: =IF(COUNTIF(B50:U50,"na")=20,"na",SUM(B50:U50)) -> 0 | X50: =IF(W50="na",0,W50/((20-COUNTIF(B50:U50,"na"))*1)) -> 0 | AC50: =V41 -> SOMA | AD50: =AE50*100 -> 0 | AE50: =X46 -> 0
A51: 10 | B51: =IF(OR(Respostas!$E185="",Respostas!$E185="Selecione a Nota aqui."),0,Respostas!$E185) -> 0 | C51: =IF(OR(Respostas!$E186="",Respostas!$E186="Selecione a Nota aqui."),0,Respostas!$E186) -> 0 | D51: =IF(OR(Respostas!$E187="",Respostas!$E187="Selecione a Nota aqui."),0,Respostas!$E187) -> 0 | E51: =IF(OR(Respostas!$E188="",Respostas!$E188="Selecione a Nota aqui."),0,Respostas!$E188) -> 0 | F51: =IF(OR(Respostas!$E189="",Respostas!$E189="Selecione a Nota aqui."),0,Respostas!$E189) -> 0 | G51: =IF(OR(Respostas!$E190="",Respostas!$E190="Selecione a Nota aqui."),0,Respostas!$E190) -> 0 | H51: =IF(OR(Respostas!$E191="",Respostas!$E191="Selecione a Nota aqui."),0,Respostas!$E191) -> 0 | I51: =IF(OR(Respostas!$E192="",Respostas!$E192="Selecione a Nota aqui."),0,Respostas!$E192) -> 0 | J51: =IF(OR(Respostas!$E193="",Respostas!$E193="Selecione a Nota aqui."),0,Respostas!$E193) -> 0 | K51: =IF(OR(Respostas!$E194="",Respostas!$E194="Selecione a Nota aqui."),0,Respostas!$E194) -> 0 | L51: =IF(OR(Respostas!$E195="",Respostas!$E195="Selecione a Nota aqui."),0,Respostas!$E195) -> 0 | M51: =IF(OR(Respostas!$E196="",Respostas!$E196="Selecione a Nota aqui."),0,Respostas!$E196) -> 0 | N51: =IF(OR(Respostas!$E197="",Respostas!$E197="Selecione a Nota aqui."),0,Respostas!$E197) -> 0 | O51: =IF(OR(Respostas!$E198="",Respostas!$E198="Selecione a Nota aqui."),0,Respostas!$E198) -> 0 | P51: =IF(OR(Respostas!$E199="",Respostas!$E199="Selecione a Nota aqui."),0,Respostas!$E199) -> 0 | Q51: =IF(OR(Respostas!$E200="",Respostas!$E200="Selecione a Nota aqui."),0,Respostas!$E200) -> 0 | R51: =IF(OR(Respostas!$E201="",Respostas!$E201="Selecione a Nota aqui."),0,Respostas!$E201) -> 0 | S51: =IF(OR(Respostas!$E202="",Respostas!$E202="Selecione a Nota aqui."),0,Respostas!$E202) -> 0 | T51: =IF(OR(Respostas!$E203="",Respostas!$E203="Selecione a Nota aqui."),0,Respostas!$E203) -> 0 | U51: =IF(OR(Respostas!$E204="",Respostas!$E204="Selecione a Nota aqui."),0,Respostas!$E204) -> 0 | V51: Longevidade (Terceira idade) | W51: =IF(COUNTIF(B51:U51,"na")=20,"na",SUM(B51:U51)) -> 0 | X51: =IF(W51="na",0,W51/((20-COUNTIF(B51:U51,"na"))*1)) -> 0 | AD51: =AE51*100 -> 0
AD52: =AE52*100 -> 0 | AE52: =X47 -> 0
B53: 1 | C53: 2 | D53: 3 | E53: 4 | F53: 5 | G53: 6 | H53: 7 | I53: 8 | J53: 9 | K53: 10 | L53: 11 | M53: 12 | N53: 13 | O53: 14 | P53: 15 | Q53: 16 | R53: 17 | S53: 18 | T53: 19 | U53: 20 | V53: BIOENERGÉTICA | W53: ST | X53: T | Y53: =SUM(W54:W63)/(IF(COUNTIF(X54:X63,">0")>0,COUNTIF(X54:X63,">0"),1)*20*1) -> 0 | AD53: =AE53*100 -> 0
A54: 11 | B54: =IF(OR(Respostas!$E205="",Respostas!$E205="Selecione a Nota aqui."),0,Respostas!$E205) -> 0 | C54: =IF(OR(Respostas!$E206="",Respostas!$E206="Selecione a Nota aqui."),0,Respostas!$E206) -> 0 | D54: =IF(OR(Respostas!$E207="",Respostas!$E207="Selecione a Nota aqui."),0,Respostas!$E207) -> 0 | E54: =IF(OR(Respostas!$E208="",Respostas!$E208="Selecione a Nota aqui."),0,Respostas!$E208) -> 0 | F54: =IF(OR(Respostas!$E209="",Respostas!$E209="Selecione a Nota aqui."),0,Respostas!$E209) -> 0 | G54: =IF(OR(Respostas!$E210="",Respostas!$E210="Selecione a Nota aqui."),0,Respostas!$E210) -> 0 | H54: =IF(OR(Respostas!$E211="",Respostas!$E211="Selecione a Nota aqui."),0,Respostas!$E211) -> 0 | I54: =IF(OR(Respostas!$E212="",Respostas!$E212="Selecione a Nota aqui."),0,Respostas!$E212) -> 0 | J54: =IF(OR(Respostas!$E213="",Respostas!$E213="Selecione a Nota aqui."),0,Respostas!$E213) -> 0 | K54: =IF(OR(Respostas!$E214="",Respostas!$E214="Selecione a Nota aqui."),0,Respostas!$E214) -> 0 | L54: =IF(OR(Respostas!$E215="",Respostas!$E215="Selecione a Nota aqui."),0,Respostas!$E215) -> 0 | M54: =IF(OR(Respostas!$E216="",Respostas!$E216="Selecione a Nota aqui."),0,Respostas!$E216) -> 0 | N54: =IF(OR(Respostas!$E217="",Respostas!$E217="Selecione a Nota aqui."),0,Respostas!$E217) -> 0 | O54: =IF(OR(Respostas!$E218="",Respostas!$E218="Selecione a Nota aqui."),0,Respostas!$E218) -> 0 | P54: =IF(OR(Respostas!$E219="",Respostas!$E219="Selecione a Nota aqui."),0,Respostas!$E219) -> 0 | Q54: =IF(OR(Respostas!$E220="",Respostas!$E220="Selecione a Nota aqui."),0,Respostas!$E220) -> 0 | R54: =IF(OR(Respostas!$E221="",Respostas!$E221="Selecione a Nota aqui."),0,Respostas!$E221) -> 0 | S54: =IF(OR(Respostas!$E222="",Respostas!$E222="Selecione a Nota aqui."),0,Respostas!$E222) -> 0 | T54: =IF(OR(Respostas!$E223="",Respostas!$E223="Selecione a Nota aqui."),0,Respostas!$E223) -> 0 | U54: =IF(OR(Respostas!$E224="",Respostas!$E224="Selecione a Nota aqui."),0,Respostas!$E224) -> 0 | V54: Sensibilidade (Energias conscienciais) | W54: =IF(COUNTIF(B54:U54,"na")=20,"na",SUM(B54:U54)) -> 0 | X54: =IF(W54="na",0,W54/((20-COUNTIF(B54:U54,"na"))*1)) -> 0 | AD54: =AE54*100 -> 0 | AE54: =X48 -> 0
A55: 12 | B55: =IF(OR(Respostas!$E225="",Respostas!$E225="Selecione a Nota aqui."),0,Respostas!$E225) -> 0 | C55: =IF(OR(Respostas!$E226="",Respostas!$E226="Selecione a Nota aqui."),0,Respostas!$E226) -> 0 | D55: =IF(OR(Respostas!$E227="",Respostas!$E227="Selecione a Nota aqui."),0,Respostas!$E227) -> 0 | E55: =IF(OR(Respostas!$E228="",Respostas!$E228="Selecione a Nota aqui."),0,Respostas!$E228) -> 0 | F55: =IF(OR(Respostas!$E229="",Respostas!$E229="Selecione a Nota aqui."),0,Respostas!$E229) -> 0 | G55: =IF(OR(Respostas!$E230="",Respostas!$E230="Selecione a Nota aqui."),0,Respostas!$E230) -> 0 | H55: =IF(OR(Respostas!$E231="",Respostas!$E231="Selecione a Nota aqui."),0,Respostas!$E231) -> 0 | I55: =IF(OR(Respostas!$E232="",Respostas!$E232="Selecione a Nota aqui."),0,Respostas!$E232) -> 0 | J55: =IF(OR(Respostas!$E233="",Respostas!$E233="Selecione a Nota aqui."),0,Respostas!$E233) -> 0 | K55: =IF(OR(Respostas!$E234="",Respostas!$E234="Selecione a Nota aqui."),0,Respostas!$E234) -> 0 | L55: =IF(OR(Respostas!$E235="",Respostas!$E235="Selecione a Nota aqui."),0,Respostas!$E235) -> 0 | M55: =IF(OR(Respostas!$E236="",Respostas!$E236="Selecione a Nota aqui."),0,Respostas!$E236) -> 0 | N55: =IF(OR(Respostas!$E237="",Respostas!$E237="Selecione a Nota aqui."),0,Respostas!$E237) -> 0 | O55: =IF(OR(Respostas!$E238="",Respostas!$E238="Selecione a Nota aqui."),0,Respostas!$E238) -> 0 | P55: =IF(OR(Respostas!$E239="",Respostas!$E239="Selecione a Nota aqui."),0,Respostas!$E239) -> 0 | Q55: =IF(OR(Respostas!$E240="",Respostas!$E240="Selecione a Nota aqui."),0,Respostas!$E240) -> 0 | R55: =IF(OR(Respostas!$E241="",Respostas!$E241="Selecione a Nota aqui."),0,Respostas!$E241) -> 0 | S55: =IF(OR(Respostas!$E242="",Respostas!$E242="Selecione a Nota aqui."),0,Respostas!$E242) -> 0 | T55: =IF(OR(Respostas!$E243="",Respostas!$E243="Selecione a Nota aqui."),0,Respostas!$E243) -> 0 | U55: =IF(OR(Respostas!$E244="",Respostas!$E244="Selecione a Nota aqui."),0,Respostas!$E244) -> 0 | V55: Sexochacralidade (Conscin e sexochacra) | W55: =IF(COUNTIF(B55:U55,"na")=20,"na",SUM(B55:U55)) -> 0 | X55: =IF(W55="na",0,W55/((20-COUNTIF(B55:U55,"na"))*1)) -> 0 | AD55: =AE55*100 -> 0
A56: 13 | B56: =IF(OR(Respostas!$E245="",Respostas!$E245="Selecione a Nota aqui."),0,Respostas!$E245) -> 0 | C56: =IF(OR(Respostas!$E246="",Respostas!$E246="Selecione a Nota aqui."),0,Respostas!$E246) -> 0 | D56: =IF(OR(Respostas!$E247="",Respostas!$E247="Selecione a Nota aqui."),0,Respostas!$E247) -> 0 | E56: =IF(OR(Respostas!$E248="",Respostas!$E248="Selecione a Nota aqui."),0,Respostas!$E248) -> 0 | F56: =IF(OR(Respostas!$E249="",Respostas!$E249="Selecione a Nota aqui."),0,Respostas!$E249) -> 0 | G56: =IF(OR(Respostas!$E250="",Respostas!$E250="Selecione a Nota aqui."),0,Respostas!$E250) -> 0 | H56: =IF(OR(Respostas!$E251="",Respostas!$E251="Selecione a Nota aqui."),0,Respostas!$E251) -> 0 | I56: =IF(OR(Respostas!$E252="",Respostas!$E252="Selecione a Nota aqui."),0,Respostas!$E252) -> 0 | J56: =IF(OR(Respostas!$E253="",Respostas!$E253="Selecione a Nota aqui."),0,Respostas!$E253) -> 0 | K56: =IF(OR(Respostas!$E254="",Respostas!$E254="Selecione a Nota aqui."),0,Respostas!$E254) -> 0 | L56: =IF(OR(Respostas!$E255="",Respostas!$E255="Selecione a Nota aqui."),0,Respostas!$E255) -> 0 | M56: =IF(OR(Respostas!$E256="",Respostas!$E256="Selecione a Nota aqui."),0,Respostas!$E256) -> 0 | N56: =IF(OR(Respostas!$E257="",Respostas!$E257="Selecione a Nota aqui."),0,Respostas!$E257) -> 0 | O56: =IF(OR(Respostas!$E258="",Respostas!$E258="Selecione a Nota aqui."),0,Respostas!$E258) -> 0 | P56: =IF(OR(Respostas!$E259="",Respostas!$E259="Selecione a Nota aqui."),0,Respostas!$E259) -> 0 | Q56: =IF(OR(Respostas!$E260="",Respostas!$E260="Selecione a Nota aqui."),0,Respostas!$E260) -> 0 | R56: =IF(OR(Respostas!$E261="",Respostas!$E261="Selecione a Nota aqui."),0,Respostas!$E261) -> 0 | S56: =IF(OR(Respostas!$E262="",Respostas!$E262="Selecione a Nota aqui."),0,Respostas!$E262) -> 0 | T56: =IF(OR(Respostas!$E263="",Respostas!$E263="Selecione a Nota aqui."),0,Respostas!$E263) -> 0 | U56: =IF(OR(Respostas!$E264="",Respostas!$E264="Selecione a Nota aqui."),0,Respostas!$E264) -> 0 | V56: Vitalidade (Subcérebro abdominal) | W56: =IF(COUNTIF(B56:U56,"na")=20,"na",SUM(B56:U56)) -> 0 | X56: =IF(W56="na",0,W56/((20-COUNTIF(B56:U56,"na"))*1)) -> 0 | AD56: =AE56*100 -> 0 | AE56: =X49 -> 0
A57: 14 | B57: =IF(OR(Respostas!$E265="",Respostas!$E265="Selecione a Nota aqui."),0,Respostas!$E265) -> 0 | C57: =IF(OR(Respostas!$E266="",Respostas!$E266="Selecione a Nota aqui."),0,Respostas!$E266) -> 0 | D57: =IF(OR(Respostas!$E267="",Respostas!$E267="Selecione a Nota aqui."),0,Respostas!$E267) -> 0 | E57: =IF(OR(Respostas!$E268="",Respostas!$E268="Selecione a Nota aqui."),0,Respostas!$E268) -> 0 | F57: =IF(OR(Respostas!$E269="",Respostas!$E269="Selecione a Nota aqui."),0,Respostas!$E269) -> 0 | G57: =IF(OR(Respostas!$E270="",Respostas!$E270="Selecione a Nota aqui."),0,Respostas!$E270) -> 0 | H57: =IF(OR(Respostas!$E271="",Respostas!$E271="Selecione a Nota aqui."),0,Respostas!$E271) -> 0 | I57: =IF(OR(Respostas!$E272="",Respostas!$E272="Selecione a Nota aqui."),0,Respostas!$E272) -> 0 | J57: =IF(OR(Respostas!$E273="",Respostas!$E273="Selecione a Nota aqui."),0,Respostas!$E273) -> 0 | K57: =IF(OR(Respostas!$E274="",Respostas!$E274="Selecione a Nota aqui."),0,Respostas!$E274) -> 0 | L57: =IF(OR(Respostas!$E275="",Respostas!$E275="Selecione a Nota aqui."),0,Respostas!$E275) -> 0 | M57: =IF(OR(Respostas!$E276="",Respostas!$E276="Selecione a Nota aqui."),0,Respostas!$E276) -> 0 | N57: =IF(OR(Respostas!$E277="",Respostas!$E277="Selecione a Nota aqui."),0,Respostas!$E277) -> 0 | O57: =IF(OR(Respostas!$E278="",Respostas!$E278="Selecione a Nota aqui."),0,Respostas!$E278) -> 0 | P57: =IF(OR(Respostas!$E279="",Respostas!$E279="Selecione a Nota aqui."),0,Respostas!$E279) -> 0 | Q57: =IF(OR(Respostas!$E280="",Respostas!$E280="Selecione a Nota aqui."),0,Respostas!$E280) -> 0 | R57: =IF(OR(Respostas!$E281="",Respostas!$E281="Selecione a Nota aqui."),0,Respostas!$E281) -> 0 | S57: =IF(OR(Respostas!$E282="",Respostas!$E282="Selecione a Nota aqui."),0,Respostas!$E282) -> 0 | T57: =IF(OR(Respostas!$E283="",Respostas!$E283="Selecione a Nota aqui."),0,Respostas!$E283) -> 0 | U57: =IF(OR(Respostas!$E284="",Respostas!$E284="Selecione a Nota aqui."),0,Respostas!$E284) -> 0 | V57: Aplicabilidade (Emprego das bioenergias) | W57: =IF(COUNTIF(B57:U57,"na")=20,"na",SUM(B57:U57)) -> 0 | X57: =IF(W57="na",0,W57/((20-COUNTIF(B57:U57,"na"))*1)) -> 0 | AD57: =AE57*100 -> 0
A58: 15 | B58: =IF(OR(Respostas!$E285="",Respostas!$E285="Selecione a Nota aqui."),0,Respostas!$E285) -> 0 | C58: =IF(OR(Respostas!$E286="",Respostas!$E286="Selecione a Nota aqui."),0,Respostas!$E286) -> 0 | D58: =IF(OR(Respostas!$E287="",Respostas!$E287="Selecione a Nota aqui."),0,Respostas!$E287) -> 0 | E58: =IF(OR(Respostas!$E288="",Respostas!$E288="Selecione a Nota aqui."),0,Respostas!$E288) -> 0 | F58: =IF(OR(Respostas!$E289="",Respostas!$E289="Selecione a Nota aqui."),0,Respostas!$E289) -> 0 | G58: =IF(OR(Respostas!$E290="",Respostas!$E290="Selecione a Nota aqui."),0,Respostas!$E290) -> 0 | H58: =IF(OR(Respostas!$E291="",Respostas!$E291="Selecione a Nota aqui."),0,Respostas!$E291) -> 0 | I58: =IF(OR(Respostas!$E292="",Respostas!$E292="Selecione a Nota aqui."),0,Respostas!$E292) -> 0 | J58: =IF(OR(Respostas!$E293="",Respostas!$E293="Selecione a Nota aqui."),0,Respostas!$E293) -> 0 | K58: =IF(OR(Respostas!$E294="",Respostas!$E294="Selecione a Nota aqui."),0,Respostas!$E294) -> 0 | L58: =IF(OR(Respostas!$E295="",Respostas!$E295="Selecione a Nota aqui."),0,Respostas!$E295) -> 0 | M58: =IF(OR(Respostas!$E296="",Respostas!$E296="Selecione a Nota aqui."),0,Respostas!$E296) -> 0 | N58: =IF(OR(Respostas!$E297="",Respostas!$E297="Selecione a Nota aqui."),0,Respostas!$E297) -> 0 | O58: =IF(OR(Respostas!$E298="",Respostas!$E298="Selecione a Nota aqui."),0,Respostas!$E298) -> 0 | P58: =IF(OR(Respostas!$E299="",Respostas!$E299="Selecione a Nota aqui."),0,Respostas!$E299) -> 0 | Q58: =IF(OR(Respostas!$E300="",Respostas!$E300="Selecione a Nota aqui."),0,Respostas!$E300) -> 0 | R58: =IF(OR(Respostas!$E301="",Respostas!$E301="Selecione a Nota aqui."),0,Respostas!$E301) -> 0 | S58: =IF(OR(Respostas!$E302="",Respostas!$E302="Selecione a Nota aqui."),0,Respostas!$E302) -> 0 | T58: =IF(OR(Respostas!$E303="",Respostas!$E303="Selecione a Nota aqui."),0,Respostas!$E303) -> 0 | U58: =IF(OR(Respostas!$E304="",Respostas!$E304="Selecione a Nota aqui."),0,Respostas!$E304) -> 0 | V58: Frontochacralidade (Conscin e terceiro olho) | W58: =IF(COUNTIF(B58:U58,"na")=20,"na",SUM(B58:U58)) -> 0 | X58: =IF(W58="na",0,W58/((20-COUNTIF(B58:U58,"na"))*1)) -> 0 | AD58: =AE58*100 -> 0 | AE58: =X50 -> 0
A59: 16 | B59: =IF(OR(Respostas!$E305="",Respostas!$E305="Selecione a Nota aqui."),0,Respostas!$E305) -> 0 | C59: =IF(OR(Respostas!$E306="",Respostas!$E306="Selecione a Nota aqui."),0,Respostas!$E306) -> 0 | D59: =IF(OR(Respostas!$E307="",Respostas!$E307="Selecione a Nota aqui."),0,Respostas!$E307) -> 0 | E59: =IF(OR(Respostas!$E308="",Respostas!$E308="Selecione a Nota aqui."),0,Respostas!$E308) -> 0 | F59: =IF(OR(Respostas!$E309="",Respostas!$E309="Selecione a Nota aqui."),0,Respostas!$E309) -> 0 | G59: =IF(OR(Respostas!$E310="",Respostas!$E310="Selecione a Nota aqui."),0,Respostas!$E310) -> 0 | H59: =IF(OR(Respostas!$E311="",Respostas!$E311="Selecione a Nota aqui."),0,Respostas!$E311) -> 0 | I59: =IF(OR(Respostas!$E312="",Respostas!$E312="Selecione a Nota aqui."),0,Respostas!$E312) -> 0 | J59: =IF(OR(Respostas!$E313="",Respostas!$E313="Selecione a Nota aqui."),0,Respostas!$E313) -> 0 | K59: =IF(OR(Respostas!$E314="",Respostas!$E314="Selecione a Nota aqui."),0,Respostas!$E314) -> 0 | L59: =IF(OR(Respostas!$E315="",Respostas!$E315="Selecione a Nota aqui."),0,Respostas!$E315) -> 0 | M59: =IF(OR(Respostas!$E316="",Respostas!$E316="Selecione a Nota aqui."),0,Respostas!$E316) -> 0 | N59: =IF(OR(Respostas!$E317="",Respostas!$E317="Selecione a Nota aqui."),0,Respostas!$E317) -> 0 | O59: =IF(OR(Respostas!$E318="",Respostas!$E318="Selecione a Nota aqui."),0,Respostas!$E318) -> 0 | P59: =IF(OR(Respostas!$E319="",Respostas!$E319="Selecione a Nota aqui."),0,Respostas!$E319) -> 0 | Q59: =IF(OR(Respostas!$E320="",Respostas!$E320="Selecione a Nota aqui."),0,Respostas!$E320) -> 0 | R59: =IF(OR(Respostas!$E321="",Respostas!$E321="Selecione a Nota aqui."),0,Respostas!$E321) -> 0 | S59: =IF(OR(Respostas!$E322="",Respostas!$E322="Selecione a Nota aqui."),0,Respostas!$E322) -> 0 | T59: =IF(OR(Respostas!$E323="",Respostas!$E323="Selecione a Nota aqui."),0,Respostas!$E323) -> 0 | U59: =IF(OR(Respostas!$E324="",Respostas!$E324="Selecione a Nota aqui."),0,Respostas!$E324) -> 0 | V59: Sanidade (Homeostase da conscin) | W59: =IF(COUNTIF(B59:U59,"na")=20,"na",SUM(B59:U59)) -> 0 | X59: =IF(W59="na",0,W59/((20-COUNTIF(B59:U59,"na"))*1)) -> 0 | AD59: =AE59*100 -> 0
A60: 17 | B60: =IF(OR(Respostas!$E325="",Respostas!$E325="Selecione a Nota aqui."),0,Respostas!$E325) -> 0 | C60: =IF(OR(Respostas!$E326="",Respostas!$E326="Selecione a Nota aqui."),0,Respostas!$E326) -> 0 | D60: =IF(OR(Respostas!$E327="",Respostas!$E327="Selecione a Nota aqui."),0,Respostas!$E327) -> 0 | E60: =IF(OR(Respostas!$E328="",Respostas!$E328="Selecione a Nota aqui."),0,Respostas!$E328) -> 0 | F60: =IF(OR(Respostas!$E329="",Respostas!$E329="Selecione a Nota aqui."),0,Respostas!$E329) -> 0 | G60: =IF(OR(Respostas!$E330="",Respostas!$E330="Selecione a Nota aqui."),0,Respostas!$E330) -> 0 | H60: =IF(OR(Respostas!$E331="",Respostas!$E331="Selecione a Nota aqui."),0,Respostas!$E331) -> 0 | I60: =IF(OR(Respostas!$E332="",Respostas!$E332="Selecione a Nota aqui."),0,Respostas!$E332) -> 0 | J60: =IF(OR(Respostas!$E333="",Respostas!$E333="Selecione a Nota aqui."),0,Respostas!$E333) -> 0 | K60: =IF(OR(Respostas!$E334="",Respostas!$E334="Selecione a Nota aqui."),0,Respostas!$E334) -> 0 | L60: =IF(OR(Respostas!$E335="",Respostas!$E335="Selecione a Nota aqui."),0,Respostas!$E335) -> 0 | M60: =IF(OR(Respostas!$E336="",Respostas!$E336="Selecione a Nota aqui."),0,Respostas!$E336) -> 0 | N60: =IF(OR(Respostas!$E337="",Respostas!$E337="Selecione a Nota aqui."),0,Respostas!$E337) -> 0 | O60: =IF(OR(Respostas!$E338="",Respostas!$E338="Selecione a Nota aqui."),0,Respostas!$E338) -> 0 | P60: =IF(OR(Respostas!$E339="",Respostas!$E339="Selecione a Nota aqui."),0,Respostas!$E339) -> 0 | Q60: =IF(OR(Respostas!$E340="",Respostas!$E340="Selecione a Nota aqui."),0,Respostas!$E340) -> 0 | R60: =IF(OR(Respostas!$E341="",Respostas!$E341="Selecione a Nota aqui."),0,Respostas!$E341) -> 0 | S60: =IF(OR(Respostas!$E342="",Respostas!$E342="Selecione a Nota aqui."),0,Respostas!$E342) -> 0 | T60: =IF(OR(Respostas!$E343="",Respostas!$E343="Selecione a Nota aqui."),0,Respostas!$E343) -> 0 | U60: =IF(OR(Respostas!$E344="",Respostas!$E344="Selecione a Nota aqui."),0,Respostas!$E344) -> 0 | V60: Autodefensibilidade (Maturidade das profilaxias) | W60: =IF(COUNTIF(B60:U60,"na")=20,"na",SUM(B60:U60)) -> 0 | X60: =IF(W60="na",0,W60/((20-COUNTIF(B60:U60,"na"))*1)) -> 0 | AD60: =AE60*100 -> 0 | AE60: =X51 -> 0
A61: 18 | B61: =IF(OR(Respostas!$E345="",Respostas!$E345="Selecione a Nota aqui."),0,Respostas!$E345) -> 0 | C61: =IF(OR(Respostas!$E346="",Respostas!$E346="Selecione a Nota aqui."),0,Respostas!$E346) -> 0 | D61: =IF(OR(Respostas!$E347="",Respostas!$E347="Selecione a Nota aqui."),0,Respostas!$E347) -> 0 | E61: =IF(OR(Respostas!$E348="",Respostas!$E348="Selecione a Nota aqui."),0,Respostas!$E348) -> 0 | F61: =IF(OR(Respostas!$E349="",Respostas!$E349="Selecione a Nota aqui."),0,Respostas!$E349) -> 0 | G61: =IF(OR(Respostas!$E350="",Respostas!$E350="Selecione a Nota aqui."),0,Respostas!$E350) -> 0 | H61: =IF(OR(Respostas!$E351="",Respostas!$E351="Selecione a Nota aqui."),0,Respostas!$E351) -> 0 | I61: =IF(OR(Respostas!$E352="",Respostas!$E352="Selecione a Nota aqui."),0,Respostas!$E352) -> 0 | J61: =IF(OR(Respostas!$E353="",Respostas!$E353="Selecione a Nota aqui."),0,Respostas!$E353) -> 0 | K61: =IF(OR(Respostas!$E354="",Respostas!$E354="Selecione a Nota aqui."),0,Respostas!$E354) -> 0 | L61: =IF(OR(Respostas!$E355="",Respostas!$E355="Selecione a Nota aqui."),0,Respostas!$E355) -> 0 | M61: =IF(OR(Respostas!$E356="",Respostas!$E356="Selecione a Nota aqui."),0,Respostas!$E356) -> 0 | N61: =IF(OR(Respostas!$E357="",Respostas!$E357="Selecione a Nota aqui."),0,Respostas!$E357) -> 0 | O61: =IF(OR(Respostas!$E358="",Respostas!$E358="Selecione a Nota aqui."),0,Respostas!$E358) -> 0 | P61: =IF(OR(Respostas!$E359="",Respostas!$E359="Selecione a Nota aqui."),0,Respostas!$E359) -> 0 | Q61: =IF(OR(Respostas!$E360="",Respostas!$E360="Selecione a Nota aqui."),0,Respostas!$E360) -> 0 | R61: =IF(OR(Respostas!$E361="",Respostas!$E361="Selecione a Nota aqui."),0,Respostas!$E361) -> 0 | S61: =IF(OR(Respostas!$E362="",Respostas!$E362="Selecione a Nota aqui."),0,Respostas!$E362) -> 0 | T61: =IF(OR(Respostas!$E363="",Respostas!$E363="Selecione a Nota aqui."),0,Respostas!$E363) -> 0 | U61: =IF(OR(Respostas!$E364="",Respostas!$E364="Selecione a Nota aqui."),0,Respostas!$E364) -> 0 | V61: Aquisitividade (Auto-apego e autodesapego) | W61: =IF(COUNTIF(B61:U61,"na")=20,"na",SUM(B61:U61)) -> 0 | X61: =IF(W61="na",0,W61/((20-COUNTIF(B61:U61,"na"))*1)) -> 0 | AD61: =AE61*100 -> 0
A62: 19 | B62: =IF(OR(Respostas!$E365="",Respostas!$E365="Selecione a Nota aqui."),0,Respostas!$E365) -> 0 | C62: =IF(OR(Respostas!$E366="",Respostas!$E366="Selecione a Nota aqui."),0,Respostas!$E366) -> 0 | D62: =IF(OR(Respostas!$E367="",Respostas!$E367="Selecione a Nota aqui."),0,Respostas!$E367) -> 0 | E62: =IF(OR(Respostas!$E368="",Respostas!$E368="Selecione a Nota aqui."),0,Respostas!$E368) -> 0 | F62: =IF(OR(Respostas!$E369="",Respostas!$E369="Selecione a Nota aqui."),0,Respostas!$E369) -> 0 | G62: =IF(OR(Respostas!$E370="",Respostas!$E370="Selecione a Nota aqui."),0,Respostas!$E370) -> 0 | H62: =IF(OR(Respostas!$E371="",Respostas!$E371="Selecione a Nota aqui."),0,Respostas!$E371) -> 0 | I62: =IF(OR(Respostas!$E372="",Respostas!$E372="Selecione a Nota aqui."),0,Respostas!$E372) -> 0 | J62: =IF(OR(Respostas!$E373="",Respostas!$E373="Selecione a Nota aqui."),0,Respostas!$E373) -> 0 | K62: =IF(OR(Respostas!$E374="",Respostas!$E374="Selecione a Nota aqui."),0,Respostas!$E374) -> 0 | L62: =IF(OR(Respostas!$E375="",Respostas!$E375="Selecione a Nota aqui."),0,Respostas!$E375) -> 0 | M62: =IF(OR(Respostas!$E376="",Respostas!$E376="Selecione a Nota aqui."),0,Respostas!$E376) -> 0 | N62: =IF(OR(Respostas!$E377="",Respostas!$E377="Selecione a Nota aqui."),0,Respostas!$E377) -> 0 | O62: =IF(OR(Respostas!$E378="",Respostas!$E378="Selecione a Nota aqui."),0,Respostas!$E378) -> 0 | P62: =IF(OR(Respostas!$E379="",Respostas!$E379="Selecione a Nota aqui."),0,Respostas!$E379) -> 0 | Q62: =IF(OR(Respostas!$E380="",Respostas!$E380="Selecione a Nota aqui."),0,Respostas!$E380) -> 0 | R62: =IF(OR(Respostas!$E381="",Respostas!$E381="Selecione a Nota aqui."),0,Respostas!$E381) -> 0 | S62: =IF(OR(Respostas!$E382="",Respostas!$E382="Selecione a Nota aqui."),0,Respostas!$E382) -> 0 | T62: =IF(OR(Respostas!$E383="",Respostas!$E383="Selecione a Nota aqui."),0,Respostas!$E383) -> 0 | U62: =IF(OR(Respostas!$E384="",Respostas!$E384="Selecione a Nota aqui."),0,Respostas!$E384) -> 0 | V62: Desintoxidade (Autocompensações energéticas) | W62: =IF(COUNTIF(B62:U62,"na")=20,"na",SUM(B62:U62)) -> 0 | X62: =IF(W62="na",0,W62/((20-COUNTIF(B62:U62,"na"))*1)) -> 0 | AD62: =AE62*100 -> 0 | AE62: =X54 -> 0
A63: 20 | B63: =IF(OR(Respostas!$E385="",Respostas!$E385="Selecione a Nota aqui."),0,Respostas!$E385) -> 0 | C63: =IF(OR(Respostas!$E386="",Respostas!$E386="Selecione a Nota aqui."),0,Respostas!$E386) -> 0 | D63: =IF(OR(Respostas!$E387="",Respostas!$E387="Selecione a Nota aqui."),0,Respostas!$E387) -> 0 | E63: =IF(OR(Respostas!$E388="",Respostas!$E388="Selecione a Nota aqui."),0,Respostas!$E388) -> 0 | F63: =IF(OR(Respostas!$E389="",Respostas!$E389="Selecione a Nota aqui."),0,Respostas!$E389) -> 0 | G63: =IF(OR(Respostas!$E390="",Respostas!$E390="Selecione a Nota aqui."),0,Respostas!$E390) -> 0 | H63: =IF(OR(Respostas!$E391="",Respostas!$E391="Selecione a Nota aqui."),0,Respostas!$E391) -> 0 | I63: =IF(OR(Respostas!$E392="",Respostas!$E392="Selecione a Nota aqui."),0,Respostas!$E392) -> 0 | J63: =IF(OR(Respostas!$E393="",Respostas!$E393="Selecione a Nota aqui."),0,Respostas!$E393) -> 0 | K63: =IF(OR(Respostas!$E394="",Respostas!$E394="Selecione a Nota aqui."),0,Respostas!$E394) -> 0 | L63: =IF(OR(Respostas!$E395="",Respostas!$E395="Selecione a Nota aqui."),0,Respostas!$E395) -> 0 | M63: =IF(OR(Respostas!$E396="",Respostas!$E396="Selecione a Nota aqui."),0,Respostas!$E396) -> 0 | N63: =IF(OR(Respostas!$E397="",Respostas!$E397="Selecione a Nota aqui."),0,Respostas!$E397) -> 0 | O63: =IF(OR(Respostas!$E398="",Respostas!$E398="Selecione a Nota aqui."),0,Respostas!$E398) -> 0 | P63: =IF(OR(Respostas!$E399="",Respostas!$E399="Selecione a Nota aqui."),0,Respostas!$E399) -> 0 | Q63: =IF(OR(Respostas!$E400="",Respostas!$E400="Selecione a Nota aqui."),0,Respostas!$E400) -> 0 | R63: =IF(OR(Respostas!$E401="",Respostas!$E401="Selecione a Nota aqui."),0,Respostas!$E401) -> 0 | S63: =IF(OR(Respostas!$E402="",Respostas!$E402="Selecione a Nota aqui."),0,Respostas!$E402) -> 0 | T63: =IF(OR(Respostas!$E403="",Respostas!$E403="Selecione a Nota aqui."),0,Respostas!$E403) -> 0 | U63: =IF(OR(Respostas!$E404="",Respostas!$E404="Selecione a Nota aqui."),0,Respostas!$E404) -> 0 | V63: Holochacralidade (Conscin e corpo energético) | W63: =IF(COUNTIF(B63:U63,"na")=20,"na",SUM(B63:U63)) -> 0 | X63: =IF(W63="na",0,W63/((20-COUNTIF(B63:U63,"na"))*1)) -> 0 | AD63: =AE63*100 -> 0
AD64: =AE64*100 -> 0 | AE64: =X55 -> 0
B65: 1 | C65: 2 | D65: 3 | E65: 4 | F65: 5 | G65: 6 | H65: 7 | I65: 8 | J65: 9 | K65: 10 | L65: 11 | M65: 12 | N65: 13 | O65: 14 | P65: 15 | Q65: 16 | R65: 17 | S65: 18 | T65: 19 | U65: 20 | V65: ANTIEMOCIONALIDADE | W65: ST | X65: T | Y65: =SUM(W66:W75)/(IF(COUNTIF(X66:X75,">0")>0,COUNTIF(X66:X75,">0"),1)*20*1) -> 0 | AD65: =AE65*100 -> 0
A66: 21 | B66: =IF(OR(Respostas!$E405="",Respostas!$E405="Selecione a Nota aqui."),0,Respostas!$E405) -> 0 | C66: =IF(OR(Respostas!$E406="",Respostas!$E406="Selecione a Nota aqui."),0,Respostas!$E406) -> 0 | D66: =IF(OR(Respostas!$E407="",Respostas!$E407="Selecione a Nota aqui."),0,Respostas!$E407) -> 0 | E66: =IF(OR(Respostas!$E408="",Respostas!$E408="Selecione a Nota aqui."),0,Respostas!$E408) -> 0 | F66: =IF(OR(Respostas!$E409="",Respostas!$E409="Selecione a Nota aqui."),0,Respostas!$E409) -> 0 | G66: =IF(OR(Respostas!$E410="",Respostas!$E410="Selecione a Nota aqui."),0,Respostas!$E410) -> 0 | H66: =IF(OR(Respostas!$E411="",Respostas!$E411="Selecione a Nota aqui."),0,Respostas!$E411) -> 0 | I66: =IF(OR(Respostas!$E412="",Respostas!$E412="Selecione a Nota aqui."),0,Respostas!$E412) -> 0 | J66: =IF(OR(Respostas!$E413="",Respostas!$E413="Selecione a Nota aqui."),0,Respostas!$E413) -> 0 | K66: =IF(OR(Respostas!$E414="",Respostas!$E414="Selecione a Nota aqui."),0,Respostas!$E414) -> 0 | L66: =IF(OR(Respostas!$E415="",Respostas!$E415="Selecione a Nota aqui."),0,Respostas!$E415) -> 0 | M66: =IF(OR(Respostas!$E416="",Respostas!$E416="Selecione a Nota aqui."),0,Respostas!$E416) -> 0 | N66: =IF(OR(Respostas!$E417="",Respostas!$E417="Selecione a Nota aqui."),0,Respostas!$E417) -> 0 | O66: =IF(OR(Respostas!$E418="",Respostas!$E418="Selecione a Nota aqui."),0,Respostas!$E418) -> 0 | P66: =IF(OR(Respostas!$E419="",Respostas!$E419="Selecione a Nota aqui."),0,Respostas!$E419) -> 0 | Q66: =IF(OR(Respostas!$E420="",Respostas!$E420="Selecione a Nota aqui."),0,Respostas!$E420) -> 0 | R66: =IF(OR(Respostas!$E421="",Respostas!$E421="Selecione a Nota aqui."),0,Respostas!$E421) -> 0 | S66: =IF(OR(Respostas!$E422="",Respostas!$E422="Selecione a Nota aqui."),0,Respostas!$E422) -> 0 | T66: =IF(OR(Respostas!$E423="",Respostas!$E423="Selecione a Nota aqui."),0,Respostas!$E423) -> 0 | U66: =IF(OR(Respostas!$E424="",Respostas!$E424="Selecione a Nota aqui."),0,Respostas!$E424) -> 0 | V66: Anterior (Consciência pré-somática) | W66: =IF(COUNTIF(B66:U66,"na")=20,"na",SUM(B66:U66)) -> 0 | X66: =IF(W66="na",0,W66/((20-COUNTIF(B66:U66,"na"))*1)) -> 0 | AD66: =AE66*100 -> 0 | AE66: =X56 -> 0
A67: 22 | B67: =IF(OR(Respostas!$E425="",Respostas!$E425="Selecione a Nota aqui."),0,Respostas!$E425) -> 0 | C67: =IF(OR(Respostas!$E426="",Respostas!$E426="Selecione a Nota aqui."),0,Respostas!$E426) -> 0 | D67: =IF(OR(Respostas!$E427="",Respostas!$E427="Selecione a Nota aqui."),0,Respostas!$E427) -> 0 | E67: =IF(OR(Respostas!$E428="",Respostas!$E428="Selecione a Nota aqui."),0,Respostas!$E428) -> 0 | F67: =IF(OR(Respostas!$E429="",Respostas!$E429="Selecione a Nota aqui."),0,Respostas!$E429) -> 0 | G67: =IF(OR(Respostas!$E430="",Respostas!$E430="Selecione a Nota aqui."),0,Respostas!$E430) -> 0 | H67: =IF(OR(Respostas!$E431="",Respostas!$E431="Selecione a Nota aqui."),0,Respostas!$E431) -> 0 | I67: =IF(OR(Respostas!$E432="",Respostas!$E432="Selecione a Nota aqui."),0,Respostas!$E432) -> 0 | J67: =IF(OR(Respostas!$E433="",Respostas!$E433="Selecione a Nota aqui."),0,Respostas!$E433) -> 0 | K67: =IF(OR(Respostas!$E434="",Respostas!$E434="Selecione a Nota aqui."),0,Respostas!$E434) -> 0 | L67: =IF(OR(Respostas!$E435="",Respostas!$E435="Selecione a Nota aqui."),0,Respostas!$E435) -> 0 | M67: =IF(OR(Respostas!$E436="",Respostas!$E436="Selecione a Nota aqui."),0,Respostas!$E436) -> 0 | N67: =IF(OR(Respostas!$E437="",Respostas!$E437="Selecione a Nota aqui."),0,Respostas!$E437) -> 0 | O67: =IF(OR(Respostas!$E438="",Respostas!$E438="Selecione a Nota aqui."),0,Respostas!$E438) -> 0 | P67: =IF(OR(Respostas!$E439="",Respostas!$E439="Selecione a Nota aqui."),0,Respostas!$E439) -> 0 | Q67: =IF(OR(Respostas!$E440="",Respostas!$E440="Selecione a Nota aqui."),0,Respostas!$E440) -> 0 | R67: =IF(OR(Respostas!$E441="",Respostas!$E441="Selecione a Nota aqui."),0,Respostas!$E441) -> 0 | S67: =IF(OR(Respostas!$E442="",Respostas!$E442="Selecione a Nota aqui."),0,Respostas!$E442) -> 0 | T67: =IF(OR(Respostas!$E443="",Respostas!$E443="Selecione a Nota aqui."),0,Respostas!$E443) -> 0 | U67: =IF(OR(Respostas!$E444="",Respostas!$E444="Selecione a Nota aqui."),0,Respostas!$E444) -> 0 | V67: Potencialidade (Coragem da consciência) | W67: =IF(COUNTIF(B67:U67,"na")=20,"na",SUM(B67:U67)) -> 0 | X67: =IF(W67="na",0,W67/((20-COUNTIF(B67:U67,"na"))*1)) -> 0 | AD67: =AE67*100 -> 0
A68: 23 | B68: =IF(OR(Respostas!$E445="",Respostas!$E445="Selecione a Nota aqui."),0,Respostas!$E445) -> 0 | C68: =IF(OR(Respostas!$E446="",Respostas!$E446="Selecione a Nota aqui."),0,Respostas!$E446) -> 0 | D68: =IF(OR(Respostas!$E447="",Respostas!$E447="Selecione a Nota aqui."),0,Respostas!$E447) -> 0 | E68: =IF(OR(Respostas!$E448="",Respostas!$E448="Selecione a Nota aqui."),0,Respostas!$E448) -> 0 | F68: =IF(OR(Respostas!$E449="",Respostas!$E449="Selecione a Nota aqui."),0,Respostas!$E449) -> 0 | G68: =IF(OR(Respostas!$E450="",Respostas!$E450="Selecione a Nota aqui."),0,Respostas!$E450) -> 0 | H68: =IF(OR(Respostas!$E451="",Respostas!$E451="Selecione a Nota aqui."),0,Respostas!$E451) -> 0 | I68: =IF(OR(Respostas!$E452="",Respostas!$E452="Selecione a Nota aqui."),0,Respostas!$E452) -> 0 | J68: =IF(OR(Respostas!$E453="",Respostas!$E453="Selecione a Nota aqui."),0,Respostas!$E453) -> 0 | K68: =IF(OR(Respostas!$E454="",Respostas!$E454="Selecione a Nota aqui."),0,Respostas!$E454) -> 0 | L68: =IF(OR(Respostas!$E455="",Respostas!$E455="Selecione a Nota aqui."),0,Respostas!$E455) -> 0 | M68: =IF(OR(Respostas!$E456="",Respostas!$E456="Selecione a Nota aqui."),0,Respostas!$E456) -> 0 | N68: =IF(OR(Respostas!$E457="",Respostas!$E457="Selecione a Nota aqui."),0,Respostas!$E457) -> 0 | O68: =IF(OR(Respostas!$E458="",Respostas!$E458="Selecione a Nota aqui."),0,Respostas!$E458) -> 0 | P68: =IF(OR(Respostas!$E459="",Respostas!$E459="Selecione a Nota aqui."),0,Respostas!$E459) -> 0 | Q68: =IF(OR(Respostas!$E460="",Respostas!$E460="Selecione a Nota aqui."),0,Respostas!$E460) -> 0 | R68: =IF(OR(Respostas!$E461="",Respostas!$E461="Selecione a Nota aqui."),0,Respostas!$E461) -> 0 | S68: =IF(OR(Respostas!$E462="",Respostas!$E462="Selecione a Nota aqui."),0,Respostas!$E462) -> 0 | T68: =IF(OR(Respostas!$E463="",Respostas!$E463="Selecione a Nota aqui."),0,Respostas!$E463) -> 0 | U68: =IF(OR(Respostas!$E464="",Respostas!$E464="Selecione a Nota aqui."),0,Respostas!$E464) -> 0 | V68: Serenidade (Consciência e Serenismo) | W68: =IF(COUNTIF(B68:U68,"na")=20,"na",SUM(B68:U68)) -> 0 | X68: =IF(W68="na",0,W68/((20-COUNTIF(B68:U68,"na"))*1)) -> 0 | AD68: =AE68*100 -> 0 | AE68: =X57 -> 0
A69: 24 | B69: =IF(OR(Respostas!$E465="",Respostas!$E465="Selecione a Nota aqui."),0,Respostas!$E465) -> 0 | C69: =IF(OR(Respostas!$E466="",Respostas!$E466="Selecione a Nota aqui."),0,Respostas!$E466) -> 0 | D69: =IF(OR(Respostas!$E467="",Respostas!$E467="Selecione a Nota aqui."),0,Respostas!$E467) -> 0 | E69: =IF(OR(Respostas!$E468="",Respostas!$E468="Selecione a Nota aqui."),0,Respostas!$E468) -> 0 | F69: =IF(OR(Respostas!$E469="",Respostas!$E469="Selecione a Nota aqui."),0,Respostas!$E469) -> 0 | G69: =IF(OR(Respostas!$E470="",Respostas!$E470="Selecione a Nota aqui."),0,Respostas!$E470) -> 0 | H69: =IF(OR(Respostas!$E471="",Respostas!$E471="Selecione a Nota aqui."),0,Respostas!$E471) -> 0 | I69: =IF(OR(Respostas!$E472="",Respostas!$E472="Selecione a Nota aqui."),0,Respostas!$E472) -> 0 | J69: =IF(OR(Respostas!$E473="",Respostas!$E473="Selecione a Nota aqui."),0,Respostas!$E473) -> 0 | K69: =IF(OR(Respostas!$E474="",Respostas!$E474="Selecione a Nota aqui."),0,Respostas!$E474) -> 0 | L69: =IF(OR(Respostas!$E475="",Respostas!$E475="Selecione a Nota aqui."),0,Respostas!$E475) -> 0 | M69: =IF(OR(Respostas!$E476="",Respostas!$E476="Selecione a Nota aqui."),0,Respostas!$E476) -> 0 | N69: =IF(OR(Respostas!$E477="",Respostas!$E477="Selecione a Nota aqui."),0,Respostas!$E477) -> 0 | O69: =IF(OR(Respostas!$E478="",Respostas!$E478="Selecione a Nota aqui."),0,Respostas!$E478) -> 0 | P69: =IF(OR(Respostas!$E479="",Respostas!$E479="Selecione a Nota aqui."),0,Respostas!$E479) -> 0 | Q69: =IF(OR(Respostas!$E480="",Respostas!$E480="Selecione a Nota aqui."),0,Respostas!$E480) -> 0 | R69: =IF(OR(Respostas!$E481="",Respostas!$E481="Selecione a Nota aqui."),0,Respostas!$E481) -> 0 | S69: =IF(OR(Respostas!$E482="",Respostas!$E482="Selecione a Nota aqui."),0,Respostas!$E482) -> 0 | T69: =IF(OR(Respostas!$E483="",Respostas!$E483="Selecione a Nota aqui."),0,Respostas!$E483) -> 0 | U69: =IF(OR(Respostas!$E484="",Respostas!$E484="Selecione a Nota aqui."),0,Respostas!$E484) -> 0 | V69: Cardiochacralidade (Emocionalidade dominante) | W69: =IF(COUNTIF(B69:U69,"na")=20,"na",SUM(B69:U69)) -> 0 | X69: =IF(W69="na",0,W69/((20-COUNTIF(B69:U69,"na"))*1)) -> 0 | AC69: =V53 -> BIOENERGÉTICA | AD69: =AE69*100 -> 0
A70: 25 | B70: =IF(OR(Respostas!$E485="",Respostas!$E485="Selecione a Nota aqui."),0,Respostas!$E485) -> 0 | C70: =IF(OR(Respostas!$E486="",Respostas!$E486="Selecione a Nota aqui."),0,Respostas!$E486) -> 0 | D70: =IF(OR(Respostas!$E487="",Respostas!$E487="Selecione a Nota aqui."),0,Respostas!$E487) -> 0 | E70: =IF(OR(Respostas!$E488="",Respostas!$E488="Selecione a Nota aqui."),0,Respostas!$E488) -> 0 | F70: =IF(OR(Respostas!$E489="",Respostas!$E489="Selecione a Nota aqui."),0,Respostas!$E489) -> 0 | G70: =IF(OR(Respostas!$E490="",Respostas!$E490="Selecione a Nota aqui."),0,Respostas!$E490) -> 0 | H70: =IF(OR(Respostas!$E491="",Respostas!$E491="Selecione a Nota aqui."),0,Respostas!$E491) -> 0 | I70: =IF(OR(Respostas!$E492="",Respostas!$E492="Selecione a Nota aqui."),0,Respostas!$E492) -> 0 | J70: =IF(OR(Respostas!$E493="",Respostas!$E493="Selecione a Nota aqui."),0,Respostas!$E493) -> 0 | K70: =IF(OR(Respostas!$E494="",Respostas!$E494="Selecione a Nota aqui."),0,Respostas!$E494) -> 0 | L70: =IF(OR(Respostas!$E495="",Respostas!$E495="Selecione a Nota aqui."),0,Respostas!$E495) -> 0 | M70: =IF(OR(Respostas!$E496="",Respostas!$E496="Selecione a Nota aqui."),0,Respostas!$E496) -> 0 | N70: =IF(OR(Respostas!$E497="",Respostas!$E497="Selecione a Nota aqui."),0,Respostas!$E497) -> 0 | O70: =IF(OR(Respostas!$E498="",Respostas!$E498="Selecione a Nota aqui."),0,Respostas!$E498) -> 0 | P70: =IF(OR(Respostas!$E499="",Respostas!$E499="Selecione a Nota aqui."),0,Respostas!$E499) -> 0 | Q70: =IF(OR(Respostas!$E500="",Respostas!$E500="Selecione a Nota aqui."),0,Respostas!$E500) -> 0 | R70: =IF(OR(Respostas!$E501="",Respostas!$E501="Selecione a Nota aqui."),0,Respostas!$E501) -> 0 | S70: =IF(OR(Respostas!$E502="",Respostas!$E502="Selecione a Nota aqui."),0,Respostas!$E502) -> 0 | T70: =IF(OR(Respostas!$E503="",Respostas!$E503="Selecione a Nota aqui."),0,Respostas!$E503) -> 0 | U70: =IF(OR(Respostas!$E504="",Respostas!$E504="Selecione a Nota aqui."),0,Respostas!$E504) -> 0 | V70: Utilidade (Conscin e tempo livre) | W70: =IF(COUNTIF(B70:U70,"na")=20,"na",SUM(B70:U70)) -> 0 | X70: =IF(W70="na",0,W70/((20-COUNTIF(B70:U70,"na"))*1)) -> 0 | AD70: =AE70*100 -> 0 | AE70: =X58 -> 0
A71: 26 | B71: =IF(OR(Respostas!$E505="",Respostas!$E505="Selecione a Nota aqui."),0,Respostas!$E505) -> 0 | C71: =IF(OR(Respostas!$E506="",Respostas!$E506="Selecione a Nota aqui."),0,Respostas!$E506) -> 0 | D71: =IF(OR(Respostas!$E507="",Respostas!$E507="Selecione a Nota aqui."),0,Respostas!$E507) -> 0 | E71: =IF(OR(Respostas!$E508="",Respostas!$E508="Selecione a Nota aqui."),0,Respostas!$E508) -> 0 | F71: =IF(OR(Respostas!$E509="",Respostas!$E509="Selecione a Nota aqui."),0,Respostas!$E509) -> 0 | G71: =IF(OR(Respostas!$E510="",Respostas!$E510="Selecione a Nota aqui."),0,Respostas!$E510) -> 0 | H71: =IF(OR(Respostas!$E511="",Respostas!$E511="Selecione a Nota aqui."),0,Respostas!$E511) -> 0 | I71: =IF(OR(Respostas!$E512="",Respostas!$E512="Selecione a Nota aqui."),0,Respostas!$E512) -> 0 | J71: =IF(OR(Respostas!$E513="",Respostas!$E513="Selecione a Nota aqui."),0,Respostas!$E513) -> 0 | K71: =IF(OR(Respostas!$E514="",Respostas!$E514="Selecione a Nota aqui."),0,Respostas!$E514) -> 0 | L71: =IF(OR(Respostas!$E515="",Respostas!$E515="Selecione a Nota aqui."),0,Respostas!$E515) -> 0 | M71: =IF(OR(Respostas!$E516="",Respostas!$E516="Selecione a Nota aqui."),0,Respostas!$E516) -> 0 | N71: =IF(OR(Respostas!$E517="",Respostas!$E517="Selecione a Nota aqui."),0,Respostas!$E517) -> 0 | O71: =IF(OR(Respostas!$E518="",Respostas!$E518="Selecione a Nota aqui."),0,Respostas!$E518) -> 0 | P71: =IF(OR(Respostas!$E519="",Respostas!$E519="Selecione a Nota aqui."),0,Respostas!$E519) -> 0 | Q71: =IF(OR(Respostas!$E520="",Respostas!$E520="Selecione a Nota aqui."),0,Respostas!$E520) -> 0 | R71: =IF(OR(Respostas!$E521="",Respostas!$E521="Selecione a Nota aqui."),0,Respostas!$E521) -> 0 | S71: =IF(OR(Respostas!$E522="",Respostas!$E522="Selecione a Nota aqui."),0,Respostas!$E522) -> 0 | T71: =IF(OR(Respostas!$E523="",Respostas!$E523="Selecione a Nota aqui."),0,Respostas!$E523) -> 0 | U71: =IF(OR(Respostas!$E524="",Respostas!$E524="Selecione a Nota aqui."),0,Respostas!$E524) -> 0 | V71: Profundidade (Auto-educação e superstições) | W71: =IF(COUNTIF(B71:U71,"na")=20,"na",SUM(B71:U71)) -> 0 | X71: =IF(W71="na",0,W71/((20-COUNTIF(B71:U71,"na"))*1)) -> 0 | AD71: =AE71*100 -> 0
A72: 27 | B72: =IF(OR(Respostas!$E525="",Respostas!$E525="Selecione a Nota aqui."),0,Respostas!$E525) -> 0 | C72: =IF(OR(Respostas!$E526="",Respostas!$E526="Selecione a Nota aqui."),0,Respostas!$E526) -> 0 | D72: =IF(OR(Respostas!$E527="",Respostas!$E527="Selecione a Nota aqui."),0,Respostas!$E527) -> 0 | E72: =IF(OR(Respostas!$E528="",Respostas!$E528="Selecione a Nota aqui."),0,Respostas!$E528) -> 0 | F72: =IF(OR(Respostas!$E529="",Respostas!$E529="Selecione a Nota aqui."),0,Respostas!$E529) -> 0 | G72: =IF(OR(Respostas!$E530="",Respostas!$E530="Selecione a Nota aqui."),0,Respostas!$E530) -> 0 | H72: =IF(OR(Respostas!$E531="",Respostas!$E531="Selecione a Nota aqui."),0,Respostas!$E531) -> 0 | I72: =IF(OR(Respostas!$E532="",Respostas!$E532="Selecione a Nota aqui."),0,Respostas!$E532) -> 0 | J72: =IF(OR(Respostas!$E533="",Respostas!$E533="Selecione a Nota aqui."),0,Respostas!$E533) -> 0 | K72: =IF(OR(Respostas!$E534="",Respostas!$E534="Selecione a Nota aqui."),0,Respostas!$E534) -> 0 | L72: =IF(OR(Respostas!$E535="",Respostas!$E535="Selecione a Nota aqui."),0,Respostas!$E535) -> 0 | M72: =IF(OR(Respostas!$E536="",Respostas!$E536="Selecione a Nota aqui."),0,Respostas!$E536) -> 0 | N72: =IF(OR(Respostas!$E537="",Respostas!$E537="Selecione a Nota aqui."),0,Respostas!$E537) -> 0 | O72: =IF(OR(Respostas!$E538="",Respostas!$E538="Selecione a Nota aqui."),0,Respostas!$E538) -> 0 | P72: =IF(OR(Respostas!$E539="",Respostas!$E539="Selecione a Nota aqui."),0,Respostas!$E539) -> 0 | Q72: =IF(OR(Respostas!$E540="",Respostas!$E540="Selecione a Nota aqui."),0,Respostas!$E540) -> 0 | R72: =IF(OR(Respostas!$E541="",Respostas!$E541="Selecione a Nota aqui."),0,Respostas!$E541) -> 0 | S72: =IF(OR(Respostas!$E542="",Respostas!$E542="Selecione a Nota aqui."),0,Respostas!$E542) -> 0 | T72: =IF(OR(Respostas!$E543="",Respostas!$E543="Selecione a Nota aqui."),0,Respostas!$E543) -> 0 | U72: =IF(OR(Respostas!$E544="",Respostas!$E544="Selecione a Nota aqui."),0,Respostas!$E544) -> 0 | V72: Influenciabilidade (Conscin-satélite) | W72: =IF(COUNTIF(B72:U72,"na")=20,"na",SUM(B72:U72)) -> 0 | X72: =IF(W72="na",0,W72/((20-COUNTIF(B72:U72,"na"))*1)) -> 0 | AD72: =AE72*100 -> 0 | AE72: =X59 -> 0
A73: 28 | B73: =IF(OR(Respostas!$E545="",Respostas!$E545="Selecione a Nota aqui."),0,Respostas!$E545) -> 0 | C73: =IF(OR(Respostas!$E546="",Respostas!$E546="Selecione a Nota aqui."),0,Respostas!$E546) -> 0 | D73: =IF(OR(Respostas!$E547="",Respostas!$E547="Selecione a Nota aqui."),0,Respostas!$E547) -> 0 | E73: =IF(OR(Respostas!$E548="",Respostas!$E548="Selecione a Nota aqui."),0,Respostas!$E548) -> 0 | F73: =IF(OR(Respostas!$E549="",Respostas!$E549="Selecione a Nota aqui."),0,Respostas!$E549) -> 0 | G73: =IF(OR(Respostas!$E550="",Respostas!$E550="Selecione a Nota aqui."),0,Respostas!$E550) -> 0 | H73: =IF(OR(Respostas!$E551="",Respostas!$E551="Selecione a Nota aqui."),0,Respostas!$E551) -> 0 | I73: =IF(OR(Respostas!$E552="",Respostas!$E552="Selecione a Nota aqui."),0,Respostas!$E552) -> 0 | J73: =IF(OR(Respostas!$E553="",Respostas!$E553="Selecione a Nota aqui."),0,Respostas!$E553) -> 0 | K73: =IF(OR(Respostas!$E554="",Respostas!$E554="Selecione a Nota aqui."),0,Respostas!$E554) -> 0 | L73: =IF(OR(Respostas!$E555="",Respostas!$E555="Selecione a Nota aqui."),0,Respostas!$E555) -> 0 | M73: =IF(OR(Respostas!$E556="",Respostas!$E556="Selecione a Nota aqui."),0,Respostas!$E556) -> 0 | N73: =IF(OR(Respostas!$E557="",Respostas!$E557="Selecione a Nota aqui."),0,Respostas!$E557) -> 0 | O73: =IF(OR(Respostas!$E558="",Respostas!$E558="Selecione a Nota aqui."),0,Respostas!$E558) -> 0 | P73: =IF(OR(Respostas!$E559="",Respostas!$E559="Selecione a Nota aqui."),0,Respostas!$E559) -> 0 | Q73: =IF(OR(Respostas!$E560="",Respostas!$E560="Selecione a Nota aqui."),0,Respostas!$E560) -> 0 | R73: =IF(OR(Respostas!$E561="",Respostas!$E561="Selecione a Nota aqui."),0,Respostas!$E561) -> 0 | S73: =IF(OR(Respostas!$E562="",Respostas!$E562="Selecione a Nota aqui."),0,Respostas!$E562) -> 0 | T73: =IF(OR(Respostas!$E563="",Respostas!$E563="Selecione a Nota aqui."),0,Respostas!$E563) -> 0 | U73: =IF(OR(Respostas!$E564="",Respostas!$E564="Selecione a Nota aqui."),0,Respostas!$E564) -> 0 | V73: Paraperceptibilidade (Animismo-parapsiquismo) | W73: =IF(COUNTIF(B73:U73,"na")=20,"na",SUM(B73:U73)) -> 0 | X73: =IF(W73="na",0,W73/((20-COUNTIF(B73:U73,"na"))*1)) -> 0 | AD73: =AE73*100 -> 0
A74: 29 | B74: =IF(OR(Respostas!$E565="",Respostas!$E565="Selecione a Nota aqui."),0,Respostas!$E565) -> 0 | C74: =IF(OR(Respostas!$E566="",Respostas!$E566="Selecione a Nota aqui."),0,Respostas!$E566) -> 0 | D74: =IF(OR(Respostas!$E567="",Respostas!$E567="Selecione a Nota aqui."),0,Respostas!$E567) -> 0 | E74: =IF(OR(Respostas!$E568="",Respostas!$E568="Selecione a Nota aqui."),0,Respostas!$E568) -> 0 | F74: =IF(OR(Respostas!$E569="",Respostas!$E569="Selecione a Nota aqui."),0,Respostas!$E569) -> 0 | G74: =IF(OR(Respostas!$E570="",Respostas!$E570="Selecione a Nota aqui."),0,Respostas!$E570) -> 0 | H74: =IF(OR(Respostas!$E571="",Respostas!$E571="Selecione a Nota aqui."),0,Respostas!$E571) -> 0 | I74: =IF(OR(Respostas!$E572="",Respostas!$E572="Selecione a Nota aqui."),0,Respostas!$E572) -> 0 | J74: =IF(OR(Respostas!$E573="",Respostas!$E573="Selecione a Nota aqui."),0,Respostas!$E573) -> 0 | K74: =IF(OR(Respostas!$E574="",Respostas!$E574="Selecione a Nota aqui."),0,Respostas!$E574) -> 0 | L74: =IF(OR(Respostas!$E575="",Respostas!$E575="Selecione a Nota aqui."),0,Respostas!$E575) -> 0 | M74: =IF(OR(Respostas!$E576="",Respostas!$E576="Selecione a Nota aqui."),0,Respostas!$E576) -> 0 | N74: =IF(OR(Respostas!$E577="",Respostas!$E577="Selecione a Nota aqui."),0,Respostas!$E577) -> 0 | O74: =IF(OR(Respostas!$E578="",Respostas!$E578="Selecione a Nota aqui."),0,Respostas!$E578) -> 0 | P74: =IF(OR(Respostas!$E579="",Respostas!$E579="Selecione a Nota aqui."),0,Respostas!$E579) -> 0 | Q74: =IF(OR(Respostas!$E580="",Respostas!$E580="Selecione a Nota aqui."),0,Respostas!$E580) -> 0 | R74: =IF(OR(Respostas!$E581="",Respostas!$E581="Selecione a Nota aqui."),0,Respostas!$E581) -> 0 | S74: =IF(OR(Respostas!$E582="",Respostas!$E582="Selecione a Nota aqui."),0,Respostas!$E582) -> 0 | T74: =IF(OR(Respostas!$E583="",Respostas!$E583="Selecione a Nota aqui."),0,Respostas!$E583) -> 0 | U74: =IF(OR(Respostas!$E584="",Respostas!$E584="Selecione a Nota aqui."),0,Respostas!$E584) -> 0 | V74: Transcendentalidade (Conscin e misticismo) | W74: =IF(COUNTIF(B74:U74,"na")=20,"na",SUM(B74:U74)) -> 0 | X74: =IF(W74="na",0,W74/((20-COUNTIF(B74:U74,"na"))*1)) -> 0 | AD74: =AE74*100 -> 0 | AE74: =X60 -> 0
A75: 30 | B75: =IF(OR(Respostas!$E585="",Respostas!$E585="Selecione a Nota aqui."),0,Respostas!$E585) -> 0 | C75: =IF(OR(Respostas!$E586="",Respostas!$E586="Selecione a Nota aqui."),0,Respostas!$E586) -> 0 | D75: =IF(OR(Respostas!$E587="",Respostas!$E587="Selecione a Nota aqui."),0,Respostas!$E587) -> 0 | E75: =IF(OR(Respostas!$E588="",Respostas!$E588="Selecione a Nota aqui."),0,Respostas!$E588) -> 0 | F75: =IF(OR(Respostas!$E589="",Respostas!$E589="Selecione a Nota aqui."),0,Respostas!$E589) -> 0 | G75: =IF(OR(Respostas!$E590="",Respostas!$E590="Selecione a Nota aqui."),0,Respostas!$E590) -> 0 | H75: =IF(OR(Respostas!$E591="",Respostas!$E591="Selecione a Nota aqui."),0,Respostas!$E591) -> 0 | I75: =IF(OR(Respostas!$E592="",Respostas!$E592="Selecione a Nota aqui."),0,Respostas!$E592) -> 0 | J75: =IF(OR(Respostas!$E593="",Respostas!$E593="Selecione a Nota aqui."),0,Respostas!$E593) -> 0 | K75: =IF(OR(Respostas!$E594="",Respostas!$E594="Selecione a Nota aqui."),0,Respostas!$E594) -> 0 | L75: =IF(OR(Respostas!$E595="",Respostas!$E595="Selecione a Nota aqui."),0,Respostas!$E595) -> 0 | M75: =IF(OR(Respostas!$E596="",Respostas!$E596="Selecione a Nota aqui."),0,Respostas!$E596) -> 0 | N75: =IF(OR(Respostas!$E597="",Respostas!$E597="Selecione a Nota aqui."),0,Respostas!$E597) -> 0 | O75: =IF(OR(Respostas!$E598="",Respostas!$E598="Selecione a Nota aqui."),0,Respostas!$E598) -> 0 | P75: =IF(OR(Respostas!$E599="",Respostas!$E599="Selecione a Nota aqui."),0,Respostas!$E599) -> 0 | Q75: =IF(OR(Respostas!$E600="",Respostas!$E600="Selecione a Nota aqui."),0,Respostas!$E600) -> 0 | R75: =IF(OR(Respostas!$E601="",Respostas!$E601="Selecione a Nota aqui."),0,Respostas!$E601) -> 0 | S75: =IF(OR(Respostas!$E602="",Respostas!$E602="Selecione a Nota aqui."),0,Respostas!$E602) -> 0 | T75: =IF(OR(Respostas!$E603="",Respostas!$E603="Selecione a Nota aqui."),0,Respostas!$E603) -> 0 | U75: =IF(OR(Respostas!$E604="",Respostas!$E604="Selecione a Nota aqui."),0,Respostas!$E604) -> 0 | V75: Egocarmalidade (Conscin e egoísmo) | W75: =IF(COUNTIF(B75:U75,"na")=20,"na",SUM(B75:U75)) -> 0 | X75: =IF(W75="na",0,W75/((20-COUNTIF(B75:U75,"na"))*1)) -> 0 | AD75: =AE75*100 -> 0
AD76: =AE76*100 -> 0 | AE76: =X61 -> 0
B77: 1 | C77: 2 | D77: 3 | E77: 4 | F77: 5 | G77: 6 | H77: 7 | I77: 8 | J77: 9 | K77: 10 | L77: 11 | M77: 12 | N77: 13 | O77: 14 | P77: 15 | Q77: 16 | R77: 17 | S77: 18 | T77: 19 | U77: 20 | V77: RACIONALIDADE | W77: ST | X77: T | Y77: =SUM(W78:W87)/(IF(COUNTIF(X78:X87,">0")>0,COUNTIF(X78:X87,">0"),1)*20*1) -> 0 | AD77: =AE77*100 -> 0
A78: 31 | B78: =IF(OR(Respostas!$E605="",Respostas!$E605="Selecione a Nota aqui."),0,Respostas!$E605) -> 0 | C78: =IF(OR(Respostas!$E606="",Respostas!$E606="Selecione a Nota aqui."),0,Respostas!$E606) -> 0 | D78: =IF(OR(Respostas!$E607="",Respostas!$E607="Selecione a Nota aqui."),0,Respostas!$E607) -> 0 | E78: =IF(OR(Respostas!$E608="",Respostas!$E608="Selecione a Nota aqui."),0,Respostas!$E608) -> 0 | F78: =IF(OR(Respostas!$E609="",Respostas!$E609="Selecione a Nota aqui."),0,Respostas!$E609) -> 0 | G78: =IF(OR(Respostas!$E610="",Respostas!$E610="Selecione a Nota aqui."),0,Respostas!$E610) -> 0 | H78: =IF(OR(Respostas!$E611="",Respostas!$E611="Selecione a Nota aqui."),0,Respostas!$E611) -> 0 | I78: =IF(OR(Respostas!$E612="",Respostas!$E612="Selecione a Nota aqui."),0,Respostas!$E612) -> 0 | J78: =IF(OR(Respostas!$E613="",Respostas!$E613="Selecione a Nota aqui."),0,Respostas!$E613) -> 0 | K78: =IF(OR(Respostas!$E614="",Respostas!$E614="Selecione a Nota aqui."),0,Respostas!$E614) -> 0 | L78: =IF(OR(Respostas!$E615="",Respostas!$E615="Selecione a Nota aqui."),0,Respostas!$E615) -> 0 | M78: =IF(OR(Respostas!$E616="",Respostas!$E616="Selecione a Nota aqui."),0,Respostas!$E616) -> 0 | N78: =IF(OR(Respostas!$E617="",Respostas!$E617="Selecione a Nota aqui."),0,Respostas!$E617) -> 0 | O78: =IF(OR(Respostas!$E618="",Respostas!$E618="Selecione a Nota aqui."),0,Respostas!$E618) -> 0 | P78: =IF(OR(Respostas!$E619="",Respostas!$E619="Selecione a Nota aqui."),0,Respostas!$E619) -> 0 | Q78: =IF(OR(Respostas!$E620="",Respostas!$E620="Selecione a Nota aqui."),0,Respostas!$E620) -> 0 | R78: =IF(OR(Respostas!$E621="",Respostas!$E621="Selecione a Nota aqui."),0,Respostas!$E621) -> 0 | S78: =IF(OR(Respostas!$E622="",Respostas!$E622="Selecione a Nota aqui."),0,Respostas!$E622) -> 0 | T78: =IF(OR(Respostas!$E623="",Respostas!$E623="Selecione a Nota aqui."),0,Respostas!$E623) -> 0 | U78: =IF(OR(Respostas!$E624="",Respostas!$E624="Selecione a Nota aqui."),0,Respostas!$E624) -> 0 | V78: Invulgaridade (Consciência e talentos) | W78: =IF(COUNTIF(B78:U78,"na")=20,"na",SUM(B78:U78)) -> 0 | X78: =IF(W78="na",0,W78/((20-COUNTIF(B78:U78,"na"))*1)) -> 0 | AD78: =AE78*100 -> 0 | AE78: =X62 -> 0
A79: 32 | B79: =IF(OR(Respostas!$E625="",Respostas!$E625="Selecione a Nota aqui."),0,Respostas!$E625) -> 0 | C79: =IF(OR(Respostas!$E626="",Respostas!$E626="Selecione a Nota aqui."),0,Respostas!$E626) -> 0 | D79: =IF(OR(Respostas!$E627="",Respostas!$E627="Selecione a Nota aqui."),0,Respostas!$E627) -> 0 | E79: =IF(OR(Respostas!$E628="",Respostas!$E628="Selecione a Nota aqui."),0,Respostas!$E628) -> 0 | F79: =IF(OR(Respostas!$E629="",Respostas!$E629="Selecione a Nota aqui."),0,Respostas!$E629) -> 0 | G79: =IF(OR(Respostas!$E630="",Respostas!$E630="Selecione a Nota aqui."),0,Respostas!$E630) -> 0 | H79: =IF(OR(Respostas!$E631="",Respostas!$E631="Selecione a Nota aqui."),0,Respostas!$E631) -> 0 | I79: =IF(OR(Respostas!$E632="",Respostas!$E632="Selecione a Nota aqui."),0,Respostas!$E632) -> 0 | J79: =IF(OR(Respostas!$E633="",Respostas!$E633="Selecione a Nota aqui."),0,Respostas!$E633) -> 0 | K79: =IF(OR(Respostas!$E634="",Respostas!$E634="Selecione a Nota aqui."),0,Respostas!$E634) -> 0 | L79: =IF(OR(Respostas!$E635="",Respostas!$E635="Selecione a Nota aqui."),0,Respostas!$E635) -> 0 | M79: =IF(OR(Respostas!$E636="",Respostas!$E636="Selecione a Nota aqui."),0,Respostas!$E636) -> 0 | N79: =IF(OR(Respostas!$E637="",Respostas!$E637="Selecione a Nota aqui."),0,Respostas!$E637) -> 0 | O79: =IF(OR(Respostas!$E638="",Respostas!$E638="Selecione a Nota aqui."),0,Respostas!$E638) -> 0 | P79: =IF(OR(Respostas!$E639="",Respostas!$E639="Selecione a Nota aqui."),0,Respostas!$E639) -> 0 | Q79: =IF(OR(Respostas!$E640="",Respostas!$E640="Selecione a Nota aqui."),0,Respostas!$E640) -> 0 | R79: =IF(OR(Respostas!$E641="",Respostas!$E641="Selecione a Nota aqui."),0,Respostas!$E641) -> 0 | S79: =IF(OR(Respostas!$E642="",Respostas!$E642="Selecione a Nota aqui."),0,Respostas!$E642) -> 0 | T79: =IF(OR(Respostas!$E643="",Respostas!$E643="Selecione a Nota aqui."),0,Respostas!$E643) -> 0 | U79: =IF(OR(Respostas!$E644="",Respostas!$E644="Selecione a Nota aqui."),0,Respostas!$E644) -> 0 | V79: Racionalidade (Conscin e mentalsoma) | W79: =IF(COUNTIF(B79:U79,"na")=20,"na",SUM(B79:U79)) -> 0 | X79: =IF(W79="na",0,W79/((20-COUNTIF(B79:U79,"na"))*1)) -> 0 | AD79: =AE79*100 -> 0
A80: 33 | B80: =IF(OR(Respostas!$E645="",Respostas!$E645="Selecione a Nota aqui."),0,Respostas!$E645) -> 0 | C80: =IF(OR(Respostas!$E646="",Respostas!$E646="Selecione a Nota aqui."),0,Respostas!$E646) -> 0 | D80: =IF(OR(Respostas!$E647="",Respostas!$E647="Selecione a Nota aqui."),0,Respostas!$E647) -> 0 | E80: =IF(OR(Respostas!$E648="",Respostas!$E648="Selecione a Nota aqui."),0,Respostas!$E648) -> 0 | F80: =IF(OR(Respostas!$E649="",Respostas!$E649="Selecione a Nota aqui."),0,Respostas!$E649) -> 0 | G80: =IF(OR(Respostas!$E650="",Respostas!$E650="Selecione a Nota aqui."),0,Respostas!$E650) -> 0 | H80: =IF(OR(Respostas!$E651="",Respostas!$E651="Selecione a Nota aqui."),0,Respostas!$E651) -> 0 | I80: =IF(OR(Respostas!$E652="",Respostas!$E652="Selecione a Nota aqui."),0,Respostas!$E652) -> 0 | J80: =IF(OR(Respostas!$E653="",Respostas!$E653="Selecione a Nota aqui."),0,Respostas!$E653) -> 0 | K80: =IF(OR(Respostas!$E654="",Respostas!$E654="Selecione a Nota aqui."),0,Respostas!$E654) -> 0 | L80: =IF(OR(Respostas!$E655="",Respostas!$E655="Selecione a Nota aqui."),0,Respostas!$E655) -> 0 | M80: =IF(OR(Respostas!$E656="",Respostas!$E656="Selecione a Nota aqui."),0,Respostas!$E656) -> 0 | N80: =IF(OR(Respostas!$E657="",Respostas!$E657="Selecione a Nota aqui."),0,Respostas!$E657) -> 0 | O80: =IF(OR(Respostas!$E658="",Respostas!$E658="Selecione a Nota aqui."),0,Respostas!$E658) -> 0 | P80: =IF(OR(Respostas!$E659="",Respostas!$E659="Selecione a Nota aqui."),0,Respostas!$E659) -> 0 | Q80: =IF(OR(Respostas!$E660="",Respostas!$E660="Selecione a Nota aqui."),0,Respostas!$E660) -> 0 | R80: =IF(OR(Respostas!$E661="",Respostas!$E661="Selecione a Nota aqui."),0,Respostas!$E661) -> 0 | S80: =IF(OR(Respostas!$E662="",Respostas!$E662="Selecione a Nota aqui."),0,Respostas!$E662) -> 0 | T80: =IF(OR(Respostas!$E663="",Respostas!$E663="Selecione a Nota aqui."),0,Respostas!$E663) -> 0 | U80: =IF(OR(Respostas!$E664="",Respostas!$E664="Selecione a Nota aqui."),0,Respostas!$E664) -> 0 | V80: Intelectualidade (Conscin e inteligências) | W80: =IF(COUNTIF(B80:U80,"na")=20,"na",SUM(B80:U80)) -> 0 | X80: =IF(W80="na",0,W80/((20-COUNTIF(B80:U80,"na"))*1)) -> 0 | AD80: =AE80*100 -> 0 | AE80: =X63 -> 0
A81: 34 | B81: =IF(OR(Respostas!$E665="",Respostas!$E665="Selecione a Nota aqui."),0,Respostas!$E665) -> 0 | C81: =IF(OR(Respostas!$E666="",Respostas!$E666="Selecione a Nota aqui."),0,Respostas!$E666) -> 0 | D81: =IF(OR(Respostas!$E667="",Respostas!$E667="Selecione a Nota aqui."),0,Respostas!$E667) -> 0 | E81: =IF(OR(Respostas!$E668="",Respostas!$E668="Selecione a Nota aqui."),0,Respostas!$E668) -> 0 | F81: =IF(OR(Respostas!$E669="",Respostas!$E669="Selecione a Nota aqui."),0,Respostas!$E669) -> 0 | G81: =IF(OR(Respostas!$E670="",Respostas!$E670="Selecione a Nota aqui."),0,Respostas!$E670) -> 0 | H81: =IF(OR(Respostas!$E671="",Respostas!$E671="Selecione a Nota aqui."),0,Respostas!$E671) -> 0 | I81: =IF(OR(Respostas!$E672="",Respostas!$E672="Selecione a Nota aqui."),0,Respostas!$E672) -> 0 | J81: =IF(OR(Respostas!$E673="",Respostas!$E673="Selecione a Nota aqui."),0,Respostas!$E673) -> 0 | K81: =IF(OR(Respostas!$E674="",Respostas!$E674="Selecione a Nota aqui."),0,Respostas!$E674) -> 0 | L81: =IF(OR(Respostas!$E675="",Respostas!$E675="Selecione a Nota aqui."),0,Respostas!$E675) -> 0 | M81: =IF(OR(Respostas!$E676="",Respostas!$E676="Selecione a Nota aqui."),0,Respostas!$E676) -> 0 | N81: =IF(OR(Respostas!$E677="",Respostas!$E677="Selecione a Nota aqui."),0,Respostas!$E677) -> 0 | O81: =IF(OR(Respostas!$E678="",Respostas!$E678="Selecione a Nota aqui."),0,Respostas!$E678) -> 0 | P81: =IF(OR(Respostas!$E679="",Respostas!$E679="Selecione a Nota aqui."),0,Respostas!$E679) -> 0 | Q81: =IF(OR(Respostas!$E680="",Respostas!$E680="Selecione a Nota aqui."),0,Respostas!$E680) -> 0 | R81: =IF(OR(Respostas!$E681="",Respostas!$E681="Selecione a Nota aqui."),0,Respostas!$E681) -> 0 | S81: =IF(OR(Respostas!$E682="",Respostas!$E682="Selecione a Nota aqui."),0,Respostas!$E682) -> 0 | T81: =IF(OR(Respostas!$E683="",Respostas!$E683="Selecione a Nota aqui."),0,Respostas!$E683) -> 0 | U81: =IF(OR(Respostas!$E684="",Respostas!$E684="Selecione a Nota aqui."),0,Respostas!$E684) -> 0 | V81: Personalidade (Temperamento pessoal) | W81: =IF(COUNTIF(B81:U81,"na")=20,"na",SUM(B81:U81)) -> 0 | X81: =IF(W81="na",0,W81/((20-COUNTIF(B81:U81,"na"))*1)) -> 0 | AD81: =AE81*100 -> 0
A82: 35 | B82: =IF(OR(Respostas!$E685="",Respostas!$E685="Selecione a Nota aqui."),0,Respostas!$E685) -> 0 | C82: =IF(OR(Respostas!$E686="",Respostas!$E686="Selecione a Nota aqui."),0,Respostas!$E686) -> 0 | D82: =IF(OR(Respostas!$E687="",Respostas!$E687="Selecione a Nota aqui."),0,Respostas!$E687) -> 0 | E82: =IF(OR(Respostas!$E688="",Respostas!$E688="Selecione a Nota aqui."),0,Respostas!$E688) -> 0 | F82: =IF(OR(Respostas!$E689="",Respostas!$E689="Selecione a Nota aqui."),0,Respostas!$E689) -> 0 | G82: =IF(OR(Respostas!$E690="",Respostas!$E690="Selecione a Nota aqui."),0,Respostas!$E690) -> 0 | H82: =IF(OR(Respostas!$E691="",Respostas!$E691="Selecione a Nota aqui."),0,Respostas!$E691) -> 0 | I82: =IF(OR(Respostas!$E692="",Respostas!$E692="Selecione a Nota aqui."),0,Respostas!$E692) -> 0 | J82: =IF(OR(Respostas!$E693="",Respostas!$E693="Selecione a Nota aqui."),0,Respostas!$E693) -> 0 | K82: =IF(OR(Respostas!$E694="",Respostas!$E694="Selecione a Nota aqui."),0,Respostas!$E694) -> 0 | L82: =IF(OR(Respostas!$E695="",Respostas!$E695="Selecione a Nota aqui."),0,Respostas!$E695) -> 0 | M82: =IF(OR(Respostas!$E696="",Respostas!$E696="Selecione a Nota aqui."),0,Respostas!$E696) -> 0 | N82: =IF(OR(Respostas!$E697="",Respostas!$E697="Selecione a Nota aqui."),0,Respostas!$E697) -> 0 | O82: =IF(OR(Respostas!$E698="",Respostas!$E698="Selecione a Nota aqui."),0,Respostas!$E698) -> 0 | P82: =IF(OR(Respostas!$E699="",Respostas!$E699="Selecione a Nota aqui."),0,Respostas!$E699) -> 0 | Q82: =IF(OR(Respostas!$E700="",Respostas!$E700="Selecione a Nota aqui."),0,Respostas!$E700) -> 0 | R82: =IF(OR(Respostas!$E701="",Respostas!$E701="Selecione a Nota aqui."),0,Respostas!$E701) -> 0 | S82: =IF(OR(Respostas!$E702="",Respostas!$E702="Selecione a Nota aqui."),0,Respostas!$E702) -> 0 | T82: =IF(OR(Respostas!$E703="",Respostas!$E703="Selecione a Nota aqui."),0,Respostas!$E703) -> 0 | U82: =IF(OR(Respostas!$E704="",Respostas!$E704="Selecione a Nota aqui."),0,Respostas!$E704) -> 0 | V82: Animicidade (Conscin e animismo) | W82: =IF(COUNTIF(B82:U82,"na")=20,"na",SUM(B82:U82)) -> 0 | X82: =IF(W82="na",0,W82/((20-COUNTIF(B82:U82,"na"))*1)) -> 0 | AD82: =AE82*100 -> 0 | AE82: =X66 -> 0
A83: 36 | B83: =IF(OR(Respostas!$E705="",Respostas!$E705="Selecione a Nota aqui."),0,Respostas!$E705) -> 0 | C83: =IF(OR(Respostas!$E706="",Respostas!$E706="Selecione a Nota aqui."),0,Respostas!$E706) -> 0 | D83: =IF(OR(Respostas!$E707="",Respostas!$E707="Selecione a Nota aqui."),0,Respostas!$E707) -> 0 | E83: =IF(OR(Respostas!$E708="",Respostas!$E708="Selecione a Nota aqui."),0,Respostas!$E708) -> 0 | F83: =IF(OR(Respostas!$E709="",Respostas!$E709="Selecione a Nota aqui."),0,Respostas!$E709) -> 0 | G83: =IF(OR(Respostas!$E710="",Respostas!$E710="Selecione a Nota aqui."),0,Respostas!$E710) -> 0 | H83: =IF(OR(Respostas!$E711="",Respostas!$E711="Selecione a Nota aqui."),0,Respostas!$E711) -> 0 | I83: =IF(OR(Respostas!$E712="",Respostas!$E712="Selecione a Nota aqui."),0,Respostas!$E712) -> 0 | J83: =IF(OR(Respostas!$E713="",Respostas!$E713="Selecione a Nota aqui."),0,Respostas!$E713) -> 0 | K83: =IF(OR(Respostas!$E714="",Respostas!$E714="Selecione a Nota aqui."),0,Respostas!$E714) -> 0 | L83: =IF(OR(Respostas!$E715="",Respostas!$E715="Selecione a Nota aqui."),0,Respostas!$E715) -> 0 | M83: =IF(OR(Respostas!$E716="",Respostas!$E716="Selecione a Nota aqui."),0,Respostas!$E716) -> 0 | N83: =IF(OR(Respostas!$E717="",Respostas!$E717="Selecione a Nota aqui."),0,Respostas!$E717) -> 0 | O83: =IF(OR(Respostas!$E718="",Respostas!$E718="Selecione a Nota aqui."),0,Respostas!$E718) -> 0 | P83: =IF(OR(Respostas!$E719="",Respostas!$E719="Selecione a Nota aqui."),0,Respostas!$E719) -> 0 | Q83: =IF(OR(Respostas!$E720="",Respostas!$E720="Selecione a Nota aqui."),0,Respostas!$E720) -> 0 | R83: =IF(OR(Respostas!$E721="",Respostas!$E721="Selecione a Nota aqui."),0,Respostas!$E721) -> 0 | S83: =IF(OR(Respostas!$E722="",Respostas!$E722="Selecione a Nota aqui."),0,Respostas!$E722) -> 0 | T83: =IF(OR(Respostas!$E723="",Respostas!$E723="Selecione a Nota aqui."),0,Respostas!$E723) -> 0 | U83: =IF(OR(Respostas!$E724="",Respostas!$E724="Selecione a Nota aqui."),0,Respostas!$E724) -> 0 | V83: Megachacralidade (Porta consciencial) | W83: =IF(COUNTIF(B83:U83,"na")=20,"na",SUM(B83:U83)) -> 0 | X83: =IF(W83="na",0,W83/((20-COUNTIF(B83:U83,"na"))*1)) -> 0 | AD83: =AE83*100 -> 0
A84: 37 | B84: =IF(OR(Respostas!$E725="",Respostas!$E725="Selecione a Nota aqui."),0,Respostas!$E725) -> 0 | C84: =IF(OR(Respostas!$E726="",Respostas!$E726="Selecione a Nota aqui."),0,Respostas!$E726) -> 0 | D84: =IF(OR(Respostas!$E727="",Respostas!$E727="Selecione a Nota aqui."),0,Respostas!$E727) -> 0 | E84: =IF(OR(Respostas!$E728="",Respostas!$E728="Selecione a Nota aqui."),0,Respostas!$E728) -> 0 | F84: =IF(OR(Respostas!$E729="",Respostas!$E729="Selecione a Nota aqui."),0,Respostas!$E729) -> 0 | G84: =IF(OR(Respostas!$E730="",Respostas!$E730="Selecione a Nota aqui."),0,Respostas!$E730) -> 0 | H84: =IF(OR(Respostas!$E731="",Respostas!$E731="Selecione a Nota aqui."),0,Respostas!$E731) -> 0 | I84: =IF(OR(Respostas!$E732="",Respostas!$E732="Selecione a Nota aqui."),0,Respostas!$E732) -> 0 | J84: =IF(OR(Respostas!$E733="",Respostas!$E733="Selecione a Nota aqui."),0,Respostas!$E733) -> 0 | K84: =IF(OR(Respostas!$E734="",Respostas!$E734="Selecione a Nota aqui."),0,Respostas!$E734) -> 0 | L84: =IF(OR(Respostas!$E735="",Respostas!$E735="Selecione a Nota aqui."),0,Respostas!$E735) -> 0 | M84: =IF(OR(Respostas!$E736="",Respostas!$E736="Selecione a Nota aqui."),0,Respostas!$E736) -> 0 | N84: =IF(OR(Respostas!$E737="",Respostas!$E737="Selecione a Nota aqui."),0,Respostas!$E737) -> 0 | O84: =IF(OR(Respostas!$E738="",Respostas!$E738="Selecione a Nota aqui."),0,Respostas!$E738) -> 0 | P84: =IF(OR(Respostas!$E739="",Respostas!$E739="Selecione a Nota aqui."),0,Respostas!$E739) -> 0 | Q84: =IF(OR(Respostas!$E740="",Respostas!$E740="Selecione a Nota aqui."),0,Respostas!$E740) -> 0 | R84: =IF(OR(Respostas!$E741="",Respostas!$E741="Selecione a Nota aqui."),0,Respostas!$E741) -> 0 | S84: =IF(OR(Respostas!$E742="",Respostas!$E742="Selecione a Nota aqui."),0,Respostas!$E742) -> 0 | T84: =IF(OR(Respostas!$E743="",Respostas!$E743="Selecione a Nota aqui."),0,Respostas!$E743) -> 0 | U84: =IF(OR(Respostas!$E744="",Respostas!$E744="Selecione a Nota aqui."),0,Respostas!$E744) -> 0 | V84: Imperturbalidade (Conscin e autocontrole) | W84: =IF(COUNTIF(B84:U84,"na")=20,"na",SUM(B84:U84)) -> 0 | X84: =IF(W84="na",0,W84/((20-COUNTIF(B84:U84,"na"))*1)) -> 0 | AD84: =AE84*100 -> 0 | AE84: =X67 -> 0
A85: 38 | B85: =IF(OR(Respostas!$E745="",Respostas!$E745="Selecione a Nota aqui."),0,Respostas!$E745) -> 0 | C85: =IF(OR(Respostas!$E746="",Respostas!$E746="Selecione a Nota aqui."),0,Respostas!$E746) -> 0 | D85: =IF(OR(Respostas!$E747="",Respostas!$E747="Selecione a Nota aqui."),0,Respostas!$E747) -> 0 | E85: =IF(OR(Respostas!$E748="",Respostas!$E748="Selecione a Nota aqui."),0,Respostas!$E748) -> 0 | F85: =IF(OR(Respostas!$E749="",Respostas!$E749="Selecione a Nota aqui."),0,Respostas!$E749) -> 0 | G85: =IF(OR(Respostas!$E750="",Respostas!$E750="Selecione a Nota aqui."),0,Respostas!$E750) -> 0 | H85: =IF(OR(Respostas!$E751="",Respostas!$E751="Selecione a Nota aqui."),0,Respostas!$E751) -> 0 | I85: =IF(OR(Respostas!$E752="",Respostas!$E752="Selecione a Nota aqui."),0,Respostas!$E752) -> 0 | J85: =IF(OR(Respostas!$E753="",Respostas!$E753="Selecione a Nota aqui."),0,Respostas!$E753) -> 0 | K85: =IF(OR(Respostas!$E754="",Respostas!$E754="Selecione a Nota aqui."),0,Respostas!$E754) -> 0 | L85: =IF(OR(Respostas!$E755="",Respostas!$E755="Selecione a Nota aqui."),0,Respostas!$E755) -> 0 | M85: =IF(OR(Respostas!$E756="",Respostas!$E756="Selecione a Nota aqui."),0,Respostas!$E756) -> 0 | N85: =IF(OR(Respostas!$E757="",Respostas!$E757="Selecione a Nota aqui."),0,Respostas!$E757) -> 0 | O85: =IF(OR(Respostas!$E758="",Respostas!$E758="Selecione a Nota aqui."),0,Respostas!$E758) -> 0 | P85: =IF(OR(Respostas!$E759="",Respostas!$E759="Selecione a Nota aqui."),0,Respostas!$E759) -> 0 | Q85: =IF(OR(Respostas!$E760="",Respostas!$E760="Selecione a Nota aqui."),0,Respostas!$E760) -> 0 | R85: =IF(OR(Respostas!$E761="",Respostas!$E761="Selecione a Nota aqui."),0,Respostas!$E761) -> 0 | S85: =IF(OR(Respostas!$E762="",Respostas!$E762="Selecione a Nota aqui."),0,Respostas!$E762) -> 0 | T85: =IF(OR(Respostas!$E763="",Respostas!$E763="Selecione a Nota aqui."),0,Respostas!$E763) -> 0 | U85: =IF(OR(Respostas!$E764="",Respostas!$E764="Selecione a Nota aqui."),0,Respostas!$E764) -> 0 | V85: Sentimentalidade (Emocionalidade dominada) | W85: =IF(COUNTIF(B85:U85,"na")=20,"na",SUM(B85:U85)) -> 0 | X85: =IF(W85="na",0,W85/((20-COUNTIF(B85:U85,"na"))*1)) -> 0 | AD85: =AE85*100 -> 0
A86: 39 | B86: =IF(OR(Respostas!$E765="",Respostas!$E765="Selecione a Nota aqui."),0,Respostas!$E765) -> 0 | C86: =IF(OR(Respostas!$E766="",Respostas!$E766="Selecione a Nota aqui."),0,Respostas!$E766) -> 0 | D86: =IF(OR(Respostas!$E767="",Respostas!$E767="Selecione a Nota aqui."),0,Respostas!$E767) -> 0 | E86: =IF(OR(Respostas!$E768="",Respostas!$E768="Selecione a Nota aqui."),0,Respostas!$E768) -> 0 | F86: =IF(OR(Respostas!$E769="",Respostas!$E769="Selecione a Nota aqui."),0,Respostas!$E769) -> 0 | G86: =IF(OR(Respostas!$E770="",Respostas!$E770="Selecione a Nota aqui."),0,Respostas!$E770) -> 0 | H86: =IF(OR(Respostas!$E771="",Respostas!$E771="Selecione a Nota aqui."),0,Respostas!$E771) -> 0 | I86: =IF(OR(Respostas!$E772="",Respostas!$E772="Selecione a Nota aqui."),0,Respostas!$E772) -> 0 | J86: =IF(OR(Respostas!$E773="",Respostas!$E773="Selecione a Nota aqui."),0,Respostas!$E773) -> 0 | K86: =IF(OR(Respostas!$E774="",Respostas!$E774="Selecione a Nota aqui."),0,Respostas!$E774) -> 0 | L86: =IF(OR(Respostas!$E775="",Respostas!$E775="Selecione a Nota aqui."),0,Respostas!$E775) -> 0 | M86: =IF(OR(Respostas!$E776="",Respostas!$E776="Selecione a Nota aqui."),0,Respostas!$E776) -> 0 | N86: =IF(OR(Respostas!$E777="",Respostas!$E777="Selecione a Nota aqui."),0,Respostas!$E777) -> 0 | O86: =IF(OR(Respostas!$E778="",Respostas!$E778="Selecione a Nota aqui."),0,Respostas!$E778) -> 0 | P86: =IF(OR(Respostas!$E779="",Respostas!$E779="Selecione a Nota aqui."),0,Respostas!$E779) -> 0 | Q86: =IF(OR(Respostas!$E780="",Respostas!$E780="Selecione a Nota aqui."),0,Respostas!$E780) -> 0 | R86: =IF(OR(Respostas!$E781="",Respostas!$E781="Selecione a Nota aqui."),0,Respostas!$E781) -> 0 | S86: =IF(OR(Respostas!$E782="",Respostas!$E782="Selecione a Nota aqui."),0,Respostas!$E782) -> 0 | T86: =IF(OR(Respostas!$E783="",Respostas!$E783="Selecione a Nota aqui."),0,Respostas!$E783) -> 0 | U86: =IF(OR(Respostas!$E784="",Respostas!$E784="Selecione a Nota aqui."),0,Respostas!$E784) -> 0 | V86: Maxiconsensualidade (Sabedoria de vanguarda) | W86: =IF(COUNTIF(B86:U86,"na")=20,"na",SUM(B86:U86)) -> 0 | X86: =IF(W86="na",0,W86/((20-COUNTIF(B86:U86,"na"))*1)) -> 0 | AD86: =AE86*100 -> 0 | AE86: =X68 -> 0
A87: 40 | B87: =IF(OR(Respostas!$E785="",Respostas!$E785="Selecione a Nota aqui."),0,Respostas!$E785) -> 0 | C87: =IF(OR(Respostas!$E786="",Respostas!$E786="Selecione a Nota aqui."),0,Respostas!$E786) -> 0 | D87: =IF(OR(Respostas!$E787="",Respostas!$E787="Selecione a Nota aqui."),0,Respostas!$E787) -> 0 | E87: =IF(OR(Respostas!$E788="",Respostas!$E788="Selecione a Nota aqui."),0,Respostas!$E788) -> 0 | F87: =IF(OR(Respostas!$E789="",Respostas!$E789="Selecione a Nota aqui."),0,Respostas!$E789) -> 0 | G87: =IF(OR(Respostas!$E790="",Respostas!$E790="Selecione a Nota aqui."),0,Respostas!$E790) -> 0 | H87: =IF(OR(Respostas!$E791="",Respostas!$E791="Selecione a Nota aqui."),0,Respostas!$E791) -> 0 | I87: =IF(OR(Respostas!$E792="",Respostas!$E792="Selecione a Nota aqui."),0,Respostas!$E792) -> 0 | J87: =IF(OR(Respostas!$E793="",Respostas!$E793="Selecione a Nota aqui."),0,Respostas!$E793) -> 0 | K87: =IF(OR(Respostas!$E794="",Respostas!$E794="Selecione a Nota aqui."),0,Respostas!$E794) -> 0 | L87: =IF(OR(Respostas!$E795="",Respostas!$E795="Selecione a Nota aqui."),0,Respostas!$E795) -> 0 | M87: =IF(OR(Respostas!$E796="",Respostas!$E796="Selecione a Nota aqui."),0,Respostas!$E796) -> 0 | N87: =IF(OR(Respostas!$E797="",Respostas!$E797="Selecione a Nota aqui."),0,Respostas!$E797) -> 0 | O87: =IF(OR(Respostas!$E798="",Respostas!$E798="Selecione a Nota aqui."),0,Respostas!$E798) -> 0 | P87: =IF(OR(Respostas!$E799="",Respostas!$E799="Selecione a Nota aqui."),0,Respostas!$E799) -> 0 | Q87: =IF(OR(Respostas!$E800="",Respostas!$E800="Selecione a Nota aqui."),0,Respostas!$E800) -> 0 | R87: =IF(OR(Respostas!$E801="",Respostas!$E801="Selecione a Nota aqui."),0,Respostas!$E801) -> 0 | S87: =IF(OR(Respostas!$E802="",Respostas!$E802="Selecione a Nota aqui."),0,Respostas!$E802) -> 0 | T87: =IF(OR(Respostas!$E803="",Respostas!$E803="Selecione a Nota aqui."),0,Respostas!$E803) -> 0 | U87: =IF(OR(Respostas!$E804="",Respostas!$E804="Selecione a Nota aqui."),0,Respostas!$E804) -> 0 | V87: Cosmoconsciencialidade (Conscin e samádi) | W87: =IF(COUNTIF(B87:U87,"na")=20,"na",SUM(B87:U87)) -> 0 | X87: =IF(W87="na",0,W87/((20-COUNTIF(B87:U87,"na"))*1)) -> 0 | AD87: =AE87*100 -> 0
AD88: =AE88*100 -> 0 | AE88: =X69 -> 0
B89: 1 | C89: 2 | D89: 3 | E89: 4 | F89: 5 | G89: 6 | H89: 7 | I89: 8 | J89: 9 | K89: 10 | L89: 11 | M89: 12 | N89: 13 | O89: 14 | P89: 15 | Q89: 16 | R89: 17 | S89: 18 | T89: 19 | U89: 20 | V89: LIDERANÇA | W89: ST | X89: T | Y89: =SUM(W90:W99)/(IF(COUNTIF(X90:X99,">0")>0,COUNTIF(X90:X99,">0"),1)*20*1) -> 0 | AD89: =AE89*100 -> 0
A90: 41 | B90: =IF(OR(Respostas!$E805="",Respostas!$E805="Selecione a Nota aqui."),0,Respostas!$E805) -> 0 | C90: =IF(OR(Respostas!$E806="",Respostas!$E806="Selecione a Nota aqui."),0,Respostas!$E806) -> 0 | D90: =IF(OR(Respostas!$E807="",Respostas!$E807="Selecione a Nota aqui."),0,Respostas!$E807) -> 0 | E90: =IF(OR(Respostas!$E808="",Respostas!$E808="Selecione a Nota aqui."),0,Respostas!$E808) -> 0 | F90: =IF(OR(Respostas!$E809="",Respostas!$E809="Selecione a Nota aqui."),0,Respostas!$E809) -> 0 | G90: =IF(OR(Respostas!$E810="",Respostas!$E810="Selecione a Nota aqui."),0,Respostas!$E810) -> 0 | H90: =IF(OR(Respostas!$E811="",Respostas!$E811="Selecione a Nota aqui."),0,Respostas!$E811) -> 0 | I90: =IF(OR(Respostas!$E812="",Respostas!$E812="Selecione a Nota aqui."),0,Respostas!$E812) -> 0 | J90: =IF(OR(Respostas!$E813="",Respostas!$E813="Selecione a Nota aqui."),0,Respostas!$E813) -> 0 | K90: =IF(OR(Respostas!$E814="",Respostas!$E814="Selecione a Nota aqui."),0,Respostas!$E814) -> 0 | L90: =IF(OR(Respostas!$E815="",Respostas!$E815="Selecione a Nota aqui."),0,Respostas!$E815) -> 0 | M90: =IF(OR(Respostas!$E816="",Respostas!$E816="Selecione a Nota aqui."),0,Respostas!$E816) -> 0 | N90: =IF(OR(Respostas!$E817="",Respostas!$E817="Selecione a Nota aqui."),0,Respostas!$E817) -> 0 | O90: =IF(OR(Respostas!$E818="",Respostas!$E818="Selecione a Nota aqui."),0,Respostas!$E818) -> 0 | P90: =IF(OR(Respostas!$E819="",Respostas!$E819="Selecione a Nota aqui."),0,Respostas!$E819) -> 0 | Q90: =IF(OR(Respostas!$E820="",Respostas!$E820="Selecione a Nota aqui."),0,Respostas!$E820) -> 0 | R90: =IF(OR(Respostas!$E821="",Respostas!$E821="Selecione a Nota aqui."),0,Respostas!$E821) -> 0 | S90: =IF(OR(Respostas!$E822="",Respostas!$E822="Selecione a Nota aqui."),0,Respostas!$E822) -> 0 | T90: =IF(OR(Respostas!$E823="",Respostas!$E823="Selecione a Nota aqui."),0,Respostas!$E823) -> 0 | U90: =IF(OR(Respostas!$E824="",Respostas!$E824="Selecione a Nota aqui."),0,Respostas!$E824) -> 0 | V90: Autoridade (Poder de condução) | W90: =IF(COUNTIF(B90:U90,"na")=20,"na",SUM(B90:U90)) -> 0 | X90: =IF(W90="na",0,W90/((20-COUNTIF(B90:U90,"na"))*1)) -> 0 | AD90: =AE90*100 -> 0 | AE90: =X70 -> 0
A91: 42 | B91: =IF(OR(Respostas!$E825="",Respostas!$E825="Selecione a Nota aqui."),0,Respostas!$E825) -> 0 | C91: =IF(OR(Respostas!$E826="",Respostas!$E826="Selecione a Nota aqui."),0,Respostas!$E826) -> 0 | D91: =IF(OR(Respostas!$E827="",Respostas!$E827="Selecione a Nota aqui."),0,Respostas!$E827) -> 0 | E91: =IF(OR(Respostas!$E828="",Respostas!$E828="Selecione a Nota aqui."),0,Respostas!$E828) -> 0 | F91: =IF(OR(Respostas!$E829="",Respostas!$E829="Selecione a Nota aqui."),0,Respostas!$E829) -> 0 | G91: =IF(OR(Respostas!$E830="",Respostas!$E830="Selecione a Nota aqui."),0,Respostas!$E830) -> 0 | H91: =IF(OR(Respostas!$E831="",Respostas!$E831="Selecione a Nota aqui."),0,Respostas!$E831) -> 0 | I91: =IF(OR(Respostas!$E832="",Respostas!$E832="Selecione a Nota aqui."),0,Respostas!$E832) -> 0 | J91: =IF(OR(Respostas!$E833="",Respostas!$E833="Selecione a Nota aqui."),0,Respostas!$E833) -> 0 | K91: =IF(OR(Respostas!$E834="",Respostas!$E834="Selecione a Nota aqui."),0,Respostas!$E834) -> 0 | L91: =IF(OR(Respostas!$E835="",Respostas!$E835="Selecione a Nota aqui."),0,Respostas!$E835) -> 0 | M91: =IF(OR(Respostas!$E836="",Respostas!$E836="Selecione a Nota aqui."),0,Respostas!$E836) -> 0 | N91: =IF(OR(Respostas!$E837="",Respostas!$E837="Selecione a Nota aqui."),0,Respostas!$E837) -> 0 | O91: =IF(OR(Respostas!$E838="",Respostas!$E838="Selecione a Nota aqui."),0,Respostas!$E838) -> 0 | P91: =IF(OR(Respostas!$E839="",Respostas!$E839="Selecione a Nota aqui."),0,Respostas!$E839) -> 0 | Q91: =IF(OR(Respostas!$E840="",Respostas!$E840="Selecione a Nota aqui."),0,Respostas!$E840) -> 0 | R91: =IF(OR(Respostas!$E841="",Respostas!$E841="Selecione a Nota aqui."),0,Respostas!$E841) -> 0 | S91: =IF(OR(Respostas!$E842="",Respostas!$E842="Selecione a Nota aqui."),0,Respostas!$E842) -> 0 | T91: =IF(OR(Respostas!$E843="",Respostas!$E843="Selecione a Nota aqui."),0,Respostas!$E843) -> 0 | U91: =IF(OR(Respostas!$E844="",Respostas!$E844="Selecione a Nota aqui."),0,Respostas!$E844) -> 0 | V91: Mentalidade (Poiliticologia auto-evolutiva) | W91: =IF(COUNTIF(B91:U91,"na")=20,"na",SUM(B91:U91)) -> 0 | X91: =IF(W91="na",0,W91/((20-COUNTIF(B91:U91,"na"))*1)) -> 0 | AC91: ANTIEMOCIONALIDADE | AD91: =AE91*100 -> 0
A92: 43 | B92: =IF(OR(Respostas!$E845="",Respostas!$E845="Selecione a Nota aqui."),0,Respostas!$E845) -> 0 | C92: =IF(OR(Respostas!$E846="",Respostas!$E846="Selecione a Nota aqui."),0,Respostas!$E846) -> 0 | D92: =IF(OR(Respostas!$E847="",Respostas!$E847="Selecione a Nota aqui."),0,Respostas!$E847) -> 0 | E92: =IF(OR(Respostas!$E848="",Respostas!$E848="Selecione a Nota aqui."),0,Respostas!$E848) -> 0 | F92: =IF(OR(Respostas!$E849="",Respostas!$E849="Selecione a Nota aqui."),0,Respostas!$E849) -> 0 | G92: =IF(OR(Respostas!$E850="",Respostas!$E850="Selecione a Nota aqui."),0,Respostas!$E850) -> 0 | H92: =IF(OR(Respostas!$E851="",Respostas!$E851="Selecione a Nota aqui."),0,Respostas!$E851) -> 0 | I92: =IF(OR(Respostas!$E852="",Respostas!$E852="Selecione a Nota aqui."),0,Respostas!$E852) -> 0 | J92: =IF(OR(Respostas!$E853="",Respostas!$E853="Selecione a Nota aqui."),0,Respostas!$E853) -> 0 | K92: =IF(OR(Respostas!$E854="",Respostas!$E854="Selecione a Nota aqui."),0,Respostas!$E854) -> 0 | L92: =IF(OR(Respostas!$E855="",Respostas!$E855="Selecione a Nota aqui."),0,Respostas!$E855) -> 0 | M92: =IF(OR(Respostas!$E856="",Respostas!$E856="Selecione a Nota aqui."),0,Respostas!$E856) -> 0 | N92: =IF(OR(Respostas!$E857="",Respostas!$E857="Selecione a Nota aqui."),0,Respostas!$E857) -> 0 | O92: =IF(OR(Respostas!$E858="",Respostas!$E858="Selecione a Nota aqui."),0,Respostas!$E858) -> 0 | P92: =IF(OR(Respostas!$E859="",Respostas!$E859="Selecione a Nota aqui."),0,Respostas!$E859) -> 0 | Q92: =IF(OR(Respostas!$E860="",Respostas!$E860="Selecione a Nota aqui."),0,Respostas!$E860) -> 0 | R92: =IF(OR(Respostas!$E861="",Respostas!$E861="Selecione a Nota aqui."),0,Respostas!$E861) -> 0 | S92: =IF(OR(Respostas!$E862="",Respostas!$E862="Selecione a Nota aqui."),0,Respostas!$E862) -> 0 | T92: =IF(OR(Respostas!$E863="",Respostas!$E863="Selecione a Nota aqui."),0,Respostas!$E863) -> 0 | U92: =IF(OR(Respostas!$E864="",Respostas!$E864="Selecione a Nota aqui."),0,Respostas!$E864) -> 0 | V92: Repercutibilidade (Liderança multidimensional) | W92: =IF(COUNTIF(B92:U92,"na")=20,"na",SUM(B92:U92)) -> 0 | X92: =IF(W92="na",0,W92/((20-COUNTIF(B92:U92,"na"))*1)) -> 0 | AD92: =AE92*100 -> 0 | AE92: =X71 -> 0
A93: 44 | B93: =IF(OR(Respostas!$E865="",Respostas!$E865="Selecione a Nota aqui."),0,Respostas!$E865) -> 0 | C93: =IF(OR(Respostas!$E866="",Respostas!$E866="Selecione a Nota aqui."),0,Respostas!$E866) -> 0 | D93: =IF(OR(Respostas!$E867="",Respostas!$E867="Selecione a Nota aqui."),0,Respostas!$E867) -> 0 | E93: =IF(OR(Respostas!$E868="",Respostas!$E868="Selecione a Nota aqui."),0,Respostas!$E868) -> 0 | F93: =IF(OR(Respostas!$E869="",Respostas!$E869="Selecione a Nota aqui."),0,Respostas!$E869) -> 0 | G93: =IF(OR(Respostas!$E870="",Respostas!$E870="Selecione a Nota aqui."),0,Respostas!$E870) -> 0 | H93: =IF(OR(Respostas!$E871="",Respostas!$E871="Selecione a Nota aqui."),0,Respostas!$E871) -> 0 | I93: =IF(OR(Respostas!$E872="",Respostas!$E872="Selecione a Nota aqui."),0,Respostas!$E872) -> 0 | J93: =IF(OR(Respostas!$E873="",Respostas!$E873="Selecione a Nota aqui."),0,Respostas!$E873) -> 0 | K93: =IF(OR(Respostas!$E874="",Respostas!$E874="Selecione a Nota aqui."),0,Respostas!$E874) -> 0 | L93: =IF(OR(Respostas!$E875="",Respostas!$E875="Selecione a Nota aqui."),0,Respostas!$E875) -> 0 | M93: =IF(OR(Respostas!$E876="",Respostas!$E876="Selecione a Nota aqui."),0,Respostas!$E876) -> 0 | N93: =IF(OR(Respostas!$E877="",Respostas!$E877="Selecione a Nota aqui."),0,Respostas!$E877) -> 0 | O93: =IF(OR(Respostas!$E878="",Respostas!$E878="Selecione a Nota aqui."),0,Respostas!$E878) -> 0 | P93: =IF(OR(Respostas!$E879="",Respostas!$E879="Selecione a Nota aqui."),0,Respostas!$E879) -> 0 | Q93: =IF(OR(Respostas!$E880="",Respostas!$E880="Selecione a Nota aqui."),0,Respostas!$E880) -> 0 | R93: =IF(OR(Respostas!$E881="",Respostas!$E881="Selecione a Nota aqui."),0,Respostas!$E881) -> 0 | S93: =IF(OR(Respostas!$E882="",Respostas!$E882="Selecione a Nota aqui."),0,Respostas!$E882) -> 0 | T93: =IF(OR(Respostas!$E883="",Respostas!$E883="Selecione a Nota aqui."),0,Respostas!$E883) -> 0 | U93: =IF(OR(Respostas!$E884="",Respostas!$E884="Selecione a Nota aqui."),0,Respostas!$E884) -> 0 | V93: Retratabilidade (Autojulgamentos públicos) | W93: =IF(COUNTIF(B93:U93,"na")=20,"na",SUM(B93:U93)) -> 0 | X93: =IF(W93="na",0,W93/((20-COUNTIF(B93:U93,"na"))*1)) -> 0 | AD93: =AE93*100 -> 0
A94: 45 | B94: =IF(OR(Respostas!$E885="",Respostas!$E885="Selecione a Nota aqui."),0,Respostas!$E885) -> 0 | C94: =IF(OR(Respostas!$E886="",Respostas!$E886="Selecione a Nota aqui."),0,Respostas!$E886) -> 0 | D94: =IF(OR(Respostas!$E887="",Respostas!$E887="Selecione a Nota aqui."),0,Respostas!$E887) -> 0 | E94: =IF(OR(Respostas!$E888="",Respostas!$E888="Selecione a Nota aqui."),0,Respostas!$E888) -> 0 | F94: =IF(OR(Respostas!$E889="",Respostas!$E889="Selecione a Nota aqui."),0,Respostas!$E889) -> 0 | G94: =IF(OR(Respostas!$E890="",Respostas!$E890="Selecione a Nota aqui."),0,Respostas!$E890) -> 0 | H94: =IF(OR(Respostas!$E891="",Respostas!$E891="Selecione a Nota aqui."),0,Respostas!$E891) -> 0 | I94: =IF(OR(Respostas!$E892="",Respostas!$E892="Selecione a Nota aqui."),0,Respostas!$E892) -> 0 | J94: =IF(OR(Respostas!$E893="",Respostas!$E893="Selecione a Nota aqui."),0,Respostas!$E893) -> 0 | K94: =IF(OR(Respostas!$E894="",Respostas!$E894="Selecione a Nota aqui."),0,Respostas!$E894) -> 0 | L94: =IF(OR(Respostas!$E895="",Respostas!$E895="Selecione a Nota aqui."),0,Respostas!$E895) -> 0 | M94: =IF(OR(Respostas!$E896="",Respostas!$E896="Selecione a Nota aqui."),0,Respostas!$E896) -> 0 | N94: =IF(OR(Respostas!$E897="",Respostas!$E897="Selecione a Nota aqui."),0,Respostas!$E897) -> 0 | O94: =IF(OR(Respostas!$E898="",Respostas!$E898="Selecione a Nota aqui."),0,Respostas!$E898) -> 0 | P94: =IF(OR(Respostas!$E899="",Respostas!$E899="Selecione a Nota aqui."),0,Respostas!$E899) -> 0 | Q94: =IF(OR(Respostas!$E900="",Respostas!$E900="Selecione a Nota aqui."),0,Respostas!$E900) -> 0 | R94: =IF(OR(Respostas!$E901="",Respostas!$E901="Selecione a Nota aqui."),0,Respostas!$E901) -> 0 | S94: =IF(OR(Respostas!$E902="",Respostas!$E902="Selecione a Nota aqui."),0,Respostas!$E902) -> 0 | T94: =IF(OR(Respostas!$E903="",Respostas!$E903="Selecione a Nota aqui."),0,Respostas!$E903) -> 0 | U94: =IF(OR(Respostas!$E904="",Respostas!$E904="Selecione a Nota aqui."),0,Respostas!$E904) -> 0 | V94: Antiofensividade (Emprego do perdão) | W94: =IF(COUNTIF(B94:U94,"na")=20,"na",SUM(B94:U94)) -> 0 | X94: =IF(W94="na",0,W94/((20-COUNTIF(B94:U94,"na"))*1)) -> 0 | AD94: =AE94*100 -> 0 | AE94: =X72 -> 0
A95: 46 | B95: =IF(OR(Respostas!$E905="",Respostas!$E905="Selecione a Nota aqui."),0,Respostas!$E905) -> 0 | C95: =IF(OR(Respostas!$E906="",Respostas!$E906="Selecione a Nota aqui."),0,Respostas!$E906) -> 0 | D95: =IF(OR(Respostas!$E907="",Respostas!$E907="Selecione a Nota aqui."),0,Respostas!$E907) -> 0 | E95: =IF(OR(Respostas!$E908="",Respostas!$E908="Selecione a Nota aqui."),0,Respostas!$E908) -> 0 | F95: =IF(OR(Respostas!$E909="",Respostas!$E909="Selecione a Nota aqui."),0,Respostas!$E909) -> 0 | G95: =IF(OR(Respostas!$E910="",Respostas!$E910="Selecione a Nota aqui."),0,Respostas!$E910) -> 0 | H95: =IF(OR(Respostas!$E911="",Respostas!$E911="Selecione a Nota aqui."),0,Respostas!$E911) -> 0 | I95: =IF(OR(Respostas!$E912="",Respostas!$E912="Selecione a Nota aqui."),0,Respostas!$E912) -> 0 | J95: =IF(OR(Respostas!$E913="",Respostas!$E913="Selecione a Nota aqui."),0,Respostas!$E913) -> 0 | K95: =IF(OR(Respostas!$E914="",Respostas!$E914="Selecione a Nota aqui."),0,Respostas!$E914) -> 0 | L95: =IF(OR(Respostas!$E915="",Respostas!$E915="Selecione a Nota aqui."),0,Respostas!$E915) -> 0 | M95: =IF(OR(Respostas!$E916="",Respostas!$E916="Selecione a Nota aqui."),0,Respostas!$E916) -> 0 | N95: =IF(OR(Respostas!$E917="",Respostas!$E917="Selecione a Nota aqui."),0,Respostas!$E917) -> 0 | O95: =IF(OR(Respostas!$E918="",Respostas!$E918="Selecione a Nota aqui."),0,Respostas!$E918) -> 0 | P95: =IF(OR(Respostas!$E919="",Respostas!$E919="Selecione a Nota aqui."),0,Respostas!$E919) -> 0 | Q95: =IF(OR(Respostas!$E920="",Respostas!$E920="Selecione a Nota aqui."),0,Respostas!$E920) -> 0 | R95: =IF(OR(Respostas!$E921="",Respostas!$E921="Selecione a Nota aqui."),0,Respostas!$E921) -> 0 | S95: =IF(OR(Respostas!$E922="",Respostas!$E922="Selecione a Nota aqui."),0,Respostas!$E922) -> 0 | T95: =IF(OR(Respostas!$E923="",Respostas!$E923="Selecione a Nota aqui."),0,Respostas!$E923) -> 0 | U95: =IF(OR(Respostas!$E924="",Respostas!$E924="Selecione a Nota aqui."),0,Respostas!$E924) -> 0 | V95: Antidispersividade (Maturidade dos desempenhos) | W95: =IF(COUNTIF(B95:U95,"na")=20,"na",SUM(B95:U95)) -> 0 | X95: =IF(W95="na",0,W95/((20-COUNTIF(B95:U95,"na"))*1)) -> 0 | AD95: =AE95*100 -> 0
A96: 47 | B96: =IF(OR(Respostas!$E925="",Respostas!$E925="Selecione a Nota aqui."),0,Respostas!$E925) -> 0 | C96: =IF(OR(Respostas!$E926="",Respostas!$E926="Selecione a Nota aqui."),0,Respostas!$E926) -> 0 | D96: =IF(OR(Respostas!$E927="",Respostas!$E927="Selecione a Nota aqui."),0,Respostas!$E927) -> 0 | E96: =IF(OR(Respostas!$E928="",Respostas!$E928="Selecione a Nota aqui."),0,Respostas!$E928) -> 0 | F96: =IF(OR(Respostas!$E929="",Respostas!$E929="Selecione a Nota aqui."),0,Respostas!$E929) -> 0 | G96: =IF(OR(Respostas!$E930="",Respostas!$E930="Selecione a Nota aqui."),0,Respostas!$E930) -> 0 | H96: =IF(OR(Respostas!$E931="",Respostas!$E931="Selecione a Nota aqui."),0,Respostas!$E931) -> 0 | I96: =IF(OR(Respostas!$E932="",Respostas!$E932="Selecione a Nota aqui."),0,Respostas!$E932) -> 0 | J96: =IF(OR(Respostas!$E933="",Respostas!$E933="Selecione a Nota aqui."),0,Respostas!$E933) -> 0 | K96: =IF(OR(Respostas!$E934="",Respostas!$E934="Selecione a Nota aqui."),0,Respostas!$E934) -> 0 | L96: =IF(OR(Respostas!$E935="",Respostas!$E935="Selecione a Nota aqui."),0,Respostas!$E935) -> 0 | M96: =IF(OR(Respostas!$E936="",Respostas!$E936="Selecione a Nota aqui."),0,Respostas!$E936) -> 0 | N96: =IF(OR(Respostas!$E937="",Respostas!$E937="Selecione a Nota aqui."),0,Respostas!$E937) -> 0 | O96: =IF(OR(Respostas!$E938="",Respostas!$E938="Selecione a Nota aqui."),0,Respostas!$E938) -> 0 | P96: =IF(OR(Respostas!$E939="",Respostas!$E939="Selecione a Nota aqui."),0,Respostas!$E939) -> 0 | Q96: =IF(OR(Respostas!$E940="",Respostas!$E940="Selecione a Nota aqui."),0,Respostas!$E940) -> 0 | R96: =IF(OR(Respostas!$E941="",Respostas!$E941="Selecione a Nota aqui."),0,Respostas!$E941) -> 0 | S96: =IF(OR(Respostas!$E942="",Respostas!$E942="Selecione a Nota aqui."),0,Respostas!$E942) -> 0 | T96: =IF(OR(Respostas!$E943="",Respostas!$E943="Selecione a Nota aqui."),0,Respostas!$E943) -> 0 | U96: =IF(OR(Respostas!$E944="",Respostas!$E944="Selecione a Nota aqui."),0,Respostas!$E944) -> 0 | V96: Produtividade (Megagestações conscienciais) | W96: =IF(COUNTIF(B96:U96,"na")=20,"na",SUM(B96:U96)) -> 0 | X96: =IF(W96="na",0,W96/((20-COUNTIF(B96:U96,"na"))*1)) -> 0 | AD96: =AE96*100 -> 0 | AE96: =X73 -> 0
A97: 48 | B97: =IF(OR(Respostas!$E945="",Respostas!$E945="Selecione a Nota aqui."),0,Respostas!$E945) -> 0 | C97: =IF(OR(Respostas!$E946="",Respostas!$E946="Selecione a Nota aqui."),0,Respostas!$E946) -> 0 | D97: =IF(OR(Respostas!$E947="",Respostas!$E947="Selecione a Nota aqui."),0,Respostas!$E947) -> 0 | E97: =IF(OR(Respostas!$E948="",Respostas!$E948="Selecione a Nota aqui."),0,Respostas!$E948) -> 0 | F97: =IF(OR(Respostas!$E949="",Respostas!$E949="Selecione a Nota aqui."),0,Respostas!$E949) -> 0 | G97: =IF(OR(Respostas!$E950="",Respostas!$E950="Selecione a Nota aqui."),0,Respostas!$E950) -> 0 | H97: =IF(OR(Respostas!$E951="",Respostas!$E951="Selecione a Nota aqui."),0,Respostas!$E951) -> 0 | I97: =IF(OR(Respostas!$E952="",Respostas!$E952="Selecione a Nota aqui."),0,Respostas!$E952) -> 0 | J97: =IF(OR(Respostas!$E953="",Respostas!$E953="Selecione a Nota aqui."),0,Respostas!$E953) -> 0 | K97: =IF(OR(Respostas!$E954="",Respostas!$E954="Selecione a Nota aqui."),0,Respostas!$E954) -> 0 | L97: =IF(OR(Respostas!$E955="",Respostas!$E955="Selecione a Nota aqui."),0,Respostas!$E955) -> 0 | M97: =IF(OR(Respostas!$E956="",Respostas!$E956="Selecione a Nota aqui."),0,Respostas!$E956) -> 0 | N97: =IF(OR(Respostas!$E957="",Respostas!$E957="Selecione a Nota aqui."),0,Respostas!$E957) -> 0 | O97: =IF(OR(Respostas!$E958="",Respostas!$E958="Selecione a Nota aqui."),0,Respostas!$E958) -> 0 | P97: =IF(OR(Respostas!$E959="",Respostas!$E959="Selecione a Nota aqui."),0,Respostas!$E959) -> 0 | Q97: =IF(OR(Respostas!$E960="",Respostas!$E960="Selecione a Nota aqui."),0,Respostas!$E960) -> 0 | R97: =IF(OR(Respostas!$E961="",Respostas!$E961="Selecione a Nota aqui."),0,Respostas!$E961) -> 0 | S97: =IF(OR(Respostas!$E962="",Respostas!$E962="Selecione a Nota aqui."),0,Respostas!$E962) -> 0 | T97: =IF(OR(Respostas!$E963="",Respostas!$E963="Selecione a Nota aqui."),0,Respostas!$E963) -> 0 | U97: =IF(OR(Respostas!$E964="",Respostas!$E964="Selecione a Nota aqui."),0,Respostas!$E964) -> 0 | V97: Continuidade (Mobilizações de consciencias) | W97: =IF(COUNTIF(B97:U97,"na")=20,"na",SUM(B97:U97)) -> 0 | X97: =IF(W97="na",0,W97/((20-COUNTIF(B97:U97,"na"))*1)) -> 0 | AD97: =AE97*100 -> 0
A98: 49 | B98: =IF(OR(Respostas!$E965="",Respostas!$E965="Selecione a Nota aqui."),0,Respostas!$E965) -> 0 | C98: =IF(OR(Respostas!$E966="",Respostas!$E966="Selecione a Nota aqui."),0,Respostas!$E966) -> 0 | D98: =IF(OR(Respostas!$E967="",Respostas!$E967="Selecione a Nota aqui."),0,Respostas!$E967) -> 0 | E98: =IF(OR(Respostas!$E968="",Respostas!$E968="Selecione a Nota aqui."),0,Respostas!$E968) -> 0 | F98: =IF(OR(Respostas!$E969="",Respostas!$E969="Selecione a Nota aqui."),0,Respostas!$E969) -> 0 | G98: =IF(OR(Respostas!$E970="",Respostas!$E970="Selecione a Nota aqui."),0,Respostas!$E970) -> 0 | H98: =IF(OR(Respostas!$E971="",Respostas!$E971="Selecione a Nota aqui."),0,Respostas!$E971) -> 0 | I98: =IF(OR(Respostas!$E972="",Respostas!$E972="Selecione a Nota aqui."),0,Respostas!$E972) -> 0 | J98: =IF(OR(Respostas!$E973="",Respostas!$E973="Selecione a Nota aqui."),0,Respostas!$E973) -> 0 | K98: =IF(OR(Respostas!$E974="",Respostas!$E974="Selecione a Nota aqui."),0,Respostas!$E974) -> 0 | L98: =IF(OR(Respostas!$E975="",Respostas!$E975="Selecione a Nota aqui."),0,Respostas!$E975) -> 0 | M98: =IF(OR(Respostas!$E976="",Respostas!$E976="Selecione a Nota aqui."),0,Respostas!$E976) -> 0 | N98: =IF(OR(Respostas!$E977="",Respostas!$E977="Selecione a Nota aqui."),0,Respostas!$E977) -> 0 | O98: =IF(OR(Respostas!$E978="",Respostas!$E978="Selecione a Nota aqui."),0,Respostas!$E978) -> 0 | P98: =IF(OR(Respostas!$E979="",Respostas!$E979="Selecione a Nota aqui."),0,Respostas!$E979) -> 0 | Q98: =IF(OR(Respostas!$E980="",Respostas!$E980="Selecione a Nota aqui."),0,Respostas!$E980) -> 0 | R98: =IF(OR(Respostas!$E981="",Respostas!$E981="Selecione a Nota aqui."),0,Respostas!$E981) -> 0 | S98: =IF(OR(Respostas!$E982="",Respostas!$E982="Selecione a Nota aqui."),0,Respostas!$E982) -> 0 | T98: =IF(OR(Respostas!$E983="",Respostas!$E983="Selecione a Nota aqui."),0,Respostas!$E983) -> 0 | U98: =IF(OR(Respostas!$E984="",Respostas!$E984="Selecione a Nota aqui."),0,Respostas!$E984) -> 0 | V98: Contemporaneidade (Conscin e época) | W98: =IF(COUNTIF(B98:U98,"na")=20,"na",SUM(B98:U98)) -> 0 | X98: =IF(W98="na",0,W98/((20-COUNTIF(B98:U98,"na"))*1)) -> 0 | AD98: =AE98*100 -> 0 | AE98: =X74 -> 0
A99: 50 | B99: =IF(OR(Respostas!$E985="",Respostas!$E985="Selecione a Nota aqui."),0,Respostas!$E985) -> 0 | C99: =IF(OR(Respostas!$E986="",Respostas!$E986="Selecione a Nota aqui."),0,Respostas!$E986) -> 0 | D99: =IF(OR(Respostas!$E987="",Respostas!$E987="Selecione a Nota aqui."),0,Respostas!$E987) -> 0 | E99: =IF(OR(Respostas!$E988="",Respostas!$E988="Selecione a Nota aqui."),0,Respostas!$E988) -> 0 | F99: =IF(OR(Respostas!$E989="",Respostas!$E989="Selecione a Nota aqui."),0,Respostas!$E989) -> 0 | G99: =IF(OR(Respostas!$E990="",Respostas!$E990="Selecione a Nota aqui."),0,Respostas!$E990) -> 0 | H99: =IF(OR(Respostas!$E991="",Respostas!$E991="Selecione a Nota aqui."),0,Respostas!$E991) -> 0 | I99: =IF(OR(Respostas!$E992="",Respostas!$E992="Selecione a Nota aqui."),0,Respostas!$E992) -> 0 | J99: =IF(OR(Respostas!$E993="",Respostas!$E993="Selecione a Nota aqui."),0,Respostas!$E993) -> 0 | K99: =IF(OR(Respostas!$E994="",Respostas!$E994="Selecione a Nota aqui."),0,Respostas!$E994) -> 0 | L99: =IF(OR(Respostas!$E995="",Respostas!$E995="Selecione a Nota aqui."),0,Respostas!$E995) -> 0 | M99: =IF(OR(Respostas!$E996="",Respostas!$E996="Selecione a Nota aqui."),0,Respostas!$E996) -> 0 | N99: =IF(OR(Respostas!$E997="",Respostas!$E997="Selecione a Nota aqui."),0,Respostas!$E997) -> 0 | O99: =IF(OR(Respostas!$E998="",Respostas!$E998="Selecione a Nota aqui."),0,Respostas!$E998) -> 0 | P99: =IF(OR(Respostas!$E999="",Respostas!$E999="Selecione a Nota aqui."),0,Respostas!$E999) -> 0 | Q99: =IF(OR(Respostas!$E1000="",Respostas!$E1000="Selecione a Nota aqui."),0,Respostas!$E1000) -> 0 | R99: =IF(OR(Respostas!$E1001="",Respostas!$E1001="Selecione a Nota aqui."),0,Respostas!$E1001) -> 0 | S99: =IF(OR(Respostas!$E1002="",Respostas!$E1002="Selecione a Nota aqui."),0,Respostas!$E1002) -> 0 | T99: =IF(OR(Respostas!$E1003="",Respostas!$E1003="Selecione a Nota aqui."),0,Respostas!$E1003) -> 0 | U99: =IF(OR(Respostas!$E1004="",Respostas!$E1004="Selecione a Nota aqui."),0,Respostas!$E1004) -> 0 | V99: Humanidade (Conscin e mesologia) | W99: =IF(COUNTIF(B99:U99,"na")=20,"na",SUM(B99:U99)) -> 0 | X99: =IF(W99="na",0,W99/((20-COUNTIF(B99:U99,"na"))*1)) -> 0 | AD99: =AE99*100 -> 0
AD100: =AE100*100 -> 0 | AE100: =X75 -> 0
B101: 1 | C101: 2 | D101: 3 | E101: 4 | F101: 5 | G101: 6 | H101: 7 | I101: 8 | J101: 9 | K101: 10 | L101: 11 | M101: 12 | N101: 13 | O101: 14 | P101: 15 | Q101: 16 | R101: 17 | S101: 18 | T101: 19 | U101: 20 | V101: COMUNICABILIDADE | W101: ST | X101: T | Y101: =SUM(W102:W111)/(IF(COUNTIF(X102:X111,">0")>0,COUNTIF(X102:X111,">0"),1)*20*1) -> 0 | AD101: =AE101*100 -> 0
A102: 51 | B102: =IF(OR(Respostas!$E1005="",Respostas!$E1005="Selecione a Nota aqui."),0,Respostas!$E1005) -> 0 | C102: =IF(OR(Respostas!$E1006="",Respostas!$E1006="Selecione a Nota aqui."),0,Respostas!$E1006) -> 0 | D102: =IF(OR(Respostas!$E1007="",Respostas!$E1007="Selecione a Nota aqui."),0,Respostas!$E1007) -> 0 | E102: =IF(OR(Respostas!$E1008="",Respostas!$E1008="Selecione a Nota aqui."),0,Respostas!$E1008) -> 0 | F102: =IF(OR(Respostas!$E1009="",Respostas!$E1009="Selecione a Nota aqui."),0,Respostas!$E1009) -> 0 | G102: =IF(OR(Respostas!$E1010="",Respostas!$E1010="Selecione a Nota aqui."),0,Respostas!$E1010) -> 0 | H102: =IF(OR(Respostas!$E1011="",Respostas!$E1011="Selecione a Nota aqui."),0,Respostas!$E1011) -> 0 | I102: =IF(OR(Respostas!$E1012="",Respostas!$E1012="Selecione a Nota aqui."),0,Respostas!$E1012) -> 0 | J102: =IF(OR(Respostas!$E1013="",Respostas!$E1013="Selecione a Nota aqui."),0,Respostas!$E1013) -> 0 | K102: =IF(OR(Respostas!$E1014="",Respostas!$E1014="Selecione a Nota aqui."),0,Respostas!$E1014) -> 0 | L102: =IF(OR(Respostas!$E1015="",Respostas!$E1015="Selecione a Nota aqui."),0,Respostas!$E1015) -> 0 | M102: =IF(OR(Respostas!$E1016="",Respostas!$E1016="Selecione a Nota aqui."),0,Respostas!$E1016) -> 0 | N102: =IF(OR(Respostas!$E1017="",Respostas!$E1017="Selecione a Nota aqui."),0,Respostas!$E1017) -> 0 | O102: =IF(OR(Respostas!$E1018="",Respostas!$E1018="Selecione a Nota aqui."),0,Respostas!$E1018) -> 0 | P102: =IF(OR(Respostas!$E1019="",Respostas!$E1019="Selecione a Nota aqui."),0,Respostas!$E1019) -> 0 | Q102: =IF(OR(Respostas!$E1020="",Respostas!$E1020="Selecione a Nota aqui."),0,Respostas!$E1020) -> 0 | R102: =IF(OR(Respostas!$E1021="",Respostas!$E1021="Selecione a Nota aqui."),0,Respostas!$E1021) -> 0 | S102: =IF(OR(Respostas!$E1022="",Respostas!$E1022="Selecione a Nota aqui."),0,Respostas!$E1022) -> 0 | T102: =IF(OR(Respostas!$E1023="",Respostas!$E1023="Selecione a Nota aqui."),0,Respostas!$E1023) -> 0 | U102: =IF(OR(Respostas!$E1024="",Respostas!$E1024="Selecione a Nota aqui."),0,Respostas!$E1024) -> 0 | V102: Sociabilidade (Contactos da consciência) | W102: =IF(COUNTIF(B102:U102,"na")=20,"na",SUM(B102:U102)) -> 0 | X102: =IF(W102="na",0,W102/((20-COUNTIF(B102:U102,"na"))*1)) -> 0 | AD102: =AE102*100 -> 0 | AE102: =X78 -> 0
A103: 52 | B103: =IF(OR(Respostas!$E1025="",Respostas!$E1025="Selecione a Nota aqui."),0,Respostas!$E1025) -> 0 | C103: =IF(OR(Respostas!$E1026="",Respostas!$E1026="Selecione a Nota aqui."),0,Respostas!$E1026) -> 0 | D103: =IF(OR(Respostas!$E1027="",Respostas!$E1027="Selecione a Nota aqui."),0,Respostas!$E1027) -> 0 | E103: =IF(OR(Respostas!$E1028="",Respostas!$E1028="Selecione a Nota aqui."),0,Respostas!$E1028) -> 0 | F103: =IF(OR(Respostas!$E1029="",Respostas!$E1029="Selecione a Nota aqui."),0,Respostas!$E1029) -> 0 | G103: =IF(OR(Respostas!$E1030="",Respostas!$E1030="Selecione a Nota aqui."),0,Respostas!$E1030) -> 0 | H103: =IF(OR(Respostas!$E1031="",Respostas!$E1031="Selecione a Nota aqui."),0,Respostas!$E1031) -> 0 | I103: =IF(OR(Respostas!$E1032="",Respostas!$E1032="Selecione a Nota aqui."),0,Respostas!$E1032) -> 0 | J103: =IF(OR(Respostas!$E1033="",Respostas!$E1033="Selecione a Nota aqui."),0,Respostas!$E1033) -> 0 | K103: =IF(OR(Respostas!$E1034="",Respostas!$E1034="Selecione a Nota aqui."),0,Respostas!$E1034) -> 0 | L103: =IF(OR(Respostas!$E1035="",Respostas!$E1035="Selecione a Nota aqui."),0,Respostas!$E1035) -> 0 | M103: =IF(OR(Respostas!$E1036="",Respostas!$E1036="Selecione a Nota aqui."),0,Respostas!$E1036) -> 0 | N103: =IF(OR(Respostas!$E1037="",Respostas!$E1037="Selecione a Nota aqui."),0,Respostas!$E1037) -> 0 | O103: =IF(OR(Respostas!$E1038="",Respostas!$E1038="Selecione a Nota aqui."),0,Respostas!$E1038) -> 0 | P103: =IF(OR(Respostas!$E1039="",Respostas!$E1039="Selecione a Nota aqui."),0,Respostas!$E1039) -> 0 | Q103: =IF(OR(Respostas!$E1040="",Respostas!$E1040="Selecione a Nota aqui."),0,Respostas!$E1040) -> 0 | R103: =IF(OR(Respostas!$E1041="",Respostas!$E1041="Selecione a Nota aqui."),0,Respostas!$E1041) -> 0 | S103: =IF(OR(Respostas!$E1042="",Respostas!$E1042="Selecione a Nota aqui."),0,Respostas!$E1042) -> 0 | T103: =IF(OR(Respostas!$E1043="",Respostas!$E1043="Selecione a Nota aqui."),0,Respostas!$E1043) -> 0 | U103: =IF(OR(Respostas!$E1044="",Respostas!$E1044="Selecione a Nota aqui."),0,Respostas!$E1044) -> 0 | V103: Maxicomunicabilidade (Conscin e linguagem) | W103: =IF(COUNTIF(B103:U103,"na")=20,"na",SUM(B103:U103)) -> 0 | X103: =IF(W103="na",0,W103/((20-COUNTIF(B103:U103,"na"))*1)) -> 0 | AD103: =AE103*100 -> 0
A104: 53 | B104: =IF(OR(Respostas!$E1045="",Respostas!$E1045="Selecione a Nota aqui."),0,Respostas!$E1045) -> 0 | C104: =IF(OR(Respostas!$E1046="",Respostas!$E1046="Selecione a Nota aqui."),0,Respostas!$E1046) -> 0 | D104: =IF(OR(Respostas!$E1047="",Respostas!$E1047="Selecione a Nota aqui."),0,Respostas!$E1047) -> 0 | E104: =IF(OR(Respostas!$E1048="",Respostas!$E1048="Selecione a Nota aqui."),0,Respostas!$E1048) -> 0 | F104: =IF(OR(Respostas!$E1049="",Respostas!$E1049="Selecione a Nota aqui."),0,Respostas!$E1049) -> 0 | G104: =IF(OR(Respostas!$E1050="",Respostas!$E1050="Selecione a Nota aqui."),0,Respostas!$E1050) -> 0 | H104: =IF(OR(Respostas!$E1051="",Respostas!$E1051="Selecione a Nota aqui."),0,Respostas!$E1051) -> 0 | I104: =IF(OR(Respostas!$E1052="",Respostas!$E1052="Selecione a Nota aqui."),0,Respostas!$E1052) -> 0 | J104: =IF(OR(Respostas!$E1053="",Respostas!$E1053="Selecione a Nota aqui."),0,Respostas!$E1053) -> 0 | K104: =IF(OR(Respostas!$E1054="",Respostas!$E1054="Selecione a Nota aqui."),0,Respostas!$E1054) -> 0 | L104: =IF(OR(Respostas!$E1055="",Respostas!$E1055="Selecione a Nota aqui."),0,Respostas!$E1055) -> 0 | M104: =IF(OR(Respostas!$E1056="",Respostas!$E1056="Selecione a Nota aqui."),0,Respostas!$E1056) -> 0 | N104: =IF(OR(Respostas!$E1057="",Respostas!$E1057="Selecione a Nota aqui."),0,Respostas!$E1057) -> 0 | O104: =IF(OR(Respostas!$E1058="",Respostas!$E1058="Selecione a Nota aqui."),0,Respostas!$E1058) -> 0 | P104: =IF(OR(Respostas!$E1059="",Respostas!$E1059="Selecione a Nota aqui."),0,Respostas!$E1059) -> 0 | Q104: =IF(OR(Respostas!$E1060="",Respostas!$E1060="Selecione a Nota aqui."),0,Respostas!$E1060) -> 0 | R104: =IF(OR(Respostas!$E1061="",Respostas!$E1061="Selecione a Nota aqui."),0,Respostas!$E1061) -> 0 | S104: =IF(OR(Respostas!$E1062="",Respostas!$E1062="Selecione a Nota aqui."),0,Respostas!$E1062) -> 0 | T104: =IF(OR(Respostas!$E1063="",Respostas!$E1063="Selecione a Nota aqui."),0,Respostas!$E1063) -> 0 | U104: =IF(OR(Respostas!$E1064="",Respostas!$E1064="Selecione a Nota aqui."),0,Respostas!$E1064) -> 0 | V104: Realidade (Conscin e simbologismos) | W104: =IF(COUNTIF(B104:U104,"na")=20,"na",SUM(B104:U104)) -> 0 | X104: =IF(W104="na",0,W104/((20-COUNTIF(B104:U104,"na"))*1)) -> 0 | AD104: =AE104*100 -> 0 | AE104: =X79 -> 0
A105: 54 | B105: =IF(OR(Respostas!$E1065="",Respostas!$E1065="Selecione a Nota aqui."),0,Respostas!$E1065) -> 0 | C105: =IF(OR(Respostas!$E1066="",Respostas!$E1066="Selecione a Nota aqui."),0,Respostas!$E1066) -> 0 | D105: =IF(OR(Respostas!$E1067="",Respostas!$E1067="Selecione a Nota aqui."),0,Respostas!$E1067) -> 0 | E105: =IF(OR(Respostas!$E1068="",Respostas!$E1068="Selecione a Nota aqui."),0,Respostas!$E1068) -> 0 | F105: =IF(OR(Respostas!$E1069="",Respostas!$E1069="Selecione a Nota aqui."),0,Respostas!$E1069) -> 0 | G105: =IF(OR(Respostas!$E1070="",Respostas!$E1070="Selecione a Nota aqui."),0,Respostas!$E1070) -> 0 | H105: =IF(OR(Respostas!$E1071="",Respostas!$E1071="Selecione a Nota aqui."),0,Respostas!$E1071) -> 0 | I105: =IF(OR(Respostas!$E1072="",Respostas!$E1072="Selecione a Nota aqui."),0,Respostas!$E1072) -> 0 | J105: =IF(OR(Respostas!$E1073="",Respostas!$E1073="Selecione a Nota aqui."),0,Respostas!$E1073) -> 0 | K105: =IF(OR(Respostas!$E1074="",Respostas!$E1074="Selecione a Nota aqui."),0,Respostas!$E1074) -> 0 | L105: =IF(OR(Respostas!$E1075="",Respostas!$E1075="Selecione a Nota aqui."),0,Respostas!$E1075) -> 0 | M105: =IF(OR(Respostas!$E1076="",Respostas!$E1076="Selecione a Nota aqui."),0,Respostas!$E1076) -> 0 | N105: =IF(OR(Respostas!$E1077="",Respostas!$E1077="Selecione a Nota aqui."),0,Respostas!$E1077) -> 0 | O105: =IF(OR(Respostas!$E1078="",Respostas!$E1078="Selecione a Nota aqui."),0,Respostas!$E1078) -> 0 | P105: =IF(OR(Respostas!$E1079="",Respostas!$E1079="Selecione a Nota aqui."),0,Respostas!$E1079) -> 0 | Q105: =IF(OR(Respostas!$E1080="",Respostas!$E1080="Selecione a Nota aqui."),0,Respostas!$E1080) -> 0 | R105: =IF(OR(Respostas!$E1081="",Respostas!$E1081="Selecione a Nota aqui."),0,Respostas!$E1081) -> 0 | S105: =IF(OR(Respostas!$E1082="",Respostas!$E1082="Selecione a Nota aqui."),0,Respostas!$E1082) -> 0 | T105: =IF(OR(Respostas!$E1083="",Respostas!$E1083="Selecione a Nota aqui."),0,Respostas!$E1083) -> 0 | U105: =IF(OR(Respostas!$E1084="",Respostas!$E1084="Selecione a Nota aqui."),0,Respostas!$E1084) -> 0 | V105: Sintaxidade (Exposição das idéias) | W105: =IF(COUNTIF(B105:U105,"na")=20,"na",SUM(B105:U105)) -> 0 | X105: =IF(W105="na",0,W105/((20-COUNTIF(B105:U105,"na"))*1)) -> 0 | AD105: =AE105*100 -> 0
A106: 55 | B106: =IF(OR(Respostas!$E1085="",Respostas!$E1085="Selecione a Nota aqui."),0,Respostas!$E1085) -> 0 | C106: =IF(OR(Respostas!$E1086="",Respostas!$E1086="Selecione a Nota aqui."),0,Respostas!$E1086) -> 0 | D106: =IF(OR(Respostas!$E1087="",Respostas!$E1087="Selecione a Nota aqui."),0,Respostas!$E1087) -> 0 | E106: =IF(OR(Respostas!$E1088="",Respostas!$E1088="Selecione a Nota aqui."),0,Respostas!$E1088) -> 0 | F106: =IF(OR(Respostas!$E1089="",Respostas!$E1089="Selecione a Nota aqui."),0,Respostas!$E1089) -> 0 | G106: =IF(OR(Respostas!$E1090="",Respostas!$E1090="Selecione a Nota aqui."),0,Respostas!$E1090) -> 0 | H106: =IF(OR(Respostas!$E1091="",Respostas!$E1091="Selecione a Nota aqui."),0,Respostas!$E1091) -> 0 | I106: =IF(OR(Respostas!$E1092="",Respostas!$E1092="Selecione a Nota aqui."),0,Respostas!$E1092) -> 0 | J106: =IF(OR(Respostas!$E1093="",Respostas!$E1093="Selecione a Nota aqui."),0,Respostas!$E1093) -> 0 | K106: =IF(OR(Respostas!$E1094="",Respostas!$E1094="Selecione a Nota aqui."),0,Respostas!$E1094) -> 0 | L106: =IF(OR(Respostas!$E1095="",Respostas!$E1095="Selecione a Nota aqui."),0,Respostas!$E1095) -> 0 | M106: =IF(OR(Respostas!$E1096="",Respostas!$E1096="Selecione a Nota aqui."),0,Respostas!$E1096) -> 0 | N106: =IF(OR(Respostas!$E1097="",Respostas!$E1097="Selecione a Nota aqui."),0,Respostas!$E1097) -> 0 | O106: =IF(OR(Respostas!$E1098="",Respostas!$E1098="Selecione a Nota aqui."),0,Respostas!$E1098) -> 0 | P106: =IF(OR(Respostas!$E1099="",Respostas!$E1099="Selecione a Nota aqui."),0,Respostas!$E1099) -> 0 | Q106: =IF(OR(Respostas!$E1100="",Respostas!$E1100="Selecione a Nota aqui."),0,Respostas!$E1100) -> 0 | R106: =IF(OR(Respostas!$E1101="",Respostas!$E1101="Selecione a Nota aqui."),0,Respostas!$E1101) -> 0 | S106: =IF(OR(Respostas!$E1102="",Respostas!$E1102="Selecione a Nota aqui."),0,Respostas!$E1102) -> 0 | T106: =IF(OR(Respostas!$E1103="",Respostas!$E1103="Selecione a Nota aqui."),0,Respostas!$E1103) -> 0 | U106: =IF(OR(Respostas!$E1104="",Respostas!$E1104="Selecione a Nota aqui."),0,Respostas!$E1104) -> 0 | V106: Fecundidade (Consciência e idéias) | W106: =IF(COUNTIF(B106:U106,"na")=20,"na",SUM(B106:U106)) -> 0 | X106: =IF(W106="na",0,W106/((20-COUNTIF(B106:U106,"na"))*1)) -> 0 | AD106: =AE106*100 -> 0 | AE106: =X80 -> 0
A107: 56 | B107: =IF(OR(Respostas!$E1105="",Respostas!$E1105="Selecione a Nota aqui."),0,Respostas!$E1105) -> 0 | C107: =IF(OR(Respostas!$E1106="",Respostas!$E1106="Selecione a Nota aqui."),0,Respostas!$E1106) -> 0 | D107: =IF(OR(Respostas!$E1107="",Respostas!$E1107="Selecione a Nota aqui."),0,Respostas!$E1107) -> 0 | E107: =IF(OR(Respostas!$E1108="",Respostas!$E1108="Selecione a Nota aqui."),0,Respostas!$E1108) -> 0 | F107: =IF(OR(Respostas!$E1109="",Respostas!$E1109="Selecione a Nota aqui."),0,Respostas!$E1109) -> 0 | G107: =IF(OR(Respostas!$E1110="",Respostas!$E1110="Selecione a Nota aqui."),0,Respostas!$E1110) -> 0 | H107: =IF(OR(Respostas!$E1111="",Respostas!$E1111="Selecione a Nota aqui."),0,Respostas!$E1111) -> 0 | I107: =IF(OR(Respostas!$E1112="",Respostas!$E1112="Selecione a Nota aqui."),0,Respostas!$E1112) -> 0 | J107: =IF(OR(Respostas!$E1113="",Respostas!$E1113="Selecione a Nota aqui."),0,Respostas!$E1113) -> 0 | K107: =IF(OR(Respostas!$E1114="",Respostas!$E1114="Selecione a Nota aqui."),0,Respostas!$E1114) -> 0 | L107: =IF(OR(Respostas!$E1115="",Respostas!$E1115="Selecione a Nota aqui."),0,Respostas!$E1115) -> 0 | M107: =IF(OR(Respostas!$E1116="",Respostas!$E1116="Selecione a Nota aqui."),0,Respostas!$E1116) -> 0 | N107: =IF(OR(Respostas!$E1117="",Respostas!$E1117="Selecione a Nota aqui."),0,Respostas!$E1117) -> 0 | O107: =IF(OR(Respostas!$E1118="",Respostas!$E1118="Selecione a Nota aqui."),0,Respostas!$E1118) -> 0 | P107: =IF(OR(Respostas!$E1119="",Respostas!$E1119="Selecione a Nota aqui."),0,Respostas!$E1119) -> 0 | Q107: =IF(OR(Respostas!$E1120="",Respostas!$E1120="Selecione a Nota aqui."),0,Respostas!$E1120) -> 0 | R107: =IF(OR(Respostas!$E1121="",Respostas!$E1121="Selecione a Nota aqui."),0,Respostas!$E1121) -> 0 | S107: =IF(OR(Respostas!$E1122="",Respostas!$E1122="Selecione a Nota aqui."),0,Respostas!$E1122) -> 0 | T107: =IF(OR(Respostas!$E1123="",Respostas!$E1123="Selecione a Nota aqui."),0,Respostas!$E1123) -> 0 | U107: =IF(OR(Respostas!$E1124="",Respostas!$E1124="Selecione a Nota aqui."),0,Respostas!$E1124) -> 0 | V107: Reverificabilidade (Conscin e omniquestionamento) | W107: =IF(COUNTIF(B107:U107,"na")=20,"na",SUM(B107:U107)) -> 0 | X107: =IF(W107="na",0,W107/((20-COUNTIF(B107:U107,"na"))*1)) -> 0 | AD107: =AE107*100 -> 0
A108: 57 | B108: =IF(OR(Respostas!$E1125="",Respostas!$E1125="Selecione a Nota aqui."),0,Respostas!$E1125) -> 0 | C108: =IF(OR(Respostas!$E1126="",Respostas!$E1126="Selecione a Nota aqui."),0,Respostas!$E1126) -> 0 | D108: =IF(OR(Respostas!$E1127="",Respostas!$E1127="Selecione a Nota aqui."),0,Respostas!$E1127) -> 0 | E108: =IF(OR(Respostas!$E1128="",Respostas!$E1128="Selecione a Nota aqui."),0,Respostas!$E1128) -> 0 | F108: =IF(OR(Respostas!$E1129="",Respostas!$E1129="Selecione a Nota aqui."),0,Respostas!$E1129) -> 0 | G108: =IF(OR(Respostas!$E1130="",Respostas!$E1130="Selecione a Nota aqui."),0,Respostas!$E1130) -> 0 | H108: =IF(OR(Respostas!$E1131="",Respostas!$E1131="Selecione a Nota aqui."),0,Respostas!$E1131) -> 0 | I108: =IF(OR(Respostas!$E1132="",Respostas!$E1132="Selecione a Nota aqui."),0,Respostas!$E1132) -> 0 | J108: =IF(OR(Respostas!$E1133="",Respostas!$E1133="Selecione a Nota aqui."),0,Respostas!$E1133) -> 0 | K108: =IF(OR(Respostas!$E1134="",Respostas!$E1134="Selecione a Nota aqui."),0,Respostas!$E1134) -> 0 | L108: =IF(OR(Respostas!$E1135="",Respostas!$E1135="Selecione a Nota aqui."),0,Respostas!$E1135) -> 0 | M108: =IF(OR(Respostas!$E1136="",Respostas!$E1136="Selecione a Nota aqui."),0,Respostas!$E1136) -> 0 | N108: =IF(OR(Respostas!$E1137="",Respostas!$E1137="Selecione a Nota aqui."),0,Respostas!$E1137) -> 0 | O108: =IF(OR(Respostas!$E1138="",Respostas!$E1138="Selecione a Nota aqui."),0,Respostas!$E1138) -> 0 | P108: =IF(OR(Respostas!$E1139="",Respostas!$E1139="Selecione a Nota aqui."),0,Respostas!$E1139) -> 0 | Q108: =IF(OR(Respostas!$E1140="",Respostas!$E1140="Selecione a Nota aqui."),0,Respostas!$E1140) -> 0 | R108: =IF(OR(Respostas!$E1141="",Respostas!$E1141="Selecione a Nota aqui."),0,Respostas!$E1141) -> 0 | S108: =IF(OR(Respostas!$E1142="",Respostas!$E1142="Selecione a Nota aqui."),0,Respostas!$E1142) -> 0 | T108: =IF(OR(Respostas!$E1143="",Respostas!$E1143="Selecione a Nota aqui."),0,Respostas!$E1143) -> 0 | U108: =IF(OR(Respostas!$E1144="",Respostas!$E1144="Selecione a Nota aqui."),0,Respostas!$E1144) -> 0 | V108: Esteticidade (Conscin e arte) | W108: =IF(COUNTIF(B108:U108,"na")=20,"na",SUM(B108:U108)) -> 0 | X108: =IF(W108="na",0,W108/((20-COUNTIF(B108:U108,"na"))*1)) -> 0 | AD108: =AE108*100 -> 0 | AE108: =X81 -> 0
A109: 58 | B109: =IF(OR(Respostas!$E1145="",Respostas!$E1145="Selecione a Nota aqui."),0,Respostas!$E1145) -> 0 | C109: =IF(OR(Respostas!$E1146="",Respostas!$E1146="Selecione a Nota aqui."),0,Respostas!$E1146) -> 0 | D109: =IF(OR(Respostas!$E1147="",Respostas!$E1147="Selecione a Nota aqui."),0,Respostas!$E1147) -> 0 | E109: =IF(OR(Respostas!$E1148="",Respostas!$E1148="Selecione a Nota aqui."),0,Respostas!$E1148) -> 0 | F109: =IF(OR(Respostas!$E1149="",Respostas!$E1149="Selecione a Nota aqui."),0,Respostas!$E1149) -> 0 | G109: =IF(OR(Respostas!$E1150="",Respostas!$E1150="Selecione a Nota aqui."),0,Respostas!$E1150) -> 0 | H109: =IF(OR(Respostas!$E1151="",Respostas!$E1151="Selecione a Nota aqui."),0,Respostas!$E1151) -> 0 | I109: =IF(OR(Respostas!$E1152="",Respostas!$E1152="Selecione a Nota aqui."),0,Respostas!$E1152) -> 0 | J109: =IF(OR(Respostas!$E1153="",Respostas!$E1153="Selecione a Nota aqui."),0,Respostas!$E1153) -> 0 | K109: =IF(OR(Respostas!$E1154="",Respostas!$E1154="Selecione a Nota aqui."),0,Respostas!$E1154) -> 0 | L109: =IF(OR(Respostas!$E1155="",Respostas!$E1155="Selecione a Nota aqui."),0,Respostas!$E1155) -> 0 | M109: =IF(OR(Respostas!$E1156="",Respostas!$E1156="Selecione a Nota aqui."),0,Respostas!$E1156) -> 0 | N109: =IF(OR(Respostas!$E1157="",Respostas!$E1157="Selecione a Nota aqui."),0,Respostas!$E1157) -> 0 | O109: =IF(OR(Respostas!$E1158="",Respostas!$E1158="Selecione a Nota aqui."),0,Respostas!$E1158) -> 0 | P109: =IF(OR(Respostas!$E1159="",Respostas!$E1159="Selecione a Nota aqui."),0,Respostas!$E1159) -> 0 | Q109: =IF(OR(Respostas!$E1160="",Respostas!$E1160="Selecione a Nota aqui."),0,Respostas!$E1160) -> 0 | R109: =IF(OR(Respostas!$E1161="",Respostas!$E1161="Selecione a Nota aqui."),0,Respostas!$E1161) -> 0 | S109: =IF(OR(Respostas!$E1162="",Respostas!$E1162="Selecione a Nota aqui."),0,Respostas!$E1162) -> 0 | T109: =IF(OR(Respostas!$E1163="",Respostas!$E1163="Selecione a Nota aqui."),0,Respostas!$E1163) -> 0 | U109: =IF(OR(Respostas!$E1164="",Respostas!$E1164="Selecione a Nota aqui."),0,Respostas!$E1164) -> 0 | V109: Parapsiquismo (Intercâmbio multidimensional) | W109: =IF(COUNTIF(B109:U109,"na")=20,"na",SUM(B109:U109)) -> 0 | X109: =IF(W109="na",0,W109/((20-COUNTIF(B109:U109,"na"))*1)) -> 0 | AC109: RACIONALIDADE | AD109: =AE109*100 -> 0
A110: 59 | B110: =IF(OR(Respostas!$E1165="",Respostas!$E1165="Selecione a Nota aqui."),0,Respostas!$E1165) -> 0 | C110: =IF(OR(Respostas!$E1166="",Respostas!$E1166="Selecione a Nota aqui."),0,Respostas!$E1166) -> 0 | D110: =IF(OR(Respostas!$E1167="",Respostas!$E1167="Selecione a Nota aqui."),0,Respostas!$E1167) -> 0 | E110: =IF(OR(Respostas!$E1168="",Respostas!$E1168="Selecione a Nota aqui."),0,Respostas!$E1168) -> 0 | F110: =IF(OR(Respostas!$E1169="",Respostas!$E1169="Selecione a Nota aqui."),0,Respostas!$E1169) -> 0 | G110: =IF(OR(Respostas!$E1170="",Respostas!$E1170="Selecione a Nota aqui."),0,Respostas!$E1170) -> 0 | H110: =IF(OR(Respostas!$E1171="",Respostas!$E1171="Selecione a Nota aqui."),0,Respostas!$E1171) -> 0 | I110: =IF(OR(Respostas!$E1172="",Respostas!$E1172="Selecione a Nota aqui."),0,Respostas!$E1172) -> 0 | J110: =IF(OR(Respostas!$E1173="",Respostas!$E1173="Selecione a Nota aqui."),0,Respostas!$E1173) -> 0 | K110: =IF(OR(Respostas!$E1174="",Respostas!$E1174="Selecione a Nota aqui."),0,Respostas!$E1174) -> 0 | L110: =IF(OR(Respostas!$E1175="",Respostas!$E1175="Selecione a Nota aqui."),0,Respostas!$E1175) -> 0 | M110: =IF(OR(Respostas!$E1176="",Respostas!$E1176="Selecione a Nota aqui."),0,Respostas!$E1176) -> 0 | N110: =IF(OR(Respostas!$E1177="",Respostas!$E1177="Selecione a Nota aqui."),0,Respostas!$E1177) -> 0 | O110: =IF(OR(Respostas!$E1178="",Respostas!$E1178="Selecione a Nota aqui."),0,Respostas!$E1178) -> 0 | P110: =IF(OR(Respostas!$E1179="",Respostas!$E1179="Selecione a Nota aqui."),0,Respostas!$E1179) -> 0 | Q110: =IF(OR(Respostas!$E1180="",Respostas!$E1180="Selecione a Nota aqui."),0,Respostas!$E1180) -> 0 | R110: =IF(OR(Respostas!$E1181="",Respostas!$E1181="Selecione a Nota aqui."),0,Respostas!$E1181) -> 0 | S110: =IF(OR(Respostas!$E1182="",Respostas!$E1182="Selecione a Nota aqui."),0,Respostas!$E1182) -> 0 | T110: =IF(OR(Respostas!$E1183="",Respostas!$E1183="Selecione a Nota aqui."),0,Respostas!$E1183) -> 0 | U110: =IF(OR(Respostas!$E1184="",Respostas!$E1184="Selecione a Nota aqui."),0,Respostas!$E1184) -> 0 | V110: Exotericidade (Conscin e abertismo) | W110: =IF(COUNTIF(B110:U110,"na")=20,"na",SUM(B110:U110)) -> 0 | X110: =IF(W110="na",0,W110/((20-COUNTIF(B110:U110,"na"))*1)) -> 0 | AD110: =AE110*100 -> 0 | AE110: =X82 -> 0
A111: 60 | B111: =IF(OR(Respostas!$E1185="",Respostas!$E1185="Selecione a Nota aqui."),0,Respostas!$E1185) -> 0 | C111: =IF(OR(Respostas!$E1186="",Respostas!$E1186="Selecione a Nota aqui."),0,Respostas!$E1186) -> 0 | D111: =IF(OR(Respostas!$E1187="",Respostas!$E1187="Selecione a Nota aqui."),0,Respostas!$E1187) -> 0 | E111: =IF(OR(Respostas!$E1188="",Respostas!$E1188="Selecione a Nota aqui."),0,Respostas!$E1188) -> 0 | F111: =IF(OR(Respostas!$E1189="",Respostas!$E1189="Selecione a Nota aqui."),0,Respostas!$E1189) -> 0 | G111: =IF(OR(Respostas!$E1190="",Respostas!$E1190="Selecione a Nota aqui."),0,Respostas!$E1190) -> 0 | H111: =IF(OR(Respostas!$E1191="",Respostas!$E1191="Selecione a Nota aqui."),0,Respostas!$E1191) -> 0 | I111: =IF(OR(Respostas!$E1192="",Respostas!$E1192="Selecione a Nota aqui."),0,Respostas!$E1192) -> 0 | J111: =IF(OR(Respostas!$E1193="",Respostas!$E1193="Selecione a Nota aqui."),0,Respostas!$E1193) -> 0 | K111: =IF(OR(Respostas!$E1194="",Respostas!$E1194="Selecione a Nota aqui."),0,Respostas!$E1194) -> 0 | L111: =IF(OR(Respostas!$E1195="",Respostas!$E1195="Selecione a Nota aqui."),0,Respostas!$E1195) -> 0 | M111: =IF(OR(Respostas!$E1196="",Respostas!$E1196="Selecione a Nota aqui."),0,Respostas!$E1196) -> 0 | N111: =IF(OR(Respostas!$E1197="",Respostas!$E1197="Selecione a Nota aqui."),0,Respostas!$E1197) -> 0 | O111: =IF(OR(Respostas!$E1198="",Respostas!$E1198="Selecione a Nota aqui."),0,Respostas!$E1198) -> 0 | P111: =IF(OR(Respostas!$E1199="",Respostas!$E1199="Selecione a Nota aqui."),0,Respostas!$E1199) -> 0 | Q111: =IF(OR(Respostas!$E1200="",Respostas!$E1200="Selecione a Nota aqui."),0,Respostas!$E1200) -> 0 | R111: =IF(OR(Respostas!$E1201="",Respostas!$E1201="Selecione a Nota aqui."),0,Respostas!$E1201) -> 0 | S111: =IF(OR(Respostas!$E1202="",Respostas!$E1202="Selecione a Nota aqui."),0,Respostas!$E1202) -> 0 | T111: =IF(OR(Respostas!$E1203="",Respostas!$E1203="Selecione a Nota aqui."),0,Respostas!$E1203) -> 0 | U111: =IF(OR(Respostas!$E1204="",Respostas!$E1204="Selecione a Nota aqui."),0,Respostas!$E1204) -> 0 | V111: Opinacidade (Opinião para o público) | W111: =IF(COUNTIF(B111:U111,"na")=20,"na",SUM(B111:U111)) -> 0 | X111: =IF(W111="na",0,W111/((20-COUNTIF(B111:U111,"na"))*1)) -> 0 | AD111: =AE111*100 -> 0
AD112: =AE112*100 -> 0 | AE112: =X83 -> 0
B113: 1 | C113: 2 | D113: 3 | E113: 4 | F113: 5 | G113: 6 | H113: 7 | I113: 8 | J113: 9 | K113: 10 | L113: 11 | M113: 12 | N113: 13 | O113: 14 | P113: 15 | Q113: 16 | R113: 17 | S113: 18 | T113: 19 | U113: 20 | V113: PRIORIZAÇÃO | W113: ST | X113: T | Y113: =SUM(W114:W123)/(IF(COUNTIF(X114:X123,">0")>0,COUNTIF(X114:X123,">0"),1)*20*1) -> 0 | AD113: =AE113*100 -> 0
A114: 61 | B114: =IF(OR(Respostas!$E1205="",Respostas!$E1205="Selecione a Nota aqui."),0,Respostas!$E1205) -> 0 | C114: =IF(OR(Respostas!$E1206="",Respostas!$E1206="Selecione a Nota aqui."),0,Respostas!$E1206) -> 0 | D114: =IF(OR(Respostas!$E1207="",Respostas!$E1207="Selecione a Nota aqui."),0,Respostas!$E1207) -> 0 | E114: =IF(OR(Respostas!$E1208="",Respostas!$E1208="Selecione a Nota aqui."),0,Respostas!$E1208) -> 0 | F114: =IF(OR(Respostas!$E1209="",Respostas!$E1209="Selecione a Nota aqui."),0,Respostas!$E1209) -> 0 | G114: =IF(OR(Respostas!$E1210="",Respostas!$E1210="Selecione a Nota aqui."),0,Respostas!$E1210) -> 0 | H114: =IF(OR(Respostas!$E1211="",Respostas!$E1211="Selecione a Nota aqui."),0,Respostas!$E1211) -> 0 | I114: =IF(OR(Respostas!$E1212="",Respostas!$E1212="Selecione a Nota aqui."),0,Respostas!$E1212) -> 0 | J114: =IF(OR(Respostas!$E1213="",Respostas!$E1213="Selecione a Nota aqui."),0,Respostas!$E1213) -> 0 | K114: =IF(OR(Respostas!$E1214="",Respostas!$E1214="Selecione a Nota aqui."),0,Respostas!$E1214) -> 0 | L114: =IF(OR(Respostas!$E1215="",Respostas!$E1215="Selecione a Nota aqui."),0,Respostas!$E1215) -> 0 | M114: =IF(OR(Respostas!$E1216="",Respostas!$E1216="Selecione a Nota aqui."),0,Respostas!$E1216) -> 0 | N114: =IF(OR(Respostas!$E1217="",Respostas!$E1217="Selecione a Nota aqui."),0,Respostas!$E1217) -> 0 | O114: =IF(OR(Respostas!$E1218="",Respostas!$E1218="Selecione a Nota aqui."),0,Respostas!$E1218) -> 0 | P114: =IF(OR(Respostas!$E1219="",Respostas!$E1219="Selecione a Nota aqui."),0,Respostas!$E1219) -> 0 | Q114: =IF(OR(Respostas!$E1220="",Respostas!$E1220="Selecione a Nota aqui."),0,Respostas!$E1220) -> 0 | R114: =IF(OR(Respostas!$E1221="",Respostas!$E1221="Selecione a Nota aqui."),0,Respostas!$E1221) -> 0 | S114: =IF(OR(Respostas!$E1222="",Respostas!$E1222="Selecione a Nota aqui."),0,Respostas!$E1222) -> 0 | T114: =IF(OR(Respostas!$E1223="",Respostas!$E1223="Selecione a Nota aqui."),0,Respostas!$E1223) -> 0 | U114: =IF(OR(Respostas!$E1224="",Respostas!$E1224="Selecione a Nota aqui."),0,Respostas!$E1224) -> 0 | V114: Liberdade (Conscin e livre arbítrio) | W114: =IF(COUNTIF(B114:U114,"na")=20,"na",SUM(B114:U114)) -> 0 | X114: =IF(W114="na",0,W114/((20-COUNTIF(B114:U114,"na"))*1)) -> 0 | AD114: =AE114*100 -> 0 | AE114: =X84 -> 0
A115: 62 | B115: =IF(OR(Respostas!$E1225="",Respostas!$E1225="Selecione a Nota aqui."),0,Respostas!$E1225) -> 0 | C115: =IF(OR(Respostas!$E1226="",Respostas!$E1226="Selecione a Nota aqui."),0,Respostas!$E1226) -> 0 | D115: =IF(OR(Respostas!$E1227="",Respostas!$E1227="Selecione a Nota aqui."),0,Respostas!$E1227) -> 0 | E115: =IF(OR(Respostas!$E1228="",Respostas!$E1228="Selecione a Nota aqui."),0,Respostas!$E1228) -> 0 | F115: =IF(OR(Respostas!$E1229="",Respostas!$E1229="Selecione a Nota aqui."),0,Respostas!$E1229) -> 0 | G115: =IF(OR(Respostas!$E1230="",Respostas!$E1230="Selecione a Nota aqui."),0,Respostas!$E1230) -> 0 | H115: =IF(OR(Respostas!$E1231="",Respostas!$E1231="Selecione a Nota aqui."),0,Respostas!$E1231) -> 0 | I115: =IF(OR(Respostas!$E1232="",Respostas!$E1232="Selecione a Nota aqui."),0,Respostas!$E1232) -> 0 | J115: =IF(OR(Respostas!$E1233="",Respostas!$E1233="Selecione a Nota aqui."),0,Respostas!$E1233) -> 0 | K115: =IF(OR(Respostas!$E1234="",Respostas!$E1234="Selecione a Nota aqui."),0,Respostas!$E1234) -> 0 | L115: =IF(OR(Respostas!$E1235="",Respostas!$E1235="Selecione a Nota aqui."),0,Respostas!$E1235) -> 0 | M115: =IF(OR(Respostas!$E1236="",Respostas!$E1236="Selecione a Nota aqui."),0,Respostas!$E1236) -> 0 | N115: =IF(OR(Respostas!$E1237="",Respostas!$E1237="Selecione a Nota aqui."),0,Respostas!$E1237) -> 0 | O115: =IF(OR(Respostas!$E1238="",Respostas!$E1238="Selecione a Nota aqui."),0,Respostas!$E1238) -> 0 | P115: =IF(OR(Respostas!$E1239="",Respostas!$E1239="Selecione a Nota aqui."),0,Respostas!$E1239) -> 0 | Q115: =IF(OR(Respostas!$E1240="",Respostas!$E1240="Selecione a Nota aqui."),0,Respostas!$E1240) -> 0 | R115: =IF(OR(Respostas!$E1241="",Respostas!$E1241="Selecione a Nota aqui."),0,Respostas!$E1241) -> 0 | S115: =IF(OR(Respostas!$E1242="",Respostas!$E1242="Selecione a Nota aqui."),0,Respostas!$E1242) -> 0 | T115: =IF(OR(Respostas!$E1243="",Respostas!$E1243="Selecione a Nota aqui."),0,Respostas!$E1243) -> 0 | U115: =IF(OR(Respostas!$E1244="",Respostas!$E1244="Selecione a Nota aqui."),0,Respostas!$E1244) -> 0 | V115: Maxiprioridade (Maturidade do livre arbítrio) | W115: =IF(COUNTIF(B115:U115,"na")=20,"na",SUM(B115:U115)) -> 0 | X115: =IF(W115="na",0,W115/((20-COUNTIF(B115:U115,"na"))*1)) -> 0 | AD115: =AE115*100 -> 0
A116: 63 | B116: =IF(OR(Respostas!$E1245="",Respostas!$E1245="Selecione a Nota aqui."),0,Respostas!$E1245) -> 0 | C116: =IF(OR(Respostas!$E1246="",Respostas!$E1246="Selecione a Nota aqui."),0,Respostas!$E1246) -> 0 | D116: =IF(OR(Respostas!$E1247="",Respostas!$E1247="Selecione a Nota aqui."),0,Respostas!$E1247) -> 0 | E116: =IF(OR(Respostas!$E1248="",Respostas!$E1248="Selecione a Nota aqui."),0,Respostas!$E1248) -> 0 | F116: =IF(OR(Respostas!$E1249="",Respostas!$E1249="Selecione a Nota aqui."),0,Respostas!$E1249) -> 0 | G116: =IF(OR(Respostas!$E1250="",Respostas!$E1250="Selecione a Nota aqui."),0,Respostas!$E1250) -> 0 | H116: =IF(OR(Respostas!$E1251="",Respostas!$E1251="Selecione a Nota aqui."),0,Respostas!$E1251) -> 0 | I116: =IF(OR(Respostas!$E1252="",Respostas!$E1252="Selecione a Nota aqui."),0,Respostas!$E1252) -> 0 | J116: =IF(OR(Respostas!$E1253="",Respostas!$E1253="Selecione a Nota aqui."),0,Respostas!$E1253) -> 0 | K116: =IF(OR(Respostas!$E1254="",Respostas!$E1254="Selecione a Nota aqui."),0,Respostas!$E1254) -> 0 | L116: =IF(OR(Respostas!$E1255="",Respostas!$E1255="Selecione a Nota aqui."),0,Respostas!$E1255) -> 0 | M116: =IF(OR(Respostas!$E1256="",Respostas!$E1256="Selecione a Nota aqui."),0,Respostas!$E1256) -> 0 | N116: =IF(OR(Respostas!$E1257="",Respostas!$E1257="Selecione a Nota aqui."),0,Respostas!$E1257) -> 0 | O116: =IF(OR(Respostas!$E1258="",Respostas!$E1258="Selecione a Nota aqui."),0,Respostas!$E1258) -> 0 | P116: =IF(OR(Respostas!$E1259="",Respostas!$E1259="Selecione a Nota aqui."),0,Respostas!$E1259) -> 0 | Q116: =IF(OR(Respostas!$E1260="",Respostas!$E1260="Selecione a Nota aqui."),0,Respostas!$E1260) -> 0 | R116: =IF(OR(Respostas!$E1261="",Respostas!$E1261="Selecione a Nota aqui."),0,Respostas!$E1261) -> 0 | S116: =IF(OR(Respostas!$E1262="",Respostas!$E1262="Selecione a Nota aqui."),0,Respostas!$E1262) -> 0 | T116: =IF(OR(Respostas!$E1263="",Respostas!$E1263="Selecione a Nota aqui."),0,Respostas!$E1263) -> 0 | U116: =IF(OR(Respostas!$E1264="",Respostas!$E1264="Selecione a Nota aqui."),0,Respostas!$E1264) -> 0 | V116: Operosidade (Trabalhos pessoais) | W116: =IF(COUNTIF(B116:U116,"na")=20,"na",SUM(B116:U116)) -> 0 | X116: =IF(W116="na",0,W116/((20-COUNTIF(B116:U116,"na"))*1)) -> 0 | AD116: =AE116*100 -> 0 | AE116: =X85 -> 0
...

Sheet  Qualidade (Notas)
A1: 0 | B1: ANÁLISE DAS FOLHAS DE AVALIAÇÃO DA CONSCIÊNCIA
C2: ORDENE A TABELA POR ORDEM DE NOTA
A3: ITEM | B3: VARIÁVEL | C3: FA | D3: QUALIDADE | E3: NOTA | F3: ST
A4: 6 | B4: SOMA | C4: 6 | D4: =Analise!V47 -> Psicomotricidade (Neurônios e massa muscular) | E4: =Analise!$X$47 -> 0 | F4: =Analise!$W$47 -> 0
A5: 64 | B5: PRIORIZAÇÃO | C5: 64 | D5: =Analise!V117 -> Economicidade (Conscin e cifrões) | E5: =Analise!$X$117 -> 0 | F5: =Analise!$W$117 -> 0
A6: 5 | B6: SOMA | C6: 5 | D6: =Analise!V46 -> Mocidade (Conscin-jovem) | E6: =Analise!$X$46 -> 0 | F6: =Analise!$W$46 -> 0
A7: 94 | B7: UNIVERSALIDADE | C7: 94 | D7: =Analise!V153 -> Autenticidade (Conscin e demagogias) | E7: =Analise!$X$153 -> 0 | F7: =Analise!$W$153 -> 0
A8: 1 | B8: =Analise!V41 -> SOMA | C8: 1 | D8: =Analise!V42 -> Intrassomaticidade (Conscin e Soma) | E8: =Analise!$X$42 -> 0 | F8: =Analise!$W$42 -> 0
A9: 26 | B9: ANTIEMOCIONALIDADE | C9: 26 | D9: =Analise!V71 -> Profundidade (Auto-educação e superstições) | E9: =Analise!$X$71 -> 0 | F9: =Analise!$W$71 -> 0
A10: 18 | B10: BIOENERGÉTICA | C10: 18 | D10: =Analise!V61 -> Aquisitividade (Auto-apego e autodesapego) | E10: =Analise!$X$61 -> 0 | F10: =Analise!$W$61 -> 0
A11: 27 | B11: ANTIEMOCIONALIDADE | C11: 27 | D11: =Analise!V72 -> Influenciabilidade (Conscin-satélite) | E11: =Analise!$X$72 -> 0 | F11: =Analise!$W$72 -> 0
A12: 52 | B12: COMUNICABILIDADE | C12: 52 | D12: =Analise!V103 -> Maxicomunicabilidade (Conscin e linguagem) | E12: =Analise!$X$103 -> 0 | F12: =Analise!$W$103 -> 0
A13: 16 | B13: BIOENERGÉTICA | C13: 16 | D13: =Analise!V59 -> Sanidade (Homeostase da conscin) | E13: =Analise!$X$59 -> 0 | F13: =Analise!$W$59 -> 0
A14: 89 | B14: CONSCIENCIALIDADE | C14: 89 | D14: =Analise!V146 -> Interconsciencialidade (Famílias conscienciais) | E14: =Analise!$X$146 -> 0 | F14: =Analise!$W$146 -> 0
A15: 22 | B15: ANTIEMOCIONALIDADE | C15: 22 | D15: =Analise!V67 -> Potencialidade (Coragem da consciência) | E15: =Analise!$X$67 -> 0 | F15: =Analise!$W$67 -> 0
A16: 53 | B16: COMUNICABILIDADE | C16: 53 | D16: =Analise!V104 -> Realidade (Conscin e simbologismos) | E16: =Analise!$X$104 -> 0 | F16: =Analise!$W$104 -> 0
A17: 29 | B17: ANTIEMOCIONALIDADE | C17: 29 | D17: =Analise!V74 -> Transcendentalidade (Conscin e misticismo) | E17: =Analise!$X$74 -> 0 | F17: =Analise!$W$74 -> 0
A18: 59 | B18: COMUNICABILIDADE | C18: 59 | D18: =Analise!V110 -> Exotericidade (Conscin e abertismo) | E18: =Analise!$X$110 -> 0 | F18: =Analise!$W$110 -> 0
A19: 65 | B19: PRIORIZAÇÃO | C19: 65 | D19: =Analise!V118 -> Profissionalidade (Ocupação e subsistências) | E19: =Analise!$X$118 -> 0 | F19: =Analise!$W$118 -> 0
A20: 88 | B20: CONSCIENCIALIDADE | C20: 88 | D20: =Analise!V145 -> Pacificidade (Conscin e antibelicismo) | E20: =Analise!$X$145 -> 0 | F20: =Analise!$W$145 -> 0
A21: 4 | B21: SOMA | C21: 4 | D21: =Analise!V45 -> Sexualidade (Conscin-soma e sexo) | E21: =Analise!$X$45 -> 0 | F21: =Analise!$W$45 -> 0
A22: 2 | B22: SOMA | C22: 2 | D22: =Analise!V43 -> Hereditariedade (Paragenética e Genética) | E22: =Analise!$X$43 -> 0 | F22: =Analise!$W$43 -> 0
A23: 7 | B23: SOMA | C23: 7 | D23: =Analise!V48 -> Escolaridade (Curriculo pessoal) | E23: =Analise!$X$48 -> 0 | F23: =Analise!$W$48 -> 0
A24: 93 | B24: UNIVERSALIDADE | C24: 93 | D24: =Analise!V152 -> Maxiuniversalidade (Conscin e anti-sectarismo) | E24: =Analise!$X$152 -> 0 | F24: =Analise!$W$152 -> 0
A25: 9 | B25: SOMA | C25: 9 | D25: =Analise!V50 -> Convivialidade (Ligações cosmoéticas) | E25: =Analise!$X$50 -> 0 | F25: =Analise!$W$50 -> 0
A26: 51 | B26: =Analise!V101 -> COMUNICABILIDADE | C26: 51 | D26: =Analise!V102 -> Sociabilidade (Contactos da consciência) | E26: =Analise!$X$102 -> 0 | F26: =Analise!$W$102 -> 0
A27: 78 | B27: COERÊNCIA | C27: 78 | D27: =Analise!V133 -> Competitividade (Conscin e concorrência) | E27: =Analise!$X$133 -> 0 | F27: =Analise!$W$133 -> 0
A28: 32 | B28: RACIONALIDADE | C28: 32 | D28: =Analise!V79 -> Racionalidade (Conscin e mentalsoma) | E28: =Analise!$X$79 -> 0 | F28: =Analise!$W$79 -> 0
A29: 41 | B29: =Analise!V89 -> LIDERANÇA | C29: 41 | D29: =Analise!V90 -> Autoridade (Poder de condução) | E29: =Analise!$X$90 -> 0 | F29: =Analise!$W$90 -> 0
A30: 63 | B30: PRIORIZAÇÃO | C30: 63 | D30: =Analise!V116 -> Operosidade (Trabalhos pessoais) | E30: =Analise!$X$116 -> 0 | F30: =Analise!$W$116 -> 0
A31: 44 | B31: LIDERANÇA | C31: 44 | D31: =Analise!V93 -> Retratabilidade (Autojulgamentos públicos) | E31: =Analise!$X$93 -> 0 | F31: =Analise!$W$93 -> 0
A32: 86 | B32: CONSCIENCIALIDADE | C32: 86 | D32: =Analise!V143 -> Imediatividade (Poderes materiais) | E32: =Analise!$X$143 -> 0 | F32: =Analise!$W$143 -> 0
A33: 92 | B33: UNIVERSALIDADE | C33: 92 | D33: =Analise!V151 -> Apatricidade (Consciência e cidadania) | E33: =Analise!$X$151 -> 0 | F33: =Analise!$W$151 -> 0
A34: 33 | B34: RACIONALIDADE | C34: 33 | D34: =Analise!V80 -> Intelectualidade (Conscin e inteligências) | E34: =Analise!$X$80 -> 0 | F34: =Analise!$W$80 -> 0
A35: 37 | B35: RACIONALIDADE | C35: 37 | D35: =Analise!V84 -> Imperturbalidade (Conscin e autocontrole) | E35: =Analise!$X$84 -> 0 | F35: =Analise!$W$84 -> 0
A36: 98 | B36: UNIVERSALIDADE | C36: 98 | D36: =Analise!V157 -> Inseparabilidade (Conscin e interdependências) | E36: =Analise!$X$157 -> 0 | F36: =Analise!$W$157 -> 0
A37: 77 | B37: COERÊNCIA | C37: 77 | D37: =Analise!V132 -> Veracidade (Palavras e ações) | E37: =Analise!$X$132 -> 0 | F37: =Analise!$W$132 -> 0
A38: 38 | B38: RACIONALIDADE | C38: 38 | D38: =Analise!V85 -> Sentimentalidade (Emocionalidade dominada) | E38: =Analise!$X$85 -> 0 | F38: =Analise!$W$85 -> 0
A39: 43 | B39: LIDERANÇA | C39: 43 | D39: =Analise!V92 -> Repercutibilidade (Liderança multidimensional) | E39: =Analise!$X$92 -> 0 | F39: =Analise!$W$92 -> 0
A40: 73 | B40: COERÊNCIA | C40: 73 | D40: =Analise!V128 -> Responsabilidade (Conscin e ambigüidades) | E40: =Analise!$X$128 -> 0 | F40: =Analise!$W$128 -> 0
A41: 74 | B41: COERÊNCIA | C41: 74 | D41: =Analise!V129 -> Logicidade ( Hiperacuidade da conscin) | E41: =Analise!$X$129 -> 0 | F41: =Analise!$W$129 -> 0
A42: 87 | B42: CONSCIENCIALIDADE | C42: 87 | D42: =Analise!V144 -> Grupocarmalidade (Conscin e clã) | E42: =Analise!$X$144 -> 0 | F42: =Analise!$W$144 -> 0
A43: 70 | B43: PRIORIZAÇÃO | C43: 70 | D43: =Analise!V123 -> Cosmoeticidade (Conscin e cosmoética) | E43: =Analise!$X$123 -> 0 | F43: =Analise!$W$123 -> 0
A44: 56 | B44: COMUNICABILIDADE | C44: 56 | D44: =Analise!V107 -> Reverificabilidade (Conscin e omniquestionamento) | E44: =Analise!$X$107 -> 0 | F44: =Analise!$W$107 -> 0
A45: 60 | B45: COMUNICABILIDADE | C45: 60 | D45: =Analise!V111 -> Opinacidade (Opinião para o público) | E45: =Analise!$X$111 -> 0 | F45: =Analise!$W$111 -> 0
A46: 8 | B46: SOMA | C46: 8 | D46: =Analise!V49 -> Compaternidade (Conscin e Família) | E46: =Analise!$X$49 -> 0 | F46: =Analise!$W$49 -> 0
A47: 34 | B47: RACIONALIDADE | C47: 34 | D47: =Analise!V81 -> Personalidade (Temperamento pessoal) | E47: =Analise!$X$81 -> 0 | F47: =Analise!$W$81 -> 0
A48: 10 | B48: SOMA | C48: 10 | D48: =Analise!V51 -> Longevidade (Terceira idade) | E48: =Analise!$X$51 -> 0 | F48: =Analise!$W$51 -> 0
A49: 39 | B49: RACIONALIDADE | C49: 39 | D49: =Analise!V86 -> Maxiconsensualidade (Sabedoria de vanguarda) | E49: =Analise!$X$86 -> 0 | F49: =Analise!$W$86 -> 0
A50: 68 | B50: PRIORIZAÇÃO | C50: 68 | D50: =Analise!V121 -> Versatilidade (Universalismo intelectual) | E50: =Analise!$X$121 -> 0 | F50: =Analise!$W$121 -> 0
A51: 54 | B51: COMUNICABILIDADE | C51: 54 | D51: =Analise!V105 -> Sintaxidade (Exposição das idéias) | E51: =Analise!$X$105 -> 0 | F51: =Analise!$W$105 -> 0
A52: 75 | B52: COERÊNCIA | C52: 75 | D52: =Analise!V130 -> Criticidade (Conscin e críticas) | E52: =Analise!$X$130 -> 0 | F52: =Analise!$W$130 -> 0
A53: 69 | B53: PRIORIZAÇÃO | C53: 69 | D53: =Analise!V122 -> Totalidade (Completude da vida) | E53: =Analise!$X$122 -> 0 | F53: =Analise!$W$122 -> 0
A54: 80 | B54: COERÊNCIA | C54: 80 | D54: =Analise!V135 -> Equanimidade (Consciência de justiça) | E54: =Analise!$X$135 -> 0 | F54: =Analise!$W$135 -> 0
A55: 30 | B55: ANTIEMOCIONALIDADE | C55: 30 | D55: =Analise!V75 -> Egocarmalidade (Conscin e egoísmo) | E55: =Analise!$X$75 -> 0 | F55: =Analise!$W$75 -> 0
A56: 71 | B56: =Analise!V125 -> COERÊNCIA | C56: 71 | D56: =Analise!V126 -> Conexidade (Conscin e coerência) | E56: =Analise!$X$126 -> 0 | F56: =Analise!$W$126 -> 0
A57: 84 | B57: CONSCIENCIALIDADE | C57: 84 | D57: =Analise!V141 -> Serialidade (Vidas sucessivas) | E57: =Analise!$X$141 -> 0 | F57: =Analise!$W$141 -> 0
A58: 57 | B58: COMUNICABILIDADE | C58: 57 | D58: =Analise!V108 -> Esteticidade (Conscin e arte) | E58: =Analise!$X$108 -> 0 | F58: =Analise!$W$108 -> 0
A59: 42 | B59: LIDERANÇA | C59: 42 | D59: =Analise!V91 -> Mentalidade (Poiliticologia auto-evolutiva) | E59: =Analise!$X$91 -> 0 | F59: =Analise!$W$91 -> 0
A60: 67 | B60: PRIORIZAÇÃO | C60: 67 | D60: =Analise!V120 -> Cientificidade (Conscin e ciência) | E60: =Analise!$X$120 -> 0 | F60: =Analise!$W$120 -> 0
A61: 83 | B61: CONSCIENCIALIDADE | C61: 83 | D61: =Analise!V140 -> Antimaterialidade (Conscin e materialismos) | E61: =Analise!$X$140 -> 0 | F61: =Analise!$W$140 -> 0
A62: 66 | B62: PRIORIZAÇÃO | C62: 66 | D62: =Analise!V119 -> Atividade (Maturidade das tarefas) | E62: =Analise!$X$119 -> 0 | F62: =Analise!$W$119 -> 0
A63: 72 | B63: COERÊNCIA | C63: 72 | D63: =Analise!V127 -> Desrepressividade (Descondicionamento) | E63: =Analise!$X$127 -> 0 | F63: =Analise!$W$127 -> 0
A64: 31 | B64: =Analise!V77 -> RACIONALIDADE | C64: 31 | D64: =Analise!V78 -> Invulgaridade (Consciência e talentos) | E64: =Analise!$X$78 -> 0 | F64: =Analise!$W$78 -> 0
A65: 49 | B65: LIDERANÇA | C65: 49 | D65: =Analise!V98 -> Contemporaneidade (Conscin e época) | E65: =Analise!$X$98 -> 0 | F65: =Analise!$W$98 -> 0
A66: 97 | B66: UNIVERSALIDADE | C66: 97 | D66: =Analise!V156 -> Zooconvivialidade (Conscin e fauna) | E66: =Analise!$X$156 -> 0 | F66: =Analise!$W$156 -> 0
A67: 76 | B67: COERÊNCIA | C67: 76 | D67: =Analise!V131 -> Objectividade (Teoria e vivência) | E67: =Analise!$X$131 -> 0 | F67: =Analise!$W$131 -> 0
A68: 61 | B68: =Analise!V113 -> PRIORIZAÇÃO | C68: 61 | D68: =Analise!V114 -> Liberdade (Conscin e livre arbítrio) | E68: =Analise!$X$114 -> 0 | F68: =Analise!$W$114 -> 0
A69: 79 | B69: COERÊNCIA | C69: 79 | D69: =Analise!V134 -> Assistencialidade (Senso de generosidade) | E69: =Analise!$X$134 -> 0 | F69: =Analise!$W$134 -> 0
A70: 99 | B70: UNIVERSALIDADE | C70: 99 | D70: =Analise!V158 -> Holossomaticidade (Conscin e instrumentos) | E70: =Analise!$X$158 -> 0 | F70: =Analise!$W$158 -> 0
A71: 3 | B71: SOMA | C71: 3 | D71: =Analise!V44 -> Menoridade (Conscin-criança) | E71: =Analise!$X$44 -> 0 | F71: =Analise!$W$44 -> 0
A72: 28 | B72: ANTIEMOCIONALIDADE | C72: 28 | D72: =Analise!V73 -> Paraperceptibilidade (Animismo-parapsiquismo) | E72: =Analise!$X$73 -> 0 | F72: =Analise!$W$73 -> 0
A73: 50 | B73: LIDERANÇA | C73: 50 | D73: =Analise!V99 -> Humanidade (Conscin e mesologia) | E73: =Analise!$X$99 -> 0 | F73: =Analise!$W$99 -> 0
A74: 91 | B74: =Analise!V149 -> UNIVERSALIDADE | C74: 91 | D74: =Analise!V150 -> Maxifraternidade (Altruísmo deliberado) | E74: =Analise!$X$150 -> 0 | F74: =Analise!$W$150 -> 0
A75: 95 | B75: UNIVERSALIDADE | C75: 95 | D75: =Analise!V154 -> Omnicooperatividade (Colaboração de vanguarda) | E75: =Analise!$X$154 -> 0 | F75: =Analise!$W$154 -> 0
A76: 82 | B76: CONSCIENCIALIDADE | C76: 82 | D76: =Analise!V139 -> Identidade (Conscins e heranças) | E76: =Analise!$X$139 -> 0 | F76: =Analise!$W$139 -> 0
A77: 36 | B77: RACIONALIDADE | C77: 36 | D77: =Analise!V83 -> Megachacralidade (Porta consciencial) | E77: =Analise!$X$83 -> 0 | F77: =Analise!$W$83 -> 0
A78: 100 | B78: UNIVERSALIDADE | C78: 100 | D78: =Analise!V159 -> Holocarmalidade (Carma integral) | E78: =Analise!$X$159 -> 0 | F78: =Analise!$W$159 -> 0
A79: 46 | B79: LIDERANÇA | C79: 46 | D79: =Analise!V95 -> Antidispersividade (Maturidade dos desempenhos) | E79: =Analise!$X$95 -> 0 | F79: =Analise!$W$95 -> 0
A80: 96 | B80: UNIVERSALIDADE | C80: 96 | D80: =Analise!V155 -> Fitoconvivialidade (Conscin e flora) | E80: =Analise!$X$155 -> 0 | F80: =Analise!$W$155 -> 0
A81: 45 | B81: LIDERANÇA | C81: 45 | D81: =Analise!V94 -> Antiofensividade (Emprego do perdão) | E81: =Analise!$X$94 -> 0 | F81: =Analise!$W$94 -> 0
A82: 12 | B82: BIOENERGÉTICA | C82: 12 | D82: =Analise!V55 -> Sexochacralidade (Conscin e sexochacra) | E82: =Analise!$X$55 -> 0 | F82: =Analise!$W$55 -> 0
A83: 48 | B83: LIDERANÇA | C83: 48 | D83: =Analise!V97 -> Continuidade (Mobilizações de consciencias) | E83: =Analise!$X$97 -> 0 | F83: =Analise!$W$97 -> 0
A84: 85 | B84: CONSCIENCIALIDADE | C84: 85 | D84: =Analise!V142 -> Multidimensionalidade (Vida multidimensional) | E84: =Analise!$X$142 -> 0 | F84: =Analise!$W$142 -> 0
A85: 81 | B85: =Analise!V137 -> CONSCIENCIALIDADE | C85: 81 | D85: =Analise!V138 -> Consciencialidade (Consciência e Imortalidade) | E85: =Analise!$X$138 -> 0 | F85: =Analise!$W$138 -> 0
A86: 47 | B86: LIDERANÇA | C86: 47 | D86: =Analise!V96 -> Produtividade (Megagestações conscienciais) | E86: =Analise!$X$96 -> 0 | F86: =Analise!$W$96 -> 0
A87: 55 | B87: COMUNICABILIDADE | C87: 55 | D87: =Analise!V106 -> Fecundidade (Consciência e idéias) | E87: =Analise!$X$106 -> 0 | F87: =Analise!$W$106 -> 0
A88: 11 | B88: =Analise!V53 -> BIOENERGÉTICA | C88: 11 | D88: =Analise!V54 -> Sensibilidade (Energias conscienciais) | E88: =Analise!$X$54 -> 0 | F88: =Analise!$W$54 -> 0
A89: 62 | B89: PRIORIZAÇÃO | C89: 62 | D89: =Analise!V115 -> Maxiprioridade (Maturidade do livre arbítrio) | E89: =Analise!$X$115 -> 0 | F89: =Analise!$W$115 -> 0
A90: 21 | B90: =Analise!V65 -> ANTIEMOCIONALIDADE | C90: 21 | D90: =Analise!V66 -> Anterior (Consciência pré-somática) | E90: =Analise!$X$66 -> 0 | F90: =Analise!$W$66 -> 0
A91: 58 | B91: COMUNICABILIDADE | C91: 58 | D91: =Analise!V109 -> Parapsiquismo (Intercâmbio multidimensional) | E91: =Analise!$X$109 -> 0 | F91: =Analise!$W$109 -> 0
A92: 35 | B92: RACIONALIDADE | C92: 35 | D92: =Analise!V82 -> Animicidade (Conscin e animismo) | E92: =Analise!$X$82 -> 0 | F92: =Analise!$W$82 -> 0
A93: 17 | B93: BIOENERGÉTICA | C93: 17 | D93: =Analise!V60 -> Autodefensibilidade (Maturidade das profilaxias) | E93: =Analise!$X$60 -> 0 | F93: =Analise!$W$60 -> 0
A94: 90 | B94: CONSCIENCIALIDADE | C94: 90 | D94: =Analise!V147 -> Policarmalidade (Carma universalizado) | E94: =Analise!$X$147 -> 0 | F94: =Analise!$W$147 -> 0
A95: 24 | B95: ANTIEMOCIONALIDADE | C95: 24 | D95: =Analise!V69 -> Cardiochacralidade (Emocionalidade dominante) | E95: =Analise!$X$69 -> 0 | F95: =Analise!$W$69 -> 0
A96: 19 | B96: BIOENERGÉTICA | C96: 19 | D96: =Analise!V62 -> Desintoxidade (Autocompensações energéticas) | E96: =Analise!$X$62 -> 0 | F96: =Analise!$W$62 -> 0
A97: 40 | B97: RACIONALIDADE | C97: 40 | D97: =Analise!V87 -> Cosmoconsciencialidade (Conscin e samádi) | E97: =Analise!$X$87 -> 0 | F97: =Analise!$W$87 -> 0
A98: 25 | B98: ANTIEMOCIONALIDADE | C98: 25 | D98: =Analise!V70 -> Utilidade (Conscin e tempo livre) | E98: =Analise!$X$70 -> 0 | F98: =Analise!$W$70 -> 0
A99: 13 | B99: BIOENERGÉTICA | C99: 13 | D99: =Analise!V56 -> Vitalidade (Subcérebro abdominal) | E99: =Analise!$X$56 -> 0 | F99: =Analise!$W$56 -> 0
A100: 23 | B100: ANTIEMOCIONALIDADE | C100: 23 | D100: =Analise!V68 -> Serenidade (Consciência e Serenismo) | E100: =Analise!$X$68 -> 0 | F100: =Analise!$W$68 -> 0
...

Sheet Qualidade (Item)
A1: 0 | B1: ANÁLISE DAS FOLHAS DE AVALIAÇÃO DA CONSCIÊNCIA
C2: ORDENE A TABELA POR ORDEM DE NOTA
A3: ITEM | B3: VARIÁVEL | C3: FA | D3: QUALIDADE | E3: NOTA | F3: ST
A4: 1 | B4: =Analise!V41 -> SOMA | C4: 1 | D4: =Analise!V42 -> Intrassomaticidade (Conscin e Soma) | E4: =Analise!$X$42 -> 0 | F4: =Analise!$W$42 -> 0
A5: 2 | B5: SOMA | C5: 2 | D5: =Analise!V43 -> Hereditariedade (Paragenética e Genética) | E5: =Analise!$X$43 -> 0 | F5: =Analise!$W$43 -> 0
A6: 3 | B6: SOMA | C6: 3 | D6: =Analise!V44 -> Menoridade (Conscin-criança) | E6: =Analise!$X$44 -> 0 | F6: =Analise!$W$44 -> 0
A7: 4 | B7: SOMA | C7: 4 | D7: =Analise!V45 -> Sexualidade (Conscin-soma e sexo) | E7: =Analise!$X$45 -> 0 | F7: =Analise!$W$45 -> 0
A8: 5 | B8: SOMA | C8: 5 | D8: =Analise!V46 -> Mocidade (Conscin-jovem) | E8: =Analise!$X$46 -> 0 | F8: =Analise!$W$46 -> 0
A9: 6 | B9: SOMA | C9: 6 | D9: =Analise!V47 -> Psicomotricidade (Neurônios e massa muscular) | E9: =Analise!$X$47 -> 0 | F9: =Analise!$W$47 -> 0
A10: 7 | B10: SOMA | C10: 7 | D10: =Analise!V48 -> Escolaridade (Curriculo pessoal) | E10: =Analise!$X$48 -> 0 | F10: =Analise!$W$48 -> 0
A11: 8 | B11: SOMA | C11: 8 | D11: =Analise!V49 -> Compaternidade (Conscin e Família) | E11: =Analise!$X$49 -> 0 | F11: =Analise!$W$49 -> 0
A12: 9 | B12: SOMA | C12: 9 | D12: =Analise!V50 -> Convivialidade (Ligações cosmoéticas) | E12: =Analise!$X$50 -> 0 | F12: =Analise!$W$50 -> 0
A13: 10 | B13: SOMA | C13: 10 | D13: =Analise!V51 -> Longevidade (Terceira idade) | E13: =Analise!$X$51 -> 0 | F13: =Analise!$W$51 -> 0
A14: 11 | B14: =Analise!V53 -> BIOENERGÉTICA | C14: 11 | D14: =Analise!V54 -> Sensibilidade (Energias conscienciais) | E14: =Analise!$X$54 -> 0 | F14: =Analise!$W$54 -> 0
A15: 12 | B15: BIOENERGÉTICA | C15: 12 | D15: =Analise!V55 -> Sexochacralidade (Conscin e sexochacra) | E15: =Analise!$X$55 -> 0 | F15: =Analise!$W$55 -> 0
A16: 13 | B16: BIOENERGÉTICA | C16: 13 | D16: =Analise!V56 -> Vitalidade (Subcérebro abdominal) | E16: =Analise!$X$56 -> 0 | F16: =Analise!$W$56 -> 0
A17: 14 | B17: BIOENERGÉTICA | C17: 14 | D17: =Analise!V57 -> Aplicabilidade (Emprego das bioenergias) | E17: =Analise!$X$57 -> 0 | F17: =Analise!$W$57 -> 0
A18: 15 | B18: BIOENERGÉTICA | C18: 15 | D18: =Analise!V58 -> Frontochacralidade (Conscin e terceiro olho) | E18: =Analise!$X$58 -> 0 | F18: =Analise!$W$58 -> 0
A19: 16 | B19: BIOENERGÉTICA | C19: 16 | D19: =Analise!V59 -> Sanidade (Homeostase da conscin) | E19: =Analise!$X$59 -> 0 | F19: =Analise!$W$59 -> 0
A20: 17 | B20: BIOENERGÉTICA | C20: 17 | D20: =Analise!V60 -> Autodefensibilidade (Maturidade das profilaxias) | E20: =Analise!$X$60 -> 0 | F20: =Analise!$W$60 -> 0
A21: 18 | B21: BIOENERGÉTICA | C21: 18 | D21: =Analise!V61 -> Aquisitividade (Auto-apego e autodesapego) | E21: =Analise!$X$61 -> 0 | F21: =Analise!$W$61 -> 0
A22: 19 | B22: BIOENERGÉTICA | C22: 19 | D22: =Analise!V62 -> Desintoxidade (Autocompensações energéticas) | E22: =Analise!$X$62 -> 0 | F22: =Analise!$W$62 -> 0
A23: 20 | B23: BIOENERGÉTICA | C23: 20 | D23: =Analise!V63 -> Holochacralidade (Conscin e corpo energético) | E23: =Analise!$X$63 -> 0 | F23: =Analise!$W$63 -> 0
A24: 21 | B24: =Analise!V65 -> ANTIEMOCIONALIDADE | C24: 21 | D24: =Analise!V66 -> Anterior (Consciência pré-somática) | E24: =Analise!$X$66 -> 0 | F24: =Analise!$W$66 -> 0
A25: 22 | B25: ANTIEMOCIONALIDADE | C25: 22 | D25: =Analise!V67 -> Potencialidade (Coragem da consciência) | E25: =Analise!$X$67 -> 0 | F25: =Analise!$W$67 -> 0
A26: 23 | B26: ANTIEMOCIONALIDADE | C26: 23 | D26: =Analise!V68 -> Serenidade (Consciência e Serenismo) | E26: =Analise!$X$68 -> 0 | F26: =Analise!$W$68 -> 0
A27: 24 | B27: ANTIEMOCIONALIDADE | C27: 24 | D27: =Analise!V69 -> Cardiochacralidade (Emocionalidade dominante) | E27: =Analise!$X$69 -> 0 | F27: =Analise!$W$69 -> 0
A28: 25 | B28: ANTIEMOCIONALIDADE | C28: 25 | D28: =Analise!V70 -> Utilidade (Conscin e tempo livre) | E28: =Analise!$X$70 -> 0 | F28: =Analise!$W$70 -> 0
A29: 26 | B29: ANTIEMOCIONALIDADE | C29: 26 | D29: =Analise!V71 -> Profundidade (Auto-educação e superstições) | E29: =Analise!$X$71 -> 0 | F29: =Analise!$W$71 -> 0
A30: 27 | B30: ANTIEMOCIONALIDADE | C30: 27 | D30: =Analise!V72 -> Influenciabilidade (Conscin-satélite) | E30: =Analise!$X$72 -> 0 | F30: =Analise!$W$72 -> 0
A31: 28 | B31: ANTIEMOCIONALIDADE | C31: 28 | D31: =Analise!V73 -> Paraperceptibilidade (Animismo-parapsiquismo) | E31: =Analise!$X$73 -> 0 | F31: =Analise!$W$73 -> 0
A32: 29 | B32: ANTIEMOCIONALIDADE | C32: 29 | D32: =Analise!V74 -> Transcendentalidade (Conscin e misticismo) | E32: =Analise!$X$74 -> 0 | F32: =Analise!$W$74 -> 0
A33: 30 | B33: ANTIEMOCIONALIDADE | C33: 30 | D33: =Analise!V75 -> Egocarmalidade (Conscin e egoísmo) | E33: =Analise!$X$75 -> 0 | F33: =Analise!$W$75 -> 0
A34: 31 | B34: =Analise!V77 -> RACIONALIDADE | C34: 31 | D34: =Analise!V78 -> Invulgaridade (Consciência e talentos) | E34: =Analise!$X$78 -> 0 | F34: =Analise!$W$78 -> 0
A35: 32 | B35: RACIONALIDADE | C35: 32 | D35: =Analise!V79 -> Racionalidade (Conscin e mentalsoma) | E35: =Analise!$X$79 -> 0 | F35: =Analise!$W$79 -> 0
A36: 33 | B36: RACIONALIDADE | C36: 33 | D36: =Analise!V80 -> Intelectualidade (Conscin e inteligências) | E36: =Analise!$X$80 -> 0 | F36: =Analise!$W$80 -> 0
A37: 34 | B37: RACIONALIDADE | C37: 34 | D37: =Analise!V81 -> Personalidade (Temperamento pessoal) | E37: =Analise!$X$81 -> 0 | F37: =Analise!$W$81 -> 0
A38: 35 | B38: RACIONALIDADE | C38: 35 | D38: =Analise!V82 -> Animicidade (Conscin e animismo) | E38: =Analise!$X$82 -> 0 | F38: =Analise!$W$82 -> 0
A39: 36 | B39: RACIONALIDADE | C39: 36 | D39: =Analise!V83 -> Megachacralidade (Porta consciencial) | E39: =Analise!$X$83 -> 0 | F39: =Analise!$W$83 -> 0
A40: 37 | B40: RACIONALIDADE | C40: 37 | D40: =Analise!V84 -> Imperturbalidade (Conscin e autocontrole) | E40: =Analise!$X$84 -> 0 | F40: =Analise!$W$84 -> 0
A41: 38 | B41: RACIONALIDADE | C41: 38 | D41: =Analise!V85 -> Sentimentalidade (Emocionalidade dominada) | E41: =Analise!$X$85 -> 0 | F41: =Analise!$W$85 -> 0
A42: 39 | B42: RACIONALIDADE | C42: 39 | D42: =Analise!V86 -> Maxiconsensualidade (Sabedoria de vanguarda) | E42: =Analise!$X$86 -> 0 | F42: =Analise!$W$86 -> 0
A43: 40 | B43: RACIONALIDADE | C43: 40 | D43: =Analise!V87 -> Cosmoconsciencialidade (Conscin e samádi) | E43: =Analise!$X$87 -> 0 | F43: =Analise!$W$87 -> 0
A44: 41 | B44: =Analise!V89 -> LIDERANÇA | C44: 41 | D44: =Analise!V90 -> Autoridade (Poder de condução) | E44: =Analise!$X$90 -> 0 | F44: =Analise!$W$90 -> 0
A45: 42 | B45: LIDERANÇA | C45: 42 | D45: =Analise!V91 -> Mentalidade (Poiliticologia auto-evolutiva) | E45: =Analise!$X$91 -> 0 | F45: =Analise!$W$91 -> 0
A46: 43 | B46: LIDERANÇA | C46: 43 | D46: =Analise!V92 -> Repercutibilidade (Liderança multidimensional) | E46: =Analise!$X$92 -> 0 | F46: =Analise!$W$92 -> 0
A47: 44 | B47: LIDERANÇA | C47: 44 | D47: =Analise!V93 -> Retratabilidade (Autojulgamentos públicos) | E47: =Analise!$X$93 -> 0 | F47: =Analise!$W$93 -> 0
A48: 45 | B48: LIDERANÇA | C48: 45 | D48: =Analise!V94 -> Antiofensividade (Emprego do perdão) | E48: =Analise!$X$94 -> 0 | F48: =Analise!$W$94 -> 0
A49: 46 | B49: LIDERANÇA | C49: 46 | D49: =Analise!V95 -> Antidispersividade (Maturidade dos desempenhos) | E49: =Analise!$X$95 -> 0 | F49: =Analise!$W$95 -> 0
A50: 47 | B50: LIDERANÇA | C50: 47 | D50: =Analise!V96 -> Produtividade (Megagestações conscienciais) | E50: =Analise!$X$96 -> 0 | F50: =Analise!$W$96 -> 0
A51: 48 | B51: LIDERANÇA | C51: 48 | D51: =Analise!V97 -> Continuidade (Mobilizações de consciencias) | E51: =Analise!$X$97 -> 0 | F51: =Analise!$W$97 -> 0
A52: 49 | B52: LIDERANÇA | C52: 49 | D52: =Analise!V98 -> Contemporaneidade (Conscin e época) | E52: =Analise!$X$98 -> 0 | F52: =Analise!$W$98 -> 0
A53: 50 | B53: LIDERANÇA | C53: 50 | D53: =Analise!V99 -> Humanidade (Conscin e mesologia) | E53: =Analise!$X$99 -> 0 | F53: =Analise!$W$99 -> 0
A54: 51 | B54: =Analise!V101 -> COMUNICABILIDADE | C54: 51 | D54: =Analise!V102 -> Sociabilidade (Contactos da consciência) | E54: =Analise!$X$102 -> 0 | F54: =Analise!$W$102 -> 0
A55: 52 | B55: COMUNICABILIDADE | C55: 52 | D55: =Analise!V103 -> Maxicomunicabilidade (Conscin e linguagem) | E55: =Analise!$X$103 -> 0 | F55: =Analise!$W$103 -> 0
A56: 53 | B56: COMUNICABILIDADE | C56: 53 | D56: =Analise!V104 -> Realidade (Conscin e simbologismos) | E56: =Analise!$X$104 -> 0 | F56: =Analise!$W$104 -> 0
A57: 54 | B57: COMUNICABILIDADE | C57: 54 | D57: =Analise!V105 -> Sintaxidade (Exposição das idéias) | E57: =Analise!$X$105 -> 0 | F57: =Analise!$W$105 -> 0
A58: 55 | B58: COMUNICABILIDADE | C58: 55 | D58: =Analise!V106 -> Fecundidade (Consciência e idéias) | E58: =Analise!$X$106 -> 0 | F58: =Analise!$W$106 -> 0
A59: 56 | B59: COMUNICABILIDADE | C59: 56 | D59: =Analise!V107 -> Reverificabilidade (Conscin e omniquestionamento) | E59: =Analise!$X$107 -> 0 | F59: =Analise!$W$107 -> 0
A60: 57 | B60: COMUNICABILIDADE | C60: 57 | D60: =Analise!V108 -> Esteticidade (Conscin e arte) | E60: =Analise!$X$108 -> 0 | F60: =Analise!$W$108 -> 0
A61: 58 | B61: COMUNICABILIDADE | C61: 58 | D61: =Analise!V109 -> Parapsiquismo (Intercâmbio multidimensional) | E61: =Analise!$X$109 -> 0 | F61: =Analise!$W$109 -> 0
A62: 59 | B62: COMUNICABILIDADE | C62: 59 | D62: =Analise!V110 -> Exotericidade (Conscin e abertismo) | E62: =Analise!$X$110 -> 0 | F62: =Analise!$W$110 -> 0
A63: 60 | B63: COMUNICABILIDADE | C63: 60 | D63: =Analise!V111 -> Opinacidade (Opinião para o público) | E63: =Analise!$X$111 -> 0 | F63: =Analise!$W$111 -> 0
A64: 61 | B64: =Analise!V113 -> PRIORIZAÇÃO | C64: 61 | D64: =Analise!V114 -> Liberdade (Conscin e livre arbítrio) | E64: =Analise!$X$114 -> 0 | F64: =Analise!$W$114 -> 0
A65: 62 | B65: PRIORIZAÇÃO | C65: 62 | D65: =Analise!V115 -> Maxiprioridade (Maturidade do livre arbítrio) | E65: =Analise!$X$115 -> 0 | F65: =Analise!$W$115 -> 0
A66: 63 | B66: PRIORIZAÇÃO | C66: 63 | D66: =Analise!V116 -> Operosidade (Trabalhos pessoais) | E66: =Analise!$X$116 -> 0 | F66: =Analise!$W$116 -> 0
A67: 64 | B67: PRIORIZAÇÃO | C67: 64 | D67: =Analise!V117 -> Economicidade (Conscin e cifrões) | E67: =Analise!$X$117 -> 0 | F67: =Analise!$W$117 -> 0
A68: 65 | B68: PRIORIZAÇÃO | C68: 65 | D68: =Analise!V118 -> Profissionalidade (Ocupação e subsistências) | E68: =Analise!$X$118 -> 0 | F68: =Analise!$W$118 -> 0
A69: 66 | B69: PRIORIZAÇÃO | C69: 66 | D69: =Analise!V119 -> Atividade (Maturidade das tarefas) | E69: =Analise!$X$119 -> 0 | F69: =Analise!$W$119 -> 0
A70: 67 | B70: PRIORIZAÇÃO | C70: 67 | D70: =Analise!V120 -> Cientificidade (Conscin e ciência) | E70: =Analise!$X$120 -> 0 | F70: =Analise!$W$120 -> 0
A71: 68 | B71: PRIORIZAÇÃO | C71: 68 | D71: =Analise!V121 -> Versatilidade (Universalismo intelectual) | E71: =Analise!$X$121 -> 0 | F71: =Analise!$W$121 -> 0
A72: 69 | B72: PRIORIZAÇÃO | C72: 69 | D72: =Analise!V122 -> Totalidade (Completude da vida) | E72: =Analise!$X$122 -> 0 | F72: =Analise!$W$122 -> 0
A73: 70 | B73: PRIORIZAÇÃO | C73: 70 | D73: =Analise!V123 -> Cosmoeticidade (Conscin e cosmoética) | E73: =Analise!$X$123 -> 0 | F73: =Analise!$W$123 -> 0
A74: 71 | B74: =Analise!V125 -> COERÊNCIA | C74: 71 | D74: =Analise!V126 -> Conexidade (Conscin e coerência) | E74: =Analise!$X$126 -> 0 | F74: =Analise!$W$126 -> 0
A75: 72 | B75: COERÊNCIA | C75: 72 | D75: =Analise!V127 -> Desrepressividade (Descondicionamento) | E75: =Analise!$X$127 -> 0 | F75: =Analise!$W$127 -> 0
A76: 73 | B76: COERÊNCIA | C76: 73 | D76: =Analise!V128 -> Responsabilidade (Conscin e ambigüidades) | E76: =Analise!$X$128 -> 0 | F76: =Analise!$W$128 -> 0
A77: 74 | B77: COERÊNCIA | C77: 74 | D77: =Analise!V129 -> Logicidade ( Hiperacuidade da conscin) | E77: =Analise!$X$129 -> 0 | F77: =Analise!$W$129 -> 0
A78: 75 | B78: COERÊNCIA | C78: 75 | D78: =Analise!V130 -> Criticidade (Conscin e críticas) | E78: =Analise!$X$130 -> 0 | F78: =Analise!$W$130 -> 0
A79: 76 | B79: COERÊNCIA | C79: 76 | D79: =Analise!V131 -> Objectividade (Teoria e vivência) | E79: =Analise!$X$131 -> 0 | F79: =Analise!$W$131 -> 0
A80: 77 | B80: COERÊNCIA | C80: 77 | D80: =Analise!V132 -> Veracidade (Palavras e ações) | E80: =Analise!$X$132 -> 0 | F80: =Analise!$W$132 -> 0
A81: 78 | B81: COERÊNCIA | C81: 78 | D81: =Analise!V133 -> Competitividade (Conscin e concorrência) | E81: =Analise!$X$133 -> 0 | F81: =Analise!$W$133 -> 0
A82: 79 | B82: COERÊNCIA | C82: 79 | D82: =Analise!V134 -> Assistencialidade (Senso de generosidade) | E82: =Analise!$X$134 -> 0 | F82: =Analise!$W$134 -> 0
A83: 80 | B83: COERÊNCIA | C83: 80 | D83: =Analise!V135 -> Equanimidade (Consciência de justiça) | E83: =Analise!$X$135 -> 0 | F83: =Analise!$W$135 -> 0
A84: 81 | B84: =Analise!V137 -> CONSCIENCIALIDADE | C84: 81 | D84: =Analise!V138 -> Consciencialidade (Consciência e Imortalidade) | E84: =Analise!$X$138 -> 0 | F84: =Analise!$W$138 -> 0
A85: 82 | B85: CONSCIENCIALIDADE | C85: 82 | D85: =Analise!V139 -> Identidade (Conscins e heranças) | E85: =Analise!$X$139 -> 0 | F85: =Analise!$W$139 -> 0
A86: 83 | B86: CONSCIENCIALIDADE | C86: 83 | D86: =Analise!V140 -> Antimaterialidade (Conscin e materialismos) | E86: =Analise!$X$140 -> 0 | F86: =Analise!$W$140 -> 0
A87: 84 | B87: CONSCIENCIALIDADE | C87: 84 | D87: =Analise!V141 -> Serialidade (Vidas sucessivas) | E87: =Analise!$X$141 -> 0 | F87: =Analise!$W$141 -> 0
A88: 85 | B88: CONSCIENCIALIDADE | C88: 85 | D88: =Analise!V142 -> Multidimensionalidade (Vida multidimensional) | E88: =Analise!$X$142 -> 0 | F88: =Analise!$W$142 -> 0
A89: 86 | B89: CONSCIENCIALIDADE | C89: 86 | D89: =Analise!V143 -> Imediatividade (Poderes materiais) | E89: =Analise!$X$143 -> 0 | F89: =Analise!$W$143 -> 0
A90: 87 | B90: CONSCIENCIALIDADE | C90: 87 | D90: =Analise!V144 -> Grupocarmalidade (Conscin e clã) | E90: =Analise!$X$144 -> 0 | F90: =Analise!$W$144 -> 0
A91: 88 | B91: CONSCIENCIALIDADE | C91: 88 | D91: =Analise!V145 -> Pacificidade (Conscin e antibelicismo) | E91: =Analise!$X$145 -> 0 | F91: =Analise!$W$145 -> 0
A92: 89 | B92: CONSCIENCIALIDADE | C92: 89 | D92: =Analise!V146 -> Interconsciencialidade (Famílias conscienciais) | E92: =Analise!$X$146 -> 0 | F92: =Analise!$W$146 -> 0
A93: 90 | B93: CONSCIENCIALIDADE | C93: 90 | D93: =Analise!V147 -> Policarmalidade (Carma universalizado) | E93: =Analise!$X$147 -> 0 | F93: =Analise!$W$147 -> 0
A94: 91 | B94: =Analise!V149 -> UNIVERSALIDADE | C94: 91 | D94: =Analise!V150 -> Maxifraternidade (Altruísmo deliberado) | E94: =Analise!$X$150 -> 0 | F94: =Analise!$W$150 -> 0
A95: 92 | B95: UNIVERSALIDADE | C95: 92 | D95: =Analise!V151 -> Apatricidade (Consciência e cidadania) | E95: =Analise!$X$151 -> 0 | F95: =Analise!$W$151 -> 0
A96: 93 | B96: UNIVERSALIDADE | C96: 93 | D96: =Analise!V152 -> Maxiuniversalidade (Conscin e anti-sectarismo) | E96: =Analise!$X$152 -> 0 | F96: =Analise!$W$152 -> 0
A97: 94 | B97: UNIVERSALIDADE | C97: 94 | D97: =Analise!V153 -> Autenticidade (Conscin e demagogias) | E97: =Analise!$X$153 -> 0 | F97: =Analise!$W$153 -> 0
A98: 95 | B98: UNIVERSALIDADE | C98: 95 | D98: =Analise!V154 -> Omnicooperatividade (Colaboração de vanguarda) | E98: =Analise!$X$154 -> 0 | F98: =Analise!$W$154 -> 0
A99: 96 | B99: UNIVERSALIDADE | C99: 96 | D99: =Analise!V155 -> Fitoconvivialidade (Conscin e flora) | E99: =Analise!$X$155 -> 0 | F99: =Analise!$W$155 -> 0
A100: 97 | B100: UNIVERSALIDADE | C100: 97 | D100: =Analise!V156 -> Zooconvivialidade (Conscin e fauna) | E100: =Analise!$X$156 -> 0 | F100: =Analise!$W$156 -> 0
...
